Workbook
Name yy: GeneralInfo!$S$1:$S$5
Name pre: GeneralInfo!$S$1:$S$3
Name half: GeneralInfo!$S$4:$S$5
Name AR: Banks!$AA$7

Sheet Index
E6: XBRL Excel Utility
E7: 1. | F7: Overview
E8: 2. | F8: Before you begin
E9: 3. | F9: Index
E10: 4. | F10: Import XBRL file
E11: 5. | F11: Steps for filing Shareholding Pattern
E12: 6. | F12: Fill up the Shareholding Pattern
D15: 1. Overview
D16: The excel utility can be used for creating the XBRL/XML file for efiling of shareholding pattern.
D17: Shareholding pattern XBRL filling consists of two processes. Firstly generation of XBRL/XML file of the Shareholding pattern, and upload of generated XBRL/XML file to BSE Listing Center.
D20: 2. Before you begin
D21: 1. The version of Microsoft Excel in your system should be Microsoft Office Excel 2007 and above.
D22: 2. The system should have a file compression software to unzip excel utility file.
D23: 3. Make sure that you have downloaded the latest Excel Utility from BSE Website to your local system.
D24: 4. Make sure that you have downloaded the Chrome Browser to view report generated from Excel utility
D25: 5. Please enable the Macros (if disabled) as per instructions given in manual, so that all the functionalities of Excel Utility works fine. Please first go through Enable Macro - Manual attached with zip file.
D28: 3. Index
D29: 1 | E29: Details of general information about company | J29: General Info
D30: 2 | E30: Declaration | J30: Declaration
D31: 3 | E31: Summary | J31: Summary
D32: 4 | E32: Shareholding Pattern | J32: Shareholding Pattern
D33: 5 | E33: Annexure B | J33: Annexure B
D36: 4. Import XBRL file
D37: 1. Now you can import and view previously generated XBRL files by clicking Import XBRL button on Genenral information sheet.
D41: 5. Steps for Filing Shareholding Pattern
D42: I. Fill up the data: Navigate to each field of every section in the sheet to provide applicable data in correct format. (Formats will get reflected while filling data.) - Use paste special command to paste data from other sheet.
D43: II. Validating Sheets: Click on the ''Validate " button to ensure that the sheet has been properly filled and also data has been furnished in proper format. If there are some errors on the sheet, excel utility will prompt you about the same.
D44: III. Validate All Sheets: Click on the ''Home" button. And then click on "Validate All Sheet" button to ensure that all sheets has been properly filled and validated successfully. If there are some errors on the sheet, excel utility will prompt you about the same and stop validation at the same time. After correction, once again follow the same procedure to validate all sheets.
D45: Excel Utility will not allow you to generate XBRL/XML until you rectify all errors.
D46: IV. Generate XML : Excel Utility will not allow you to generate XBRL/XML unless successful validation of all sheet is completed. Now click on 'Generate XML'' to generate XBRL/XML file. - Save the XBRL/XML file in your desired folder in local system.
D47: V. Generate Report : Excel Utility will allow you to generate Report. Now click on 'Generate Report'' to generate html report. - Save the HTML Report file in your desired folder in local system. - To view HTML Report open "Chrome Web Browser" . - To print report in PDF Format, Click on print button and save as PDF.
D48: VI. Upload XML file to BSE Listing Center: For uploading the XBRL/XML file generated through Utility, login to BSE Listing Center and upload generated xml file. On Upload screen provide the required information and browse to select XML file and submit the XML.
D51: 6. Fill up the Shareholding Pattern
D52: 1. Cells with red fonts indicate mandatory fields.
... D60: 9. Adding Notes: Click on "Add Notes" button to add notes

Sheet GeneralInfo
R1: Equity Shares | S1: Pre-listing | T1: June | U1: Yes | W1: Pre-listing
R2: Preference Shares | S2: Quarterly | T2: September | U2: No | W2: Capital Restructuring
R3: Differential Voting Rights | S3: Capital Restructuring | T3: December | W3: Half yearly
S4: Half yearly | T4: March | W4: Yearly
E5: General information about company | S5: Yearly
E6: Scrip code | F6: 535719
E7: NSE Symbol | M7: Regulation 31 (1) (a) | X7: Yes
E8: MSEI Symbol | M8: Regulation 31 (1) (b) | X8: No
E9: ISIN | F9: INE989J01017 | M9: Regulation 31 (1) (c)
E10: Name of the company | F10: QUEST SOFTECH INDIA LTD | M10: Regulation 31 (1)
E11: Whether company is SME | F11: No
E12: Class of Security | F12: Equity Shares
E13: Type of report | F13: Quarterly
E14: Quarter Ended / Half year ended/Date of Report (For Prelisting / Allotment) | F14: 30-09-2022
E15: Date of allotment / extinguishment (in case Capital Restructuring selected) / Listing Date
E16: Shareholding pattern filed under | F16: =IF(F13=S1,M7,IF(F13=S2,M8,IF(F13=S3,M9,IF(F13=S4,M8,IF(F13=S5,M8,""))))) -> Regulation 31 (1) (b)
E17: Whether the listed entity is Public Sector Undertaking (PSU)? | F17: No

Sheet Declaration
A1: Micro@213Vista | T1: Micro@213Vista | U1: Yes
U2: No
D8: Sr. No. | E8: Particular | F8: Yes/No | G8: Promoter and Promoter Group | H8: Public shareholder | I8: Non Promoter- Non Public
D9: 1 | E9: Whether the Listed Entity has issued any partly paid up shares? | F9: No | G9: No | H9: No | I9: No | M9: 1 | N9: 1 | O9: 1 | P9: 1 | R9: Partly Paid Up Shares | S9: Partly Paid Up Shares PPG | T9: Partly Paid Up Shares Public | U9: Partly Paid Up Shares NPNP
D10: 2 | E10: Whether the Listed Entity has issued any Convertible Securities ? | F10: No | G10: No | H10: No | I10: No | M10: 1 | N10: 1 | O10: 1 | P10: 1 | R10: Convertible Securities | S10: Convertible Securities PPG | T10: Convertible Securities Public | U10: Convertible Securities NPNP
D11: 3 | E11: Whether the Listed Entity has issued any Warrants ? | F11: No | G11: No | H11: No | I11: No | M11: 1 | N11: 1 | O11: 1 | P11: 1 | R11: Warrants | S11: Warrants PPG | T11: Warrants Public | U11: Warrants NPNP
D12: 4 | E12: Whether the Listed Entity has any shares against which depository receipts are issued? | F12: No | G12: No | H12: No | I12: No | M12: 1 | N12: 1 | O12: 1 | P12: 1 | R12: Depository Receipts | S12: Depository Receipts PPG | T12: Depository Receipts Public | U12: Depository Receipts NPNP
D13: 5 | E13: Whether the Listed Entity has any shares in locked-in? | F13: No | G13: No | H13: No | I13: No | M13: 1 | N13: 1 | O13: 1 | P13: 1 | R13: Locked In | S13: Locked In PPG | T13: Locked In Public | U13: Locked In NPNP
D14: 6 | E14: Whether any shares held by promoters are pledge or otherwise encumbered? | F14: No | G14: No | M14: 1 | N14: 1 | O14: 0 | P14: 0 | R14: Pledge Or Otherwise Encumbered | S14: Pledge Or Otherwise Encumbered PPG | T14: Pledge Or Otherwise Encumbered Public | U14: Pledge Or Otherwise Encumbered NPNP
D15: 7 | E15: Whether company has equity shares with differential voting rights? | F15: No | G15: No | H15: No | I15: No | M15: 1 | N15: 1 | O15: 1 | P15: 1 | R15: Voting Rights | S15: Voting Rights PPG | T15: Voting Rights Public | U15: Voting Rights NPNP
D16: 8 | E16: Whether the listed entity has any significant beneficial owner? | F16: Yes | R16: Whether the listed entity has any significant beneficial owner?

Sheet Summary
G2: Number of shareholders | H2: Number of fully paid up equity shares | I2: Number of partly paid-up equity shares | J2: Number of shares underlying outstanding depository receipts | K2: Total number of shares | L2: Shareholding as a percentage of total number of shares held by promoters and public shareholders and custodians or DR holders | M2: Number of voting rights held by same class of securities | N2: Number of voting rights held by differential voting rights | O2: Total Number of voting rights | P2: Percentage of total number of voting rights | Q2: Number of shares underlying outstanding convertible securities | R2: Number of warrant | S2: Total shareholding as a percentage assuming full conversion of convertible securities | T2: Total shareholding as a percentage assuming full conversion of convertible securities | U2: Number of the locked-in-shares | V2: Locked-in-shares as a percentage of total number of shares | W2: Pledged or encumbered - number of shares | X2: Pledged or encumbered shares held as percentage of total number of shares | Y2: Number of equity shares held in dematerialized form | Z2: Number of share under sub category one | AA2: Number of share under sub category two | AB2: Number of share under sub category three
E8: Table I - Summary Statement holding of specified securities
E9: Note : Data will be automatically populated from shareholding pattern sheet - Data Entry Restricted in this sheet
E10: Category (I) | F10: Category of shareholder (II) | G10: Nos. Of shareholders (III) | H10: No. of fully paid up equity shares held (IV) | I10: No. Of Partly paid-up equity shares held (V) | J10: No. Of shares underlying Depository Receipts (VI) | K10: Total nos. shares held (VII) = (IV)+(V)+ (VI) | L10: Shareholding as a % of total no. of shares (calculated as per SCRR, 1957) (VIII) As a % of (A+B+C2) | M10: Number of Voting Rights held in each class of securities (IX) | Q10: No. Of Shares Underlying Outstanding convertible securities (X) | R10: No. of Shares Underlying Outstanding Warrants (Xi) | S10: No. Of Shares Underlying Outstanding convertible securities and No. Of Warrants (Xi) (a) | T10: Shareholding , as a % assuming full conversion of convertible securities ( as a percentage of diluted share capital) (XI)= (VII)+(X) As a % of (A+B+C2) | U10: Number of Locked in shares (XII) | W10: Number of Shares pledged or otherwise encumbered (XIII) | Y10: Number of equity shares held in dematerialized form (XIV) | Z10: Sub-categorization of shares
M11: No of Voting (XIV) Rights | P11: Total as a % of (A+B+C) | Z11: Shareholding (No. of shares) under
M12: Class eg: X | N12: Class eg:y | O12: Total | U12: No. (a) | V12: As a % of total Shares held (b) | W12: No. (a) | X12: As a % of total Shares held (b) | Z12: Sub-category (i) | AA12: Sub-category (ii) | AB12: Sub-category (iii)
C13: 3 | E13: (A) | F13: Promoter & Promoter Group | G13: =+IFERROR(IF(COUNT('Shareholding Pattern'!H26),('Shareholding Pattern'!H26),""),"") -> 3 | H13: =+IFERROR(IF(COUNT('Shareholding Pattern'!I26),('Shareholding Pattern'!I26),""),"") -> 4381397 | I13: =+IFERROR(IF(COUNT('Shareholding Pattern'!J26),('Shareholding Pattern'!J26),""),"") | J13: =+IFERROR(IF(COUNT('Shareholding Pattern'!K26),('Shareholding Pattern'!K26),""),"") | K13: =+IFERROR(IF(COUNT('Shareholding Pattern'!L26),('Shareholding Pattern'!L26),""),"") -> 4381397 | L13: =+IFERROR(IF(COUNT('Shareholding Pattern'!M26),('Shareholding Pattern'!M26),""),"") -> 43.81 | M13: =+IFERROR(IF(COUNT('Shareholding Pattern'!N26),('Shareholding Pattern'!N26),""),"") -> 4381397 | N13: =+IFERROR(IF(COUNT('Shareholding Pattern'!O26),('Shareholding Pattern'!O26),""),"") | ... Y13: =+IFERROR(IF(COUNT('Shareholding Pattern'!Z26),('Shareholding Pattern'!Z26),""),"") -> 4381397
C14: 6549 | E14: (B) | F14: Public | G14: =+IFERROR(IF(COUNT('Shareholding Pattern'!H71),('Shareholding Pattern'!H71),""),"") -> 6549 | H14: =+IFERROR(IF(COUNT('Shareholding Pattern'!I71),('Shareholding Pattern'!I71),""),"") -> 5618603 | I14: =+IFERROR(IF(COUNT('Shareholding Pattern'!J71),('Shareholding Pattern'!J71),""),"") | J14: =+IFERROR(IF(COUNT('Shareholding Pattern'!K71),('Shareholding Pattern'!K71),""),"") | K14: =+IFERROR(IF(COUNT('Shareholding Pattern'!L71),('Shareholding Pattern'!L71),""),"") -> 5618603 | L14: =+IFERROR(IF(COUNT('Shareholding Pattern'!M71),('Shareholding Pattern'!M71),""),"") -> 56.19 | M14: =+IFERROR(IF(COUNT('Shareholding Pattern'!N71),('Shareholding Pattern'!N71),""),"") -> 5618603 | N14: =+IFERROR(IF(COUNT('Shareholding Pattern'!O71),('Shareholding Pattern'!O71),""),"") | ... V14: =+IFERROR(IF(COUNT('Shareholding Pattern'!W71),('Shareholding Pattern'!W71),""),"") | Y14: =+IFERROR(IF(COUNT('Shareholding Pattern'!Z71),('Shareholding Pattern'!Z71),""),"") -> 5218046 | Z14: =+IFERROR(IF(COUNT('Shareholding Pattern'!AA71),('Shareholding Pattern'!AA71),""),"") -> 0 | AA14: =+IFERROR(IF(COUNT('Shareholding Pattern'!AB71),('Shareholding Pattern'!AB71),""),"") -> 0 | AB14: =+IFERROR(IF(COUNT('Shareholding Pattern'!AC71),('Shareholding Pattern'!AC71),""),"") -> 0
E15: (C) | F15: Non Promoter- Non Public | G15: =+IFERROR(IF(COUNT('Shareholding Pattern'!H77),('Shareholding Pattern'!H77),""),"") | H15: =+IFERROR(IF(COUNT('Shareholding Pattern'!I77),('Shareholding Pattern'!I77),""),"") | I15: =+IFERROR(IF(COUNT('Shareholding Pattern'!J77),('Shareholding Pattern'!J77),""),"") | J15: =+IFERROR(IF(COUNT('Shareholding Pattern'!K77),('Shareholding Pattern'!K77),""),"") | K15: =+IFERROR(IF(COUNT('Shareholding Pattern'!L77),('Shareholding Pattern'!L77),""),"") | M15: =+IFERROR(IF(COUNT('Shareholding Pattern'!N77),('Shareholding Pattern'!N77),""),"") | N15: =+IFERROR(IF(COUNT('Shareholding Pattern'!O77),('Shareholding Pattern'!O77),""),"") | O15: =+IFERROR(IF(COUNT('Shareholding Pattern'!P77),('Shareholding Pattern'!P77),""),"") | P15: =+IFERROR(IF(COUNT('Shareholding Pattern'!Q77),('Shareholding Pattern'!Q77),""),"") | Q15: =+IFERROR(IF(COUNT('Shareholding Pattern'!R77),('Shareholding Pattern'!R77),""),"") | R15: =+IFERROR(IF(COUNT('Shareholding Pattern'!S77),('Shareholding Pattern'!S77),""),"") | S15: =+IFERROR(IF(COUNT('Shareholding Pattern'!T77),('Shareholding Pattern'!T77),""),"") | U15: =+IFERROR(IF(COUNT('Shareholding Pattern'!V77),('Shareholding Pattern'!V77),""),"") | V15: =+IFERROR(IF(COUNT('Shareholding Pattern'!W77),('Shareholding Pattern'!W77),""),"") | Y15: =+IFERROR(IF(COUNT('Shareholding Pattern'!Z77),('Shareholding Pattern'!Z77),""),"")
E16: (C1) | F16: Shares underlying DRs | G16: =+IFERROR(IF(COUNT('Shareholding Pattern'!H75),('Shareholding Pattern'!H75),""),"") | H16: =+IFERROR(IF(COUNT('Shareholding Pattern'!I75),('Shareholding Pattern'!I75),""),"") | I16: =+IFERROR(IF(COUNT('Shareholding Pattern'!J75),('Shareholding Pattern'!J75),""),"") | J16: =+IFERROR(IF(COUNT('Shareholding Pattern'!K75),('Shareholding Pattern'!K75),""),"") | K16: =+IFERROR(IF(COUNT('Shareholding Pattern'!L75),('Shareholding Pattern'!L75),""),"") | M16: =+IFERROR(IF(COUNT('Shareholding Pattern'!N75),('Shareholding Pattern'!N75),""),"") | N16: =+IFERROR(IF(COUNT('Shareholding Pattern'!O75),('Shareholding Pattern'!O75),""),"") | O16: =+IFERROR(IF(COUNT('Shareholding Pattern'!P75),('Shareholding Pattern'!P75),""),"") | P16: =+IFERROR(IF(COUNT('Shareholding Pattern'!Q75),('Shareholding Pattern'!Q75),""),"") | Q16: =+IFERROR(IF(COUNT('Shareholding Pattern'!R75),('Shareholding Pattern'!R75),""),"") | R16: =+IFERROR(IF(COUNT('Shareholding Pattern'!S75),('Shareholding Pattern'!S75),""),"") | S16: =+IFERROR(IF(COUNT('Shareholding Pattern'!T75),('Shareholding Pattern'!T75),""),"") | U16: =+IFERROR(IF(COUNT('Shareholding Pattern'!V75),('Shareholding Pattern'!V75),""),"") | V16: =+IFERROR(IF(COUNT('Shareholding Pattern'!W75),('Shareholding Pattern'!W75),""),"") | Y16: =+IFERROR(IF(COUNT('Shareholding Pattern'!Z75),('Shareholding Pattern'!Z75),""),"")
E17: (C2) | F17: Shares held by Employee Trusts | G17: =+IFERROR(IF(COUNT('Shareholding Pattern'!H76),('Shareholding Pattern'!H76),""),"") | H17: =+IFERROR(IF(COUNT('Shareholding Pattern'!I76),('Shareholding Pattern'!I76),""),"") | I17: =+IFERROR(IF(COUNT('Shareholding Pattern'!J76),('Shareholding Pattern'!J76),""),"") | J17: =+IFERROR(IF(COUNT('Shareholding Pattern'!K76),('Shareholding Pattern'!K76),""),"") | K17: =+IFERROR(IF(COUNT('Shareholding Pattern'!L76),('Shareholding Pattern'!L76),""),"") | L17: =+IFERROR(IF(COUNT('Shareholding Pattern'!M76),('Shareholding Pattern'!M76),""),"") | M17: =+IFERROR(IF(COUNT('Shareholding Pattern'!N76),('Shareholding Pattern'!N76),""),"") | N17: =+IFERROR(IF(COUNT('Shareholding Pattern'!O76),('Shareholding Pattern'!O76),""),"") | ... V17: =+IFERROR(IF(COUNT('Shareholding Pattern'!W76),('Shareholding Pattern'!W76),""),"") | Y17: =+IFERROR(IF(COUNT('Shareholding Pattern'!Z76),('Shareholding Pattern'!Z76),""),"")
F18: Total | G18: =+IFERROR(IF(COUNT('Shareholding Pattern'!H79),('Shareholding Pattern'!H79),""),"") -> 6552 | H18: =+IFERROR(IF(COUNT('Shareholding Pattern'!I79),('Shareholding Pattern'!I79),""),"") -> 10000000 | I18: =+IFERROR(IF(COUNT('Shareholding Pattern'!J79),('Shareholding Pattern'!J79),""),"") | J18: =+IFERROR(IF(COUNT('Shareholding Pattern'!K79),('Shareholding Pattern'!K79),""),"") | K18: =+IFERROR(IF(COUNT('Shareholding Pattern'!L79),('Shareholding Pattern'!L79),""),"") -> 10000000 | L18: =+IFERROR(IF(COUNT('Shareholding Pattern'!M79),('Shareholding Pattern'!M79),""),"") -> 100 | M18: =+IFERROR(IF(COUNT('Shareholding Pattern'!N79),('Shareholding Pattern'!N79),""),"") -> 10000000 | N18: =+IFERROR(IF(COUNT('Shareholding Pattern'!O79),('Shareholding Pattern'!O79),""),"") | ... AB18: =+IFERROR(IF(COUNT('Shareholding Pattern'!AC79),('Shareholding Pattern'!AC79),""),"") -> 0

Sheet Shareholding Pattern
H2: Number of shareholders | I2: Number of fully paid up equity shares | J2: Number of partly paid-up equity shares | K2: Number of shares underlying outstanding depository receipts | L2: Total number of shares | M2: Shareholding as a percentage of total number of shares held by promoters and public shareholders and custodians or DR holders | N2: Number of voting rights held by same class of securities | O2: Number of voting rights held by differential voting rights | P2: Total Number of voting rights | Q2: Percentage of total number of voting rights | R2: Number of shares underlying outstanding convertible securities | S2: Number of warrant | T2: Number of warrant and convertible securities | U2: Total shareholding as a percentage assuming full conversion of convertible securities | V2: Number of the locked-in-shares | W2: Locked-in-shares as a percentage of total number of shares | X2: Pledged or encumbered - number of shares | Y2: Pledged or encumbered shares held as percentage of total number of shares | Z2: Number of equity shares held in dematerialized form | AA2: Number of share under sub category one | AB2: Number of share under sub category two | AC2: Number of share under sub category three
E9: Sr. | F9: Category & Name of the Shareholders (I) | H9: Nos. Of shareholders (III) | I9: No. of fully paid up equity shares held (IV) | J9: No. Of Partly paid-up equity shares held (V) | K9: No. Of shares underlying Depository Receipts (VI) | L9: Total nos. shares held (VII) = (IV)+(V)+ (VI) | M9: Shareholding as a % of total no. of shares (calculated as per SCRR, 1957) (VIII) As a % of (A+B+C2) | N9: Number of Voting Rights held in each class of securities (IX) | R9: No. Of Shares Underlying Outstanding convertible securities (X) | S9: No. of Shares Underlying Outstanding Warrants (Xi) | T9: No. Of Shares Underlying Outstanding convertible securities and No. Of Warrants (Xi) (a) | U9: Shareholding , as a % assuming full conversion of convertible securities ( as a percentage of diluted share capital) (XI)= (VII)+(X) As a % of (A+B+C2) | V9: Number of Locked in shares (XII) | X9: Number of Shares pledged or otherwise encumbered (XIII) | Z9: Number of equity shares held in dematerialized form (XIV) | AA9: Sub-categorization of shares
N10: No of Voting (XIV) Rights | Q10: Total as a % of Total Voting rights | AA10: Shareholding (No. of shares) under
N11: Class eg: X | O11: Class eg:y | P11: Total | V11: No. (a) | W11: As a % of total Shares held (b) | X11: No. (a) | Y11: As a % of total Shares held (b) | AA11: Sub-category (i) | AB11: Sub-category (ii) | AC11: Sub-category (iii)
E12: A | F12: Table II - Statement showing shareholding pattern of the Promoter and Promoter Group
E13: (1) | F13: Indian
E14: (a) | F14: Individuals/Hindu undivided Family | H14: 1 | I14: 30953 | J14: =+IF(COUNT(IndHUF!I17),IndHUF!I17,"") | K14: =+IF(COUNT(IndHUF!J17),IndHUF!J17,"") | L14: 30953 | M14: =+IFERROR(IF(COUNT(L14),ROUND(L14/'Shareholding Pattern'!$L$78*100,2),""),0) -> 0.31 | N14: 30953 | O14: =+IF(COUNT(+IndHUF!N17),SUM(+IndHUF!N17),"") | P14: 30953 | Q14: 0.31 | R14: =+IF(COUNT(IndHUF!Q17),IndHUF!Q17,"") | S14: =+IF(COUNT(IndHUF!R17),IndHUF!R17,"") | T14: =+IF(COUNT(IndHUF!S17),IndHUF!S17,"") | U14: =+IFERROR(IF(COUNT(L14,T14),ROUND(SUM(L14,T14)/SUM('Shareholding Pattern'!$L$78,'Shareholding Pattern'!$T$78)*100,2),""),0) -> 0.31 | V14: =+IF(COUNT(IndHUF!U17),IndHUF!U17,"") | W14: =+IFERROR(IF(COUNT(V14),ROUND(SUM(V14)/SUM(L14)*100,2),""),0) | X14: =+IF(COUNT(IndHUF!W17),IndHUF!W17,"") | Y14: =+IFERROR(IF(COUNT(X14),ROUND(SUM(X14)/SUM(L14)*100,2),""),0) | Z14: 30953 | AR14: Individuals or Hindu undivided family [Member] | AX14: IndHUF | AZ14: IndividualsOrHUFDomain | BF14: DetailsSharesHeldByIndividualsOrHUFAxis
E15: (b) | F15: Central Government/ State Government(s) | H15: =IFERROR(IF(COUNT(CGAndSG!$AD$13),IF(CGAndSG!$AD$13=0,"0",CGAndSG!$AD$13),""),"") | I15: =IFERROR(IF(COUNT(CGAndSG!H16),(CGAndSG!H16),""),"") | J15: =IFERROR(IF(COUNT(CGAndSG!I16),(CGAndSG!I16),""),"") | K15: =IFERROR(IF(COUNT(CGAndSG!J16),(CGAndSG!J16),""),"") | L15: =IFERROR(IF(COUNT(CGAndSG!K16),(CGAndSG!K16),""),"") | M15: =+IFERROR(IF(COUNT(L15),ROUND(L15/'Shareholding Pattern'!$L$78*100,2),""),0) | N15: =IFERROR(IF(COUNT(CGAndSG!M16),(CGAndSG!M16),""),"") | O15: =IFERROR(IF(COUNT(CGAndSG!N16),(CGAndSG!N16),""),"") | P15: =IFERROR(IF(COUNT(CGAndSG!O16),(CGAndSG!O16),""),"") | Q15: =IFERROR(IF(COUNT(CGAndSG!P16),(CGAndSG!P16),""),0) | R15: =IFERROR(IF(COUNT(CGAndSG!Q16),(CGAndSG!Q16),""),"") | S15: =IFERROR(IF(COUNT(CGAndSG!R16),(CGAndSG!R16),""),"") | T15: =IFERROR(IF(COUNT(CGAndSG!S16),(CGAndSG!S16),""),"") | U15: =+IFERROR(IF(COUNT(L15,T15),ROUND(SUM(L15,T15)/SUM('Shareholding Pattern'!$L$78,'Shareholding Pattern'!$T$78)*100,2),""),0) | V15: =IFERROR(IF(COUNT(CGAndSG!U16),(CGAndSG!U16),""),"") | W15: =+IFERROR(IF(COUNT(V15),ROUND(SUM(V15)/SUM(L15)*100,2),""),0) | X15: =IFERROR(IF(COUNT(CGAndSG!W16),(CGAndSG!W16),""),"") | Y15: =+IFERROR(IF(COUNT(X15),ROUND(SUM(X15)/SUM(L15)*100,2),""),0) | Z15: =IFERROR(IF(COUNT(CGAndSG!Y16),(CGAndSG!Y16),""),"") | AR15: Central government or State government(s) [Member] | AX15: CGAndSG | AZ15: CentralGovernmentOrStateGovernmentsDomain | BF15: DetailsOfSharesHeldByCentralGovernmentOrStateGovernmentsAxis
E16: (c) | F16: Financial Institutions/ Banks | H16: =IFERROR(IF(COUNT(Banks!$AD$13),IF(Banks!$AD$13=0,"0",Banks!$AD$13),""),"") | I16: =IFERROR(IF(COUNT(Banks!H16),(Banks!H16),""),"") | J16: =IFERROR(IF(COUNT(Banks!I16),(Banks!I16),""),"") | K16: =IFERROR(IF(COUNT(Banks!J16),(Banks!J16),""),"") | L16: =IFERROR(IF(COUNT(Banks!K16),(Banks!K16),""),"") | M16: =+IFERROR(IF(COUNT(L16),ROUND(L16/'Shareholding Pattern'!$L$78*100,2),""),0) | N16: =IFERROR(IF(COUNT(Banks!M16),(Banks!M16),""),"") | O16: =IFERROR(IF(COUNT(Banks!N16),(Banks!N16),""),"") | P16: =IFERROR(IF(COUNT(Banks!O16),(Banks!O16),""),"") | Q16: =IFERROR(IF(COUNT(Banks!P16),(Banks!P16),""),0) | R16: =IFERROR(IF(COUNT(Banks!Q16),(Banks!Q16),""),"") | S16: =IFERROR(IF(COUNT(Banks!R16),(Banks!R16),""),"") | T16: =IFERROR(IF(COUNT(Banks!S16),(Banks!S16),""),"") | U16: =+IFERROR(IF(COUNT(L16,T16),ROUND(SUM(L16,T16)/SUM('Shareholding Pattern'!$L$78,'Shareholding Pattern'!$T$78)*100,2),""),0) | V16: =IFERROR(IF(COUNT(Banks!U16),(Banks!U16),""),"") | W16: =+IFERROR(IF(COUNT(V16),ROUND(SUM(V16)/SUM(L16)*100,2),""),0) | X16: =IFERROR(IF(COUNT(Banks!W16),(Banks!W16),""),"") | Y16: =+IFERROR(IF(COUNT(X16),ROUND(SUM(X16)/SUM(L16)*100,2),""),0) | Z16: =IFERROR(IF(COUNT(Banks!Y16),(Banks!Y16),""),"") | AR16: Indian - financial institutions or banks [Member] | AX16: Banks | AZ16: IndianFinancialInstitutionsOrBanksDomain | BF16: DetailsOfSharesHeldByIndianFinancialInstitutionsOrBanksAxis
E17: (d) | F17: Any Other (specify) | H17: 2 | I17: 4350444 | J17: =IFERROR(IF(COUNT(OtherIND!K18),(OtherIND!K18),""),"") | K17: =IFERROR(IF(COUNT(OtherIND!L18),(OtherIND!L18),""),"") | L17: 4350444 | M17: =+IFERROR(IF(COUNT(L17),ROUND(L17/'Shareholding Pattern'!$L$78*100,2),""),0) -> 43.5 | N17: 4350444 | O17: =IFERROR(IF(COUNT(OtherIND!P18),(OtherIND!P18),""),"") | P17: 4350444 | Q17: 43.5 | R17: =IFERROR(IF(COUNT(OtherIND!S18),(OtherIND!S18),""),"") | S17: =IFERROR(IF(COUNT(OtherIND!T18),(OtherIND!T18),""),"") | T17: =IFERROR(IF(COUNT(OtherIND!U18),(OtherIND!U18),""),"") | U17: =+IFERROR(IF(COUNT(L17,T17),ROUND(SUM(L17,T17)/SUM('Shareholding Pattern'!$L$78,'Shareholding Pattern'!$T$78)*100,2),""),0) -> 43.5 | V17: =IFERROR(IF(COUNT(OtherIND!W18),(OtherIND!W18),""),"") | W17: =+IFERROR(IF(COUNT(V17),ROUND(SUM(V17)/SUM(L17)*100,2),""),0) | X17: =IFERROR(IF(COUNT(OtherIND!Y18),(OtherIND!Y18),""),"") | Y17: =+IFERROR(IF(COUNT(X17),ROUND(SUM(X17)/SUM(L17)*100,2),""),0) | Z17: 4350444 | AR17: Other Indian shareholders [Member] | AX17: OtherIND | AZ17: OthersIndianShareholdersDomain | BF17: DetailsOfSharesHeldByOthersIndianShareholdersAxis
E18: Sub-Total (A)(1) | H18: =+IFERROR(IF(COUNT(H14:H17),ROUND(SUM(H14:H17),0),""),"") -> 3 | I18: =+IFERROR(IF(COUNT(I14:I17),ROUND(SUM(I14:I17),0),""),"") -> 4381397 | J18: =+IFERROR(IF(COUNT(J14:J17),ROUND(SUM(J14:J17),0),""),"") | K18: =+IFERROR(IF(COUNT(K14:K17),ROUND(SUM(K14:K17),0),""),"") | L18: =+IFERROR(IF(COUNT(L14:L17),ROUND(SUM(L14:L17),0),""),"") -> 4381397 | M18: =+IFERROR(IF(COUNT(L18),ROUND(L18/'Shareholding Pattern'!$L$78*100,2),""),0) -> 43.81 | N18: =+IFERROR(IF(COUNT(N14:N17),ROUND(SUM(N14:N17),0),""),"") -> 4381397 | O18: =+IFERROR(IF(COUNT(O14:O17),ROUND(SUM(O14:O17),0),""),"") | P18: =+IFERROR(IF(COUNT(P14:P17),ROUND(SUM(P14:P17),0),""),"") -> 4381397 | Q18: =IFERROR(IF(COUNT(P18),ROUND(P18/$P$79*100,2),""),0) -> 43.81 | R18: =+IFERROR(IF(COUNT(R14:R17),ROUND(SUM(R14:R17),0),""),"") | S18: =+IFERROR(IF(COUNT(S14:S17),ROUND(SUM(S14:S17),0),""),"") | T18: =+IFERROR(IF(COUNT(T14:T17),ROUND(SUM(T14:T17),0),""),"") | U18: =+IFERROR(IF(COUNT(L18,T18),ROUND(SUM(L18,T18)/SUM('Shareholding Pattern'!$L$78,'Shareholding Pattern'!$T$78)*100,2),""),0) -> 43.81 | V18: =+IFERROR(IF(COUNT(V14:V17),ROUND(SUM(V14:V17),0),""),"") | W18: =+IFERROR(IF(COUNT(V18),ROUND(SUM(V18)/SUM(L18)*100,2),""),0) | X18: =+IFERROR(IF(COUNT(X14:X17),ROUND(SUM(X14:X17),0),""),"") | Y18: =+IFERROR(IF(COUNT(X18),ROUND(SUM(X18)/SUM(L18)*100,2),""),0) | Z18: =+IFERROR(IF(COUNT(Z14:Z17),ROUND(SUM(Z14:Z17),0),""),"") -> 4381397 | AR18: Indian [Member] | AX18: Individuals | AZ18: NonResidentIndividualsOrForeignIndividualsDomain | BF18: DetailsOfSharesHeldByNonResidentIndividualsOrForeignIndividualsAxis
E19: (2) | F19: Foreign | AX19: Government | AZ19: ForeignGovernmentDomain | BF19: DetailsOfSharesHeldByForeignGovernmentAxis
E20: (a) | F20: Individuals (NonResident Individuals/ Foreign Individuals) | H20: =IFERROR(IF(COUNT(Individuals!$AD$13),IF(Individuals!$AD$13=0,"0",Individuals!$AD$13),""),"") | I20: =IFERROR(IF(COUNT(Individuals!H16),(Individuals!H16),""),"") | J20: =IFERROR(IF(COUNT(Individuals!I16),(Individuals!I16),""),"") | K20: =IFERROR(IF(COUNT(Individuals!J16),(Individuals!J16),""),"") | L20: =IFERROR(IF(COUNT(Individuals!K16),(Individuals!K16),""),"") | M20: =+IFERROR(IF(COUNT(L20),ROUND(L20/'Shareholding Pattern'!$L$78*100,2),""),0) | N20: =IFERROR(IF(COUNT(Individuals!M16),(Individuals!M16),""),"") | O20: =IFERROR(IF(COUNT(Individuals!N16),(Individuals!N16),""),"") | P20: =IFERROR(IF(COUNT(Individuals!O16),(Individuals!O16),""),"") | Q20: =IFERROR(IF(COUNT(Individuals!P16),(Individuals!P16),""),0) | R20: =IFERROR(IF(COUNT(Individuals!Q16),(Individuals!Q16),""),"") | S20: =IFERROR(IF(COUNT(Individuals!R16),(Individuals!R16),""),"") | T20: =IFERROR(IF(COUNT(Individuals!S16),(Individuals!S16),""),"") | U20: =+IFERROR(IF(COUNT(L20,T20),ROUND(SUM(L20,T20)/SUM('Shareholding Pattern'!$L$78,'Shareholding Pattern'!$T$78)*100,2),""),0) | V20: =IFERROR(IF(COUNT(Individuals!U16),(Individuals!U16),""),"") | W20: =+IFERROR(IF(COUNT(V20),ROUND(SUM(V20)/SUM(L20)*100,2),""),0) | X20: =IFERROR(IF(COUNT(Individuals!W16),(Individuals!W16),""),"") | Y20: =+IFERROR(IF(COUNT(X20),ROUND(SUM(X20)/SUM(L20)*100,2),""),0) | Z20: =IFERROR(IF(COUNT(Individuals!Y16),(Individuals!Y16),""),"") | AR20: Non-resident individuals or foreign individuals [Member] | AX20: Institutions | AZ20: ForeignInstitutionsDomain | BF20: DetailsOfSharesHeldByForeignInstitutionsAxis
E21: (b) | F21: Government | H21: =IFERROR(IF(COUNT(Government!$AD$13),IF(Government!$AD$13=0,"0",Government!$AD$13),""),"") | I21: =IFERROR(IF(COUNT(Government!H16),(Government!H16),""),"") | J21: =IFERROR(IF(COUNT(Government!I16),(Government!I16),""),"") | K21: =IFERROR(IF(COUNT(Government!J16),(Government!J16),""),"") | L21: =IFERROR(IF(COUNT(Government!K16),(Government!K16),""),"") | M21: =+IFERROR(IF(COUNT(L21),ROUND(L21/'Shareholding Pattern'!$L$78*100,2),""),0) | N21: =IFERROR(IF(COUNT(Government!M16),(Government!M16),""),"") | O21: =IFERROR(IF(COUNT(Government!N16),(Government!N16),""),"") | P21: =IFERROR(IF(COUNT(Government!O16),(Government!O16),""),"") | Q21: =IFERROR(IF(COUNT(Government!P16),(Government!P16),""),0) | R21: =IFERROR(IF(COUNT(Government!Q16),(Government!Q16),""),"") | S21: =IFERROR(IF(COUNT(Government!R16),(Government!R16),""),"") | T21: =IFERROR(IF(COUNT(Government!S16),(Government!S16),""),"") | U21: =+IFERROR(IF(COUNT(L21,T21),ROUND(SUM(L21,T21)/SUM('Shareholding Pattern'!$L$78,'Shareholding Pattern'!$T$78)*100,2),""),0) | V21: =IFERROR(IF(COUNT(Government!U16),(Government!U16),""),"") | W21: =+IFERROR(IF(COUNT(V21),ROUND(SUM(V21)/SUM(L21)*100,2),""),0) | X21: =IFERROR(IF(COUNT(Government!W16),(Government!W16),""),"") | Y21: =+IFERROR(IF(COUNT(X21),ROUND(SUM(X21)/SUM(L21)*100,2),""),0) | Z21: =IFERROR(IF(COUNT(Government!Y16),(Government!Y16),""),"") | AR21: Foreign - Government [Member] | AX21: FPIPromoter | AZ21: ForeignPortfolioInvestorDomain | BF21: DetailsOfSharesHeldByForeignPortfolioInvestorAxis
E22: (c) | F22: Institutions | H22: =IFERROR(IF(COUNT(Institutions!$AD$13),IF(Institutions!$AD$13=0,"0",Institutions!$AD$13),""),"") | I22: =IFERROR(IF(COUNT(Institutions!H16),(Institutions!H16),""),"") | J22: =IFERROR(IF(COUNT(Institutions!I16),(Institutions!I16),""),"") | K22: =IFERROR(IF(COUNT(Institutions!J16),(Institutions!J16),""),"") | L22: =IFERROR(IF(COUNT(Institutions!K16),(Institutions!K16),""),"") | M22: =+IFERROR(IF(COUNT(L22),ROUND(L22/'Shareholding Pattern'!$L$78*100,2),""),0) | N22: =IFERROR(IF(COUNT(Institutions!M16),(Institutions!M16),""),"") | O22: =IFERROR(IF(COUNT(Institutions!N16),(Institutions!N16),""),"") | P22: =IFERROR(IF(COUNT(Institutions!O16),(Institutions!O16),""),"") | Q22: =IFERROR(IF(COUNT(Institutions!P16),(Institutions!P16),""),0) | R22: =IFERROR(IF(COUNT(Institutions!Q16),(Institutions!Q16),""),"") | S22: =IFERROR(IF(COUNT(Institutions!R16),(Institutions!R16),""),"") | T22: =IFERROR(IF(COUNT(Institutions!S16),(Institutions!S16),""),"") | U22: =+IFERROR(IF(COUNT(L22,T22),ROUND(SUM(L22,T22)/SUM('Shareholding Pattern'!$L$78,'Shareholding Pattern'!$T$78)*100,2),""),0) | V22: =IFERROR(IF(COUNT(Institutions!U16),(Institutions!U16),""),"") | W22: =+IFERROR(IF(COUNT(V22),ROUND(SUM(V22)/SUM(L22)*100,2),""),0) | X22: =IFERROR(IF(COUNT(Institutions!W16),(Institutions!W16),""),"") | Y22: =+IFERROR(IF(COUNT(X22),ROUND(SUM(X22)/SUM(L22)*100,2),""),0) | Z22: =IFERROR(IF(COUNT(Institutions!Y16),(Institutions!Y16),""),"") | AR22: Foreign - institutions [Member] | AX22: OtherForeign | AZ22: OtherForeignShareholdersDomain | BF22: DetailsOfSharesHeldByOtherForeignShareholdersAxis
E23: (d) | F23: Foreign Portfolio Investor | H23: =IFERROR(IF(COUNT(FPIPromoter!$AD$13),IF(FPIPromoter!$AD$13=0,"0",FPIPromoter!$AD$13),""),"") | I23: =IFERROR(IF(COUNT(FPIPromoter!H16),(FPIPromoter!H16),""),"") | J23: =IFERROR(IF(COUNT(FPIPromoter!I16),(FPIPromoter!I16),""),"") | K23: =IFERROR(IF(COUNT(FPIPromoter!J16),(FPIPromoter!J16),""),"") | L23: =IFERROR(IF(COUNT(FPIPromoter!K16),(FPIPromoter!K16),""),"") | M23: =+IFERROR(IF(COUNT(L23),ROUND(L23/'Shareholding Pattern'!$L$78*100,2),""),0) | N23: =IFERROR(IF(COUNT(FPIPromoter!M16),(FPIPromoter!M16),""),"") | O23: =IFERROR(IF(COUNT(FPIPromoter!N16),(FPIPromoter!N16),""),"") | P23: =IFERROR(IF(COUNT(FPIPromoter!O16),(FPIPromoter!O16),""),"") | Q23: =IFERROR(IF(COUNT(FPIPromoter!P16),(FPIPromoter!P16),""),0) | R23: =IFERROR(IF(COUNT(FPIPromoter!Q16),(FPIPromoter!Q16),""),"") | S23: =IFERROR(IF(COUNT(FPIPromoter!R16),(FPIPromoter!R16),""),"") | T23: =IFERROR(IF(COUNT(FPIPromoter!S16),(FPIPromoter!S16),""),"") | U23: =+IFERROR(IF(COUNT(L23,T23),ROUND(SUM(L23,T23)/SUM('Shareholding Pattern'!$L$78,'Shareholding Pattern'!$T$78)*100,2),""),0) | V23: =IFERROR(IF(COUNT(FPIPromoter!U16),(FPIPromoter!U16),""),"") | W23: =+IFERROR(IF(COUNT(V23),ROUND(SUM(V23)/SUM(L23)*100,2),""),0) | X23: =IFERROR(IF(COUNT(FPIPromoter!W16),(FPIPromoter!W16),""),"") | Y23: =+IFERROR(IF(COUNT(X23),ROUND(SUM(X23)/SUM(L23)*100,2),""),0) | Z23: =IFERROR(IF(COUNT(FPIPromoter!Y16),(FPIPromoter!Y16),""),"") | AR23: Foreign portfolio investor [Member]
E24: (e) | F24: Any Other (specify) | H24: =IFERROR(IF(COUNT(OtherForeign!$AG$13),IF(OtherForeign!$AG$13=0,"0",OtherForeign!$AG$13),""),"") | I24: =IFERROR(IF(COUNT(OtherForeign!J16),(OtherForeign!J16),""),"") | J24: =IFERROR(IF(COUNT(OtherForeign!K16),(OtherForeign!K16),""),"") | K24: =IFERROR(IF(COUNT(OtherForeign!L16),(OtherForeign!L16),""),"") | L24: =IFERROR(IF(COUNT(OtherForeign!M16),(OtherForeign!M16),""),"") | M24: =+IFERROR(IF(COUNT(L24),ROUND(L24/'Shareholding Pattern'!$L$78*100,2),""),0) | N24: =IFERROR(IF(COUNT(OtherForeign!O16),(OtherForeign!O16),""),"") | O24: =IFERROR(IF(COUNT(OtherForeign!P16),(OtherForeign!P16),""),"") | P24: =IFERROR(IF(COUNT(OtherForeign!Q16),(OtherForeign!Q16),""),"") | Q24: =IFERROR(IF(COUNT(OtherForeign!R16),(OtherForeign!R16),""),0) | R24: =IFERROR(IF(COUNT(OtherForeign!S16),(OtherForeign!S16),""),"") | S24: =IFERROR(IF(COUNT(OtherForeign!T16),(OtherForeign!T16),""),"") | T24: =IFERROR(IF(COUNT(OtherForeign!U16),(OtherForeign!U16),""),"") | U24: =+IFERROR(IF(COUNT(L24,T24),ROUND(SUM(L24,T24)/SUM('Shareholding Pattern'!$L$78,'Shareholding Pattern'!$T$78)*100,2),""),0) | V24: =IFERROR(IF(COUNT(OtherForeign!W16),(OtherForeign!W16),""),"") | W24: =+IFERROR(IF(COUNT(V24),ROUND(SUM(V24)/SUM(L24)*100,2),""),0) | X24: =IFERROR(IF(COUNT(OtherForeign!Y16),(OtherForeign!Y16),""),"") | Y24: =+IFERROR(IF(COUNT(X24),ROUND(SUM(X24)/SUM(L24)*100,2),""),0) | Z24: =IFERROR(IF(COUNT(OtherForeign!AA16),(OtherForeign!AA16),""),"") | AR24: Other foreign shareholders [Member]
E25: Sub-Total (A)(2) | H25: =+IFERROR(IF(COUNT(H20:H24),ROUND(SUM(H20:H24),0),""),"") | I25: =+IFERROR(IF(COUNT(I20:I24),ROUND(SUM(I20:I24),0),""),"") | J25: =+IFERROR(IF(COUNT(J20:J24),ROUND(SUM(J20:J24),0),""),"") | K25: =+IFERROR(IF(COUNT(K20:K24),ROUND(SUM(K20:K24),0),""),"") | L25: =+IFERROR(IF(COUNT(L20:L24),ROUND(SUM(L20:L24),0),""),"") | M25: =+IFERROR(IF(COUNT(L25),ROUND(L25/'Shareholding Pattern'!$L$78*100,2),""),0) | N25: =+IFERROR(IF(COUNT(N20:N24),ROUND(SUM(N20:N24),0),""),"") | O25: =+IFERROR(IF(COUNT(O20:O24),ROUND(SUM(O20:O24),0),""),"") | P25: =+IFERROR(IF(COUNT(P20:P24),ROUND(SUM(P20:P24),0),""),"") | Q25: =IFERROR(IF(COUNT(P25),ROUND(P25/$P$79*100,2),""),0) | R25: =+IFERROR(IF(COUNT(R20:R24),ROUND(SUM(R20:R24),0),""),"") | S25: =+IFERROR(IF(COUNT(S20:S24),ROUND(SUM(S20:S24),0),""),"") | T25: =+IFERROR(IF(COUNT(T20:T24),ROUND(SUM(T20:T24),0),""),"") | U25: =+IFERROR(IF(COUNT(L25,T25),ROUND(SUM(L25,T25)/SUM('Shareholding Pattern'!$L$78,'Shareholding Pattern'!$T$78)*100,2),""),0) | V25: =+IFERROR(IF(COUNT(V20:V24),ROUND(SUM(V20:V24),0),""),"") | W25: =+IFERROR(IF(COUNT(V25),ROUND(SUM(V25)/SUM(L25)*100,2),""),0) | X25: =+IFERROR(IF(COUNT(X20:X24),ROUND(SUM(X20:X24),0),""),"") | Y25: =+IFERROR(IF(COUNT(X25),ROUND(SUM(X25)/SUM(L25)*100,2),""),0) | Z25: =+IFERROR(IF(COUNT(Z20:Z24),ROUND(SUM(Z20:Z24),0),""),"") | AR25: Foreign [Member]
E26: Total Shareholding of Promoter and Promoter Group (A)=(A)(1)+(A)(2) | H26: =+IFERROR(IF(COUNT(H18,H25),ROUND(SUM(H18,H25),0),""),"") -> 3 | I26: =+IFERROR(IF(COUNT(I18,I25),ROUND(SUM(I18,I25),0),""),"") -> 4381397 | J26: =+IFERROR(IF(COUNT(J18,J25),ROUND(SUM(J18,J25),0),""),"") | K26: =+IFERROR(IF(COUNT(K18,K25),ROUND(SUM(K18,K25),0),""),"") | L26: =+IFERROR(IF(COUNT(L18,L25),ROUND(SUM(L18,L25),0),""),"") -> 4381397 | M26: =+IFERROR(IF(COUNT(L26),ROUND(L26/'Shareholding Pattern'!$L$78*100,2),""),0) -> 43.81 | N26: =+IFERROR(IF(COUNT(N18,N25),ROUND(SUM(N18,N25),0),""),"") -> 4381397 | O26: =+IFERROR(IF(COUNT(O18,O25),ROUND(SUM(O18,O25),0),""),"") | P26: =+IFERROR(IF(COUNT(P18,P25),ROUND(SUM(P18,P25),0),""),"") -> 4381397 | Q26: =IFERROR(IF(COUNT(P26),ROUND(P26/$P$79*100,2),""),0) -> 43.81 | R26: =+IFERROR(IF(COUNT(R18,R25),ROUND(SUM(R18,R25),0),""),"") | S26: =+IFERROR(IF(COUNT(S18,S25),ROUND(SUM(S18,S25),0),""),"") | T26: =+IFERROR(IF(COUNT(T18,T25),ROUND(SUM(T18,T25),0),""),"") | U26: =+IFERROR(IF(COUNT(L26,T26),ROUND(SUM(L26,T26)/SUM('Shareholding Pattern'!$L$78,'Shareholding Pattern'!$T$78)*100,2),""),0) -> 43.81 | V26: =+IFERROR(IF(COUNT(V18,V25),ROUND(SUM(V18,V25),0),""),"") | W26: =+IFERROR(IF(COUNT(V26),ROUND(SUM(V26)/SUM(L26)*100,2),""),0) | X26: =+IFERROR(IF(COUNT(X18,X25),ROUND(SUM(X18,X25),0),""),"") | Y26: =+IFERROR(IF(COUNT(X26),ROUND(SUM(X26)/SUM(L26)*100,2),""),0) | Z26: =+IFERROR(IF(COUNT(Z18,Z25),ROUND(SUM(Z18,Z25),0),""),"") -> 4381397 | AR26: Shareholding of promoter and promoter group [Member]
F27: Details of Shares which remain unclaimed for Promoter & Promoter Group
E28: B | F28: Table III - Statement showing shareholding pattern of the Public shareholder | H28: Note : Kindly show details of shareholders having more than one percentage of total no of shares. Please refer software manual.
E29: (1) | F29: Institutions (Domestic)
E30: (a) | F30: Mutual Funds | L30: =+IFERROR(IF(COUNT(I30:K30),ROUND(SUM(I30:K30),0),""),"") | M30: =+IFERROR(IF(COUNT(L30),ROUND(L30/'Shareholding Pattern'!$L$78*100,2),""),"") | P30: =+IFERROR(IF(COUNT(N30:O30),ROUND(SUM(N30:O30),0),""),"") | Q30: =+IFERROR(IF(COUNT(P30),ROUND(P30/'Shareholding Pattern'!$P$79*100,2),""),"") | T30: =+IFERROR(IF(COUNT(R30:S30),ROUND(SUM(R30:S30),0),""),"") | U30: =+IFERROR(IF(COUNT(L30,T30),ROUND(SUM(L30,T30)/SUM('Shareholding Pattern'!$L$78,'Shareholding Pattern'!$T$78)*100,2),""),"") | W30: =+IFERROR(IF(COUNT(V30),ROUND(SUM(V30)/SUM(L30)*100,2),""),0) | AR30: Mutual funds or UTI [Member] | AX30: MutuaFund | AZ30: MutualFundsOrUtiDomain | BF30: DetailsOfSharesHeldByMutualFundsOrUtiAxis
E31: (b) | F31: Venture Capital Funds | L31: =+IFERROR(IF(COUNT(I31:K31),ROUND(SUM(I31:K31),0),""),"") | M31: =+IFERROR(IF(COUNT(L31),ROUND(L31/'Shareholding Pattern'!$L$78*100,2),""),"") | P31: =+IFERROR(IF(COUNT(N31:O31),ROUND(SUM(N31:O31),0),""),"") | Q31: =+IFERROR(IF(COUNT(P31),ROUND(P31/'Shareholding Pattern'!$P$79*100,2),""),"") | T31: =+IFERROR(IF(COUNT(R31:S31),ROUND(SUM(R31:S31),0),""),"") | U31: =+IFERROR(IF(COUNT(L31,T31),ROUND(SUM(L31,T31)/SUM('Shareholding Pattern'!$L$78,'Shareholding Pattern'!$T$78)*100,2),""),"") | W31: =+IFERROR(IF(COUNT(V31),ROUND(SUM(V31)/SUM(L31)*100,2),""),0) | AR31: Venture capital funds [Member] | AX31: VentureCap | AZ31: VentureCapitalFundsDomain | BF31: DetailsOfSharesHeldByVentureCapitalFundsAxis
E32: (c) | F32: Alternate Investment Funds | L32: =+IFERROR(IF(COUNT(I32:K32),ROUND(SUM(I32:K32),0),""),"") | M32: =+IFERROR(IF(COUNT(L32),ROUND(L32/'Shareholding Pattern'!$L$78*100,2),""),"") | P32: =+IFERROR(IF(COUNT(N32:O32),ROUND(SUM(N32:O32),0),""),"") | Q32: =+IFERROR(IF(COUNT(P32),ROUND(P32/'Shareholding Pattern'!$P$79*100,2),""),"") | T32: =+IFERROR(IF(COUNT(R32:S32),ROUND(SUM(R32:S32),0),""),"") | U32: =+IFERROR(IF(COUNT(L32,T32),ROUND(SUM(L32,T32)/SUM('Shareholding Pattern'!$L$78,'Shareholding Pattern'!$T$78)*100,2),""),"") | W32: =+IFERROR(IF(COUNT(V32),ROUND(SUM(V32)/SUM(L32)*100,2),""),0) | AR32: Alternative investment funds [Member] | AX32: AIF | AZ32: AlternativeInvestmentFundsDomain | BF32: DetailsOfSharesHeldByAlternativeInvestmentFundsAxis
E33: (d) | F33: Financial Institutions/ Banks | H33: 1 | I33: 13926 | L33: 13926 | M33: =+IFERROR(IF(COUNT(L33),ROUND(L33/'Shareholding Pattern'!$L$78*100,2),""),"") -> 0.14 | N33: 13926 | P33: 13926 | Q33: 0.14 | T33: =+IFERROR(IF(COUNT(R33:S33),ROUND(SUM(R33:S33),0),""),"") | U33: =+IFERROR(IF(COUNT(L33,T33),ROUND(SUM(L33,T33)/SUM('Shareholding Pattern'!$L$78,'Shareholding Pattern'!$T$78)*100,2),""),"") -> 0.14 | W33: =+IFERROR(IF(COUNT(V33),ROUND(SUM(V33)/SUM(L33)*100,2),""),0) | Z33: 13926 | AA33: 0 | AB33: 0 | AC33: 0 | AR33: Banks [Member] | AX33: Bank_Insti | AZ33: DetailsOfSharesHeldByBanksDomain | BF33: DetailsOfSharesHeldByBanksAxis
E34: (e) | F34: Insurance Companies | L34: =+IFERROR(IF(COUNT(I34:K34),ROUND(SUM(I34:K34),0),""),"") | M34: =+IFERROR(IF(COUNT(L34),ROUND(L34/'Shareholding Pattern'!$L$78*100,2),""),"") | P34: =+IFERROR(IF(COUNT(N34:O34),ROUND(SUM(N34:O34),0),""),"") | Q34: =+IFERROR(IF(COUNT(P34),ROUND(P34/'Shareholding Pattern'!$P$79*100,2),""),"") | T34: =+IFERROR(IF(COUNT(R34:S34),ROUND(SUM(R34:S34),0),""),"") | U34: =+IFERROR(IF(COUNT(L34,T34),ROUND(SUM(L34,T34)/SUM('Shareholding Pattern'!$L$78,'Shareholding Pattern'!$T$78)*100,2),""),"") | W34: =+IFERROR(IF(COUNT(V34),ROUND(SUM(V34)/SUM(L34)*100,2),""),0) | AR34: Insurance Companies [Member] | AX34: Insurance | AZ34: InsuranceCompaniesDomain | BF34: DetailsOfSharesHeldByInsuranceCompaniesAxis
E35: (f) | F35: Provident Funds/ Pension Funds | L35: =+IFERROR(IF(COUNT(I35:K35),ROUND(SUM(I35:K35),0),""),"") | M35: =+IFERROR(IF(COUNT(L35),ROUND(L35/'Shareholding Pattern'!$L$78*100,2),""),"") | P35: =+IFERROR(IF(COUNT(N35:O35),ROUND(SUM(N35:O35),0),""),"") | Q35: =+IFERROR(IF(COUNT(P35),ROUND(P35/'Shareholding Pattern'!$P$79*100,2),""),"") | T35: =+IFERROR(IF(COUNT(R35:S35),ROUND(SUM(R35:S35),0),""),"") | U35: =+IFERROR(IF(COUNT(L35,T35),ROUND(SUM(L35,T35)/SUM('Shareholding Pattern'!$L$78,'Shareholding Pattern'!$T$78)*100,2),""),"") | W35: =+IFERROR(IF(COUNT(V35),ROUND(SUM(V35)/SUM(L35)*100,2),""),0) | AR35: Provident Funds or pension funds [Member] | AX35: Pension | AZ35: ProvidentFundsOrPensionFundsDomain | BF35: DetailsOfSharesHeldByProvidentFundsOrPensionFundsAxis
E36: (g) | F36: Asset reconstruction companies | L36: =+IFERROR(IF(COUNT(I36:K36),ROUND(SUM(I36:K36),0),""),"") | M36: =+IFERROR(IF(COUNT(L36),ROUND(L36/'Shareholding Pattern'!$L$78*100,2),""),"") | P36: =+IFERROR(IF(COUNT(N36:O36),ROUND(SUM(N36:O36),0),""),"") | Q36: =+IFERROR(IF(COUNT(P36),ROUND(P36/'Shareholding Pattern'!$P$79*100,2),""),"") | T36: =+IFERROR(IF(COUNT(R36:S36),ROUND(SUM(R36:S36),0),""),"") | U36: =+IFERROR(IF(COUNT(L36,T36),ROUND(SUM(L36,T36)/SUM('Shareholding Pattern'!$L$78,'Shareholding Pattern'!$T$78)*100,2),""),"") | W36: =+IFERROR(IF(COUNT(V36),ROUND(SUM(V36)/SUM(L36)*100,2),""),0) | AR36: Asset reconstruction companies [Member] | AX36: AssetReconstruct | AZ36: DetailsOfSharesHeldByAssetReconstructionCompaniesDomain | BF36: DetailsOfSharesHeldByAssetReconstructionCompaniesAxis
E37: (h) | F37: Sovereign Wealth Funds | L37: =+IFERROR(IF(COUNT(I37:K37),ROUND(SUM(I37:K37),0),""),"") | M37: =+IFERROR(IF(COUNT(L37),ROUND(L37/'Shareholding Pattern'!$L$78*100,2),""),"") | P37: =+IFERROR(IF(COUNT(N37:O37),ROUND(SUM(N37:O37),0),""),"") | Q37: =+IFERROR(IF(COUNT(P37),ROUND(P37/'Shareholding Pattern'!$P$79*100,2),""),"") | T37: =+IFERROR(IF(COUNT(R37:S37),ROUND(SUM(R37:S37),0),""),"") | U37: =+IFERROR(IF(COUNT(L37,T37),ROUND(SUM(L37,T37)/SUM('Shareholding Pattern'!$L$78,'Shareholding Pattern'!$T$78)*100,2),""),"") | W37: =+IFERROR(IF(COUNT(V37),ROUND(SUM(V37)/SUM(L37)*100,2),""),0) | AR37: Sovereign wealth funds domestic [Member] | AX37: Sovereign Wealth(Domestic) | AZ37: DetailsOfSharesHeldBySovereignWealthFundsDomesticDomain | BF37: DetailsOfSharesHeldBySovereignWealthFundsDomesticAxis
E38: (i) | F38: NBFCs registered with RBI | L38: =+IFERROR(IF(COUNT(I38:K38),ROUND(SUM(I38:K38),0),""),"") | M38: =+IFERROR(IF(COUNT(L38),ROUND(L38/'Shareholding Pattern'!$L$78*100,2),""),"") | P38: =+IFERROR(IF(COUNT(N38:O38),ROUND(SUM(N38:O38),0),""),"") | Q38: =+IFERROR(IF(COUNT(P38),ROUND(P38/'Shareholding Pattern'!$P$79*100,2),""),"") | T38: =+IFERROR(IF(COUNT(R38:S38),ROUND(SUM(R38:S38),0),""),"") | U38: =+IFERROR(IF(COUNT(L38,T38),ROUND(SUM(L38,T38)/SUM('Shareholding Pattern'!$L$78,'Shareholding Pattern'!$T$78)*100,2),""),"") | W38: =+IFERROR(IF(COUNT(V38),ROUND(SUM(V38)/SUM(L38)*100,2),""),0) | AR38: NBFCs registered with RBI [Member] | AX38: NBFC | AZ38: NBFCsRegisteredWithRbiDomain | BF38: DetailsOfSharesHeldByNBFCsRegisteredWithRbiAxis
E39: (j) | F39: Other Financial Institutions | L39: =+IFERROR(IF(COUNT(I39:K39),ROUND(SUM(I39:K39),0),""),"") | M39: =+IFERROR(IF(COUNT(L39),ROUND(L39/'Shareholding Pattern'!$L$78*100,2),""),"") | P39: =+IFERROR(IF(COUNT(N39:O39),ROUND(SUM(N39:O39),0),""),"") | Q39: =+IFERROR(IF(COUNT(P39),ROUND(P39/'Shareholding Pattern'!$P$79*100,2),""),"") | T39: =+IFERROR(IF(COUNT(R39:S39),ROUND(SUM(R39:S39),0),""),"") | U39: =+IFERROR(IF(COUNT(L39,T39),ROUND(SUM(L39,T39)/SUM('Shareholding Pattern'!$L$78,'Shareholding Pattern'!$T$78)*100,2),""),"") | W39: =+IFERROR(IF(COUNT(V39),ROUND(SUM(V39)/SUM(L39)*100,2),""),0) | AR39: Other financial institutions [Member] | AX39: Other Financial Institutions | AZ39: DetailsOfSharesHeldByOtherFinancialInstitutionsDomain | BF39: DetailsOfSharesHeldByOtherFinancialInstitutionsAxis
E40: (k) | F40: Any Other (specify) | L40: =+IFERROR(IF(COUNT(I40:K40),ROUND(SUM(I40:K40),0),""),"") | M40: =+IFERROR(IF(COUNT(L40),ROUND(L40/'Shareholding Pattern'!$L$78*100,2),""),"") | P40: =+IFERROR(IF(COUNT(N40:O40),ROUND(SUM(N40:O40),0),""),"") | Q40: =+IFERROR(IF(COUNT(P40),ROUND(P40/'Shareholding Pattern'!$P$79*100,2),""),"") | T40: =+IFERROR(IF(COUNT(R40:S40),ROUND(SUM(R40:S40),0),""),"") | U40: =+IFERROR(IF(COUNT(L40,T40),ROUND(SUM(L40,T40)/SUM('Shareholding Pattern'!$L$78,'Shareholding Pattern'!$T$78)*100,2),""),"") | W40: =+IFERROR(IF(COUNT(V40),ROUND(SUM(V40)/SUM(L40)*100,2),""),0) | AR40: Other institutions domestic [Member] | AX40: Other_Insti | AZ40: DetailsOfSharesHeldByOtherInstitutionsDomesticDomain | BF40: DetailsOfSharesHeldByOtherInstitutionsDomesticAxis
E41: Sub-Total (B)(1) | H41: =+IFERROR(IF(COUNT(H30:H40),ROUND(SUM(H30:H40),0),""),"") -> 1 | I41: =+IFERROR(IF(COUNT(I30:I40),ROUND(SUM(I30:I40),0),""),"") -> 13926 | J41: =+IFERROR(IF(COUNT(J30:J40),ROUND(SUM(J30:J40),0),""),"") | K41: =+IFERROR(IF(COUNT(K30:K40),ROUND(SUM(K30:K40),0),""),"") | L41: =+IFERROR(IF(COUNT(I41:K41),ROUND(SUM(I41:K41),0),""),"") -> 13926 | M41: =+IFERROR(IF(COUNT(L41),ROUND(L41/'Shareholding Pattern'!$L$78*100,2),""),"") -> 0.14 | N41: =+IFERROR(IF(COUNT(N30:N40),ROUND(SUM(N30:N40),0),""),"") -> 13926 | O41: =+IFERROR(IF(COUNT(O30:O40),ROUND(SUM(O30:O40),0),""),"") | P41: =+IFERROR(IF(COUNT(N41:O41),ROUND(SUM(N41:O41),0),""),"") -> 13926 | Q41: =+IFERROR(IF(COUNT(P41),ROUND(P41/'Shareholding Pattern'!$P$79*100,2),""),"") -> 0.14 | R41: =+IFERROR(IF(COUNT(R30:R40),ROUND(SUM(R30:R40),0),""),"") | S41: =+IFERROR(IF(COUNT(S30:S40),ROUND(SUM(S30:S40),0),""),"") | T41: =+IFERROR(IF(COUNT(R41:S41),ROUND(SUM(R41:S41),0),""),"") | U41: =+IFERROR(IF(COUNT(L41,T41),ROUND(SUM(L41,T41)/SUM('Shareholding Pattern'!$L$78,'Shareholding Pattern'!$T$78)*100,2),""),"") -> 0.14 | V41: =+IFERROR(IF(COUNT(V30:V40),ROUND(SUM(V30:V40),0),""),"") | W41: =+IFERROR(IF(COUNT(V41),ROUND(SUM(V41)/SUM(L41)*100,2),""),0) | Z41: =+IFERROR(IF(COUNT(Z30:Z40),ROUND(SUM(Z30:Z40),0),""),"") -> 13926 | AA41: =+IFERROR(IF(COUNT(AA30:AA40),ROUND(SUM(AA30:AA40),0),""),"") -> 0 | AB41: =+IFERROR(IF(COUNT(AB30:AB40),ROUND(SUM(AB30:AB40),0),""),"") -> 0 | AC41: =+IFERROR(IF(COUNT(AC30:AC40),ROUND(SUM(AC30:AC40),0),""),"") -> 0 | AR41: Institutions domestic [Member]
E42: (2) | F42: Institutions (Foreign)
E43: (a) | F43: Foreign Direct Investment | L43: =+IFERROR(IF(COUNT(I43:K43),ROUND(SUM(I43:K43),0),""),"") | M43: =+IFERROR(IF(COUNT(L43),ROUND(L43/'Shareholding Pattern'!$L$78*100,2),""),"") | P43: =+IFERROR(IF(COUNT(N43:O43),ROUND(SUM(N43:O43),0),""),"") | Q43: =+IFERROR(IF(COUNT(P43),ROUND(P43/'Shareholding Pattern'!$P$79*100,2),""),"") | T43: =+IFERROR(IF(COUNT(R43,S43),ROUND(SUM(R43,S43),0),""),"") | U43: =+IFERROR(IF(COUNT(L43,T43),ROUND(SUM(L43,T43)/SUM('Shareholding Pattern'!$L$78,'Shareholding Pattern'!$T$78)*100,2),""),"") | W43: =+IFERROR(IF(COUNT(V43),ROUND(SUM(V43)/SUM(L43)*100,2),""),0) | AR43: Foreign direct investment [Member] | AX43: Foreign Direct Investment | AZ43: DetailsOfSharesHeldByForeignDirectInvestmentDomain | BF43: DetailsOfSharesHeldByForeignDirectInvestmentAxis
E44: (b) | F44: Foreign Venture Capital Investors | L44: =+IFERROR(IF(COUNT(I44:K44),ROUND(SUM(I44:K44),0),""),"") | M44: =+IFERROR(IF(COUNT(L44),ROUND(L44/'Shareholding Pattern'!$L$78*100,2),""),"") | P44: =+IFERROR(IF(COUNT(N44:O44),ROUND(SUM(N44:O44),0),""),"") | Q44: =+IFERROR(IF(COUNT(P44),ROUND(P44/'Shareholding Pattern'!$P$79*100,2),""),"") | T44: =+IFERROR(IF(COUNT(R44,S44),ROUND(SUM(R44,S44),0),""),"") | U44: =+IFERROR(IF(COUNT(L44,T44),ROUND(SUM(L44,T44)/SUM('Shareholding Pattern'!$L$78,'Shareholding Pattern'!$T$78)*100,2),""),"") | W44: =+IFERROR(IF(COUNT(V44),ROUND(SUM(V44)/SUM(L44)*100,2),""),0) | AR44: Foreign venture capital investors [Member] | AX44: FVC | AZ44: ForeignVentureCapitalInvestorsDomain | BF44: DetailsOfSharesHeldByForeignVentureCapitalInvestorsAxis
E45: (c) | F45: Sovereign Wealth Funds | L45: =+IFERROR(IF(COUNT(I45:K45),ROUND(SUM(I45:K45),0),""),"") | M45: =+IFERROR(IF(COUNT(L45),ROUND(L45/'Shareholding Pattern'!$L$78*100,2),""),"") | P45: =+IFERROR(IF(COUNT(N45:O45),ROUND(SUM(N45:O45),0),""),"") | Q45: =+IFERROR(IF(COUNT(P45),ROUND(P45/'Shareholding Pattern'!$P$79*100,2),""),"") | T45: =+IFERROR(IF(COUNT(R45,S45),ROUND(SUM(R45,S45),0),""),"") | U45: =+IFERROR(IF(COUNT(L45,T45),ROUND(SUM(L45,T45)/SUM('Shareholding Pattern'!$L$78,'Shareholding Pattern'!$T$78)*100,2),""),"") | W45: =+IFERROR(IF(COUNT(V45),ROUND(SUM(V45)/SUM(L45)*100,2),""),0) | AR45: Sovereign wealth funds foreign [Member] | AX45: Sovereign Wealth(Foreign) | AZ45: DetailsOfSharesHeldBySovereignWealthFundsForeignDomain | BF45: DetailsOfSharesHeldBySovereignWealthFundsForeignAxis
E46: (d) | F46: Foreign Portfolio Investors | L46: =+IFERROR(IF(COUNT(I46:K46),ROUND(SUM(I46:K46),0),""),"") | M46: =+IFERROR(IF(COUNT(L46),ROUND(L46/'Shareholding Pattern'!$L$78*100,2),""),"") | P46: =+IFERROR(IF(COUNT(N46:O46),ROUND(SUM(N46:O46),0),""),"") | Q46: =+IFERROR(IF(COUNT(P46),ROUND(P46/'Shareholding Pattern'!$P$79*100,2),""),"") | T46: =+IFERROR(IF(COUNT(R46,S46),ROUND(SUM(R46,S46),0),""),"") | U46: =+IFERROR(IF(COUNT(L46,T46),ROUND(SUM(L46,T46)/SUM('Shareholding Pattern'!$L$78,'Shareholding Pattern'!$T$78)*100,2),""),"") | W46: =+IFERROR(IF(COUNT(V46),ROUND(SUM(V46)/SUM(L46)*100,2),""),0) | AR46: Institutions foreign portfolio investor catergory one [Member] | AX46: FPI_Insti | AZ46: DetailsOfSharesHeldByInstitutionsForeignPortfolioInvestorOneDomain | BF46: DetailsOfSharesHeldByInstitutionsForeignPortfolioInvestorOneAxis
E47: (e) | F47: Foreign Portfolio Investors Category II | L47: =+IFERROR(IF(COUNT(I47:K47),ROUND(SUM(I47:K47),0),""),"") | M47: =+IFERROR(IF(COUNT(L47),ROUND(L47/'Shareholding Pattern'!$L$78*100,2),""),"") | P47: =+IFERROR(IF(COUNT(N47:O47),ROUND(SUM(N47:O47),0),""),"") | Q47: =+IFERROR(IF(COUNT(P47),ROUND(P47/'Shareholding Pattern'!$P$79*100,2),""),"") | T47: =+IFERROR(IF(COUNT(R47,S47),ROUND(SUM(R47,S47),0),""),"") | U47: =+IFERROR(IF(COUNT(L47,T47),ROUND(SUM(L47,T47)/SUM('Shareholding Pattern'!$L$78,'Shareholding Pattern'!$T$78)*100,2),""),"") | W47: =+IFERROR(IF(COUNT(V47),ROUND(SUM(V47)/SUM(L47)*100,2),""),0) | AR47: Institutions foreign portfolio investor catergory two [Member] | AX47: Foreign Portfolio Category II | AZ47: DetailsOfSharesHeldByInstitutionsForeignPortfolioInvestorTwoDomain | BF47: DetailsOfSharesHeldByInstitutionsForeignPortfolioInvestorTwoAxis
E48: (f) | F48: Overseas Depositories (holding DRs) (balancing figure) | L48: =+IFERROR(IF(COUNT(I48:K48),ROUND(SUM(I48:K48),0),""),"") | M48: =+IFERROR(IF(COUNT(L48),ROUND(L48/'Shareholding Pattern'!$L$78*100,2),""),"") | P48: =+IFERROR(IF(COUNT(N48:O48),ROUND(SUM(N48:O48),0),""),"") | Q48: =+IFERROR(IF(COUNT(P48),ROUND(P48/'Shareholding Pattern'!$P$79*100,2),""),"") | T48: =+IFERROR(IF(COUNT(R48:S48),ROUND(SUM(R48:S48),0),""),"") | U48: =+IFERROR(IF(COUNT(L48,T48),ROUND(SUM(L48,T48)/SUM('Shareholding Pattern'!$L$78,'Shareholding Pattern'!$T$78)*100,2),""),"") | W48: =+IFERROR(IF(COUNT(V48),ROUND(SUM(V48)/SUM(L48)*100,2),""),0) | AR48: Overseas Depositories [Member] | AX48: OD | AZ48: OverseasDepositoriesDomain | BF48: DetailsOfSharesHeldByOverseasDepositoriesAxis
E49: (g) | F49: Any Other (specify) | L49: =+IFERROR(IF(COUNT(I49:K49),ROUND(SUM(I49:K49),0),""),"") | M49: =+IFERROR(IF(COUNT(L49),ROUND(L49/'Shareholding Pattern'!$L$78*100,2),""),"") | P49: =+IFERROR(IF(COUNT(N49:O49),ROUND(SUM(N49:O49),0),""),"") | Q49: =+IFERROR(IF(COUNT(P49),ROUND(P49/'Shareholding Pattern'!$P$79*100,2),""),"") | T49: =+IFERROR(IF(COUNT(R49:S49),ROUND(SUM(R49:S49),0),""),"") | U49: =+IFERROR(IF(COUNT(L49,T49),ROUND(SUM(L49,T49)/SUM('Shareholding Pattern'!$L$78,'Shareholding Pattern'!$T$78)*100,2),""),"") | W49: =+IFERROR(IF(COUNT(V49),ROUND(SUM(V49)/SUM(L49)*100,2),""),0) | AR49: Other institutions foreign [Member] | AX49: Other_Insti (Foreign) | AZ49: DetailsOfSharesHeldByOtherInstitutionsForeignDomain | BF49: DetailsOfSharesHeldByOtherInstitutionsForeignAxis
E50: Sub-Total (B)(2) | H50: =+IFERROR(IF(COUNT(H43:H49),ROUND(SUM(H43:H49),0),""),"") | I50: =+IFERROR(IF(COUNT(I43:I49),ROUND(SUM(I43:I49),0),""),"") | J50: =+IFERROR(IF(COUNT(J43:J49),ROUND(SUM(J43:J49),0),""),"") | K50: =+IFERROR(IF(COUNT(K43:K49),ROUND(SUM(K43:K49),0),""),"") | L50: =+IFERROR(IF(COUNT(I50:K50),ROUND(SUM(I50:K50),0),""),"") | M50: =+IFERROR(IF(COUNT(L50),ROUND(L50/'Shareholding Pattern'!$L$78*100,2),""),"") | N50: =+IFERROR(IF(COUNT(N43:N49),ROUND(SUM(N43:N49),0),""),"") | O50: =+IFERROR(IF(COUNT(O43:O49),ROUND(SUM(O43:O49),0),""),"") | P50: =+IFERROR(IF(COUNT(N50:O50),ROUND(SUM(N50:O50),0),""),"") | Q50: =+IFERROR(IF(COUNT(P50),ROUND(P50/'Shareholding Pattern'!$P$79*100,2),""),"") | R50: =+IFERROR(IF(COUNT(R43:R49),ROUND(SUM(R43:R49),0),""),"") | S50: =+IFERROR(IF(COUNT(S43:S49),ROUND(SUM(S43:S49),0),""),"") | T50: =+IFERROR(IF(COUNT(R50:S50),ROUND(SUM(R50:S50),0),""),"") | U50: =+IFERROR(IF(COUNT(L50,T50),ROUND(SUM(L50,T50)/SUM('Shareholding Pattern'!$L$78,'Shareholding Pattern'!$T$78)*100,2),""),"") | V50: =+IFERROR(IF(COUNT(V43:V49),ROUND(SUM(V43:V49),0),""),"") | W50: =+IFERROR(IF(COUNT(V50),ROUND(SUM(V50)/SUM(L50)*100,2),""),0) | Z50: =+IFERROR(IF(COUNT(Z43:Z49),ROUND(SUM(Z43:Z49),0),""),"") | AA50: =+IFERROR(IF(COUNT(AA43:AA49),ROUND(SUM(AA43:AA49),0),""),"") | AB50: =+IFERROR(IF(COUNT(AB43:AB49),ROUND(SUM(AB43:AB49),0),""),"") | AC50: =+IFERROR(IF(COUNT(AC43:AC49),ROUND(SUM(AC43:AC49),0),""),"") | AR50: Institutions foreign [Member]
E51: (3) | F51: Central Government / State Government(s)
E52: (a) | F52: Central Government/ State Government(s)/ President of India | L52: =+IFERROR(IF(COUNT(I52:K52),ROUND(SUM(I52:K52),0),""),"") | M52: =+IFERROR(IF(COUNT(L52),ROUND(L52/'Shareholding Pattern'!$L$78*100,2),""),"") | P52: =+IFERROR(IF(COUNT(N52:O52),ROUND(SUM(N52:O52),0),""),"") | Q52: =+IFERROR(IF(COUNT(P52),ROUND(P52/'Shareholding Pattern'!$P$79*100,2),""),"") | T52: =+IFERROR(IF(COUNT(R52:S52),ROUND(SUM(R52:S52),0),""),"") | U52: =+IFERROR(IF(COUNT(L52,T52),ROUND(SUM(L52,T52)/SUM('Shareholding Pattern'!$L$78,'Shareholding Pattern'!$T$78)*100,2),""),"") | W52: =+IFERROR(IF(COUNT(V52),ROUND(SUM(V52)/SUM(L52)*100,2),""),0) | AR52: Central government or president of india [Member] | AX52: CG&SG&PI | AZ52: DetailsOfSharesHeldByCentralGovernmentOrPresidentOfIndiaDomain | BF52: DetailsOfSharesHeldByCentralGovernmentOrPresidentOfIndiaAxis
E53: (b) | F53: State Government / Governor | L53: =+IFERROR(IF(COUNT(I53:K53),ROUND(SUM(I53:K53),0),""),"") | M53: =+IFERROR(IF(COUNT(L53),ROUND(L53/'Shareholding Pattern'!$L$78*100,2),""),"") | P53: =+IFERROR(IF(COUNT(N53:O53),ROUND(SUM(N53:O53),0),""),"") | Q53: =+IFERROR(IF(COUNT(P53),ROUND(P53/'Shareholding Pattern'!$P$79*100,2),""),"") | T53: =+IFERROR(IF(COUNT(R53:S53),ROUND(SUM(R53:S53),0),""),"") | U53: =+IFERROR(IF(COUNT(L53,T53),ROUND(SUM(L53,T53)/SUM('Shareholding Pattern'!$L$78,'Shareholding Pattern'!$T$78)*100,2),""),"") | W53: =+IFERROR(IF(COUNT(V53),ROUND(SUM(V53)/SUM(L53)*100,2),""),0) | AR53: State governments or governors [Member] | AX53: State Government_Governor | AZ53: DetailsOfSharesHeldByStateGovernmentsOrGovernorsDomain | BF53: DetailsOfSharesHeldByStateGovernmentsOrGovernorsAxis
E54: (c) | F54: Shareholding by Companies or Bodies Corporate where Central / State Government is a promoter | L54: =+IFERROR(IF(COUNT(I54:K54),ROUND(SUM(I54:K54),0),""),"") | M54: =+IFERROR(IF(COUNT(L54),ROUND(L54/'Shareholding Pattern'!$L$78*100,2),""),"") | P54: =+IFERROR(IF(COUNT(N54:O54),ROUND(SUM(N54:O54),0),""),"") | Q54: =+IFERROR(IF(COUNT(P54),ROUND(P54/'Shareholding Pattern'!$P$79*100,2),""),"") | T54: =+IFERROR(IF(COUNT(R54:S54),ROUND(SUM(R54:S54),0),""),"") | U54: =+IFERROR(IF(COUNT(L54,T54),ROUND(SUM(L54,T54)/SUM('Shareholding Pattern'!$L$78,'Shareholding Pattern'!$T$78)*100,2),""),"") | W54: =+IFERROR(IF(COUNT(V54),ROUND(SUM(V54)/SUM(L54)*100,2),""),0) | AR54: Shareholding by companies or bodies corporatewhere central or state government is promoter [Member] | AX54: Shareholding by Companies | AZ54: DetailsOfSharesHeldByShareholdingByCompaniesOrBodiesCorporatewhereCentralOrStateGovernmentIsPromoterDomain | BF54: DetailsOfSharesHeldByShareholdingByCompaniesOrBodiesCorporatewhereCentralOrStateGovernmentIsPromoterAxis
E55: Sub-Total (B)(3) | H55: =+IFERROR(IF(COUNT(H52:H54),ROUND(SUM(H52:H54),0),""),"") | I55: =+IFERROR(IF(COUNT(I52:I54),ROUND(SUM(I52:I54),0),""),"") | J55: =+IFERROR(IF(COUNT(J52:J54),ROUND(SUM(J52:J54),0),""),"") | K55: =+IFERROR(IF(COUNT(K52:K54),ROUND(SUM(K52:K54),0),""),"") | L55: =+IFERROR(IF(COUNT(I55:K55),ROUND(SUM(I55:K55),0),""),"") | M55: =+IFERROR(IF(COUNT(L55),ROUND(L55/'Shareholding Pattern'!$L$78*100,2),""),"") | N55: =+IFERROR(IF(COUNT(N52:N54),ROUND(SUM(N52:N54),0),""),"") | O55: =+IFERROR(IF(COUNT(O52:O54),ROUND(SUM(O52:O54),0),""),"") | P55: =+IFERROR(IF(COUNT(N55:O55),ROUND(SUM(N55:O55),0),""),"") | Q55: =+IFERROR(IF(COUNT(P55),ROUND(P55/'Shareholding Pattern'!$P$79*100,2),""),"") | R55: =+IFERROR(IF(COUNT(R52:R54),ROUND(SUM(R52:R54),0),""),"") | S55: =+IFERROR(IF(COUNT(S52:S54),ROUND(SUM(S52:S54),0),""),"") | T55: =+IFERROR(IF(COUNT(R55:S55),ROUND(SUM(R55:S55),0),""),"") | U55: =+IFERROR(IF(COUNT(L55,T55),ROUND(SUM(L55,T55)/SUM('Shareholding Pattern'!$L$78,'Shareholding Pattern'!$T$78)*100,2),""),"") | V55: =+IFERROR(IF(COUNT(V52:V54),ROUND(SUM(V52:V54),0),""),"") | W55: =+IFERROR(IF(COUNT(V55),ROUND(SUM(V55)/SUM(L55)*100,2),""),0) | Z55: =+IFERROR(IF(COUNT(Z52:Z54),ROUND(SUM(Z52:Z54),0),""),"") | AA55: =+IFERROR(IF(COUNT(AA52:AA54),ROUND(SUM(AA52:AA54),0),""),"") | AB55: =+IFERROR(IF(COUNT(AB52:AB54),ROUND(SUM(AB52:AB54),0),""),"") | AC55: =+IFERROR(IF(COUNT(AC52:AC54),ROUND(SUM(AC52:AC54),0),""),"") | AR55: Goverments [Member]
E56: (4) | F56: Non-institutions
E57: (a) | F57: Associate companies / Subsidiaries | L57: =+IFERROR(IF(COUNT(I57:K57),ROUND(SUM(I57:K57),0),""),"") | M57: =+IFERROR(IF(COUNT(L57),ROUND(L57/'Shareholding Pattern'!$L$78*100,2),""),"") | P57: =+IFERROR(IF(COUNT(N57:O57),ROUND(SUM(N57:O57),0),""),"") | Q57: =+IFERROR(IF(COUNT(P57),ROUND(P57/'Shareholding Pattern'!$P$79*100,2),""),"") | T57: =+IFERROR(IF(COUNT(R57:S57),ROUND(SUM(R57:S57),0),""),"") | U57: =+IFERROR(IF(COUNT(L57,T57),ROUND(SUM(L57,T57)/SUM('Shareholding Pattern'!$L$78,'Shareholding Pattern'!$T$78)*100,2),""),"") | W57: =+IFERROR(IF(COUNT(V57),ROUND(SUM(V57)/SUM(L57)*100,2),""),0) | AR57: Associate companies or subsidiaries [Member] | AX57: Associate companies_Subsidiar | AZ57: DetailsOfSharesHeldByAssociateCompaniesOrSubsidiariesDomain | BF57: DetailsOfSharesHeldByAssociateCompaniesOrSubsidiariesAxis
E58: (b) | F58: Directors and their relatives (excluding independent directors and nominee directors) | L58: =+IFERROR(IF(COUNT(I58:K58),ROUND(SUM(I58:K58),0),""),"") | M58: =+IFERROR(IF(COUNT(L58),ROUND(L58/'Shareholding Pattern'!$L$78*100,2),""),"") | P58: =+IFERROR(IF(COUNT(N58:O58),ROUND(SUM(N58:O58),0),""),"") | Q58: =+IFERROR(IF(COUNT(P58),ROUND(P58/'Shareholding Pattern'!$P$79*100,2),""),"") | T58: =+IFERROR(IF(COUNT(R58:S58),ROUND(SUM(R58:S58),0),""),"") | U58: =+IFERROR(IF(COUNT(L58,T58),ROUND(SUM(L58,T58)/SUM('Shareholding Pattern'!$L$78,'Shareholding Pattern'!$T$78)*100,2),""),"") | W58: =+IFERROR(IF(COUNT(V58),ROUND(SUM(V58)/SUM(L58)*100,2),""),0) | AR58: Directors and directors relatives [Member] | AX58: Directors and their relatives | AZ58: DetailsOfSharesHeldByDirectorsAndDirectorsRelativesDomain | BF58: DetailsOfSharesHeldByDirectorsAndDirectorsRelativesAxis
E59: (c) | F59: Key Managerial Personnel | L59: =+IFERROR(IF(COUNT(I59:K59),ROUND(SUM(I59:K59),0),""),"") | M59: =+IFERROR(IF(COUNT(L59),ROUND(L59/'Shareholding Pattern'!$L$78*100,2),""),"") | P59: =+IFERROR(IF(COUNT(N59:O59),ROUND(SUM(N59:O59),0),""),"") | Q59: =+IFERROR(IF(COUNT(P59),ROUND(P59/'Shareholding Pattern'!$P$79*100,2),""),"") | T59: =+IFERROR(IF(COUNT(R59:S59),ROUND(SUM(R59:S59),0),""),"") | U59: =+IFERROR(IF(COUNT(L59,T59),ROUND(SUM(L59,T59)/SUM('Shareholding Pattern'!$L$78,'Shareholding Pattern'!$T$78)*100,2),""),"") | W59: =+IFERROR(IF(COUNT(V59),ROUND(SUM(V59)/SUM(L59)*100,2),""),0) | AR59: Key managerial personnel [Member] | AX59: Key Managerial Personnel | AZ59: DetailsOfSharesHeldByKeyManagerialPersonnelDomain | BF59: DetailsOfSharesHeldByKeyManagerialPersonnelAxis
E60: (d) | F60: Relatives of promoters (other than ‘immediate relatives’ of promoters disclosed under ‘Promoter and Promoter Group’ category) | L60: =+IFERROR(IF(COUNT(I60:K60),ROUND(SUM(I60:K60),0),""),"") | M60: =+IFERROR(IF(COUNT(L60),ROUND(L60/'Shareholding Pattern'!$L$78*100,2),""),"") | P60: =+IFERROR(IF(COUNT(N60:O60),ROUND(SUM(N60:O60),0),""),"") | Q60: =+IFERROR(IF(COUNT(P60),ROUND(P60/'Shareholding Pattern'!$P$79*100,2),""),"") | T60: =+IFERROR(IF(COUNT(R60:S60),ROUND(SUM(R60:S60),0),""),"") | U60: =+IFERROR(IF(COUNT(L60,T60),ROUND(SUM(L60,T60)/SUM('Shareholding Pattern'!$L$78,'Shareholding Pattern'!$T$78)*100,2),""),"") | W60: =+IFERROR(IF(COUNT(V60),ROUND(SUM(V60)/SUM(L60)*100,2),""),0) | AR60: Relatives of promoters other than promoter group [Member] | AX60: Relatives of promoters | AZ60: DetailsOfSharesHeldByRelativesOfPromotersOtherThanPromoterGroupDomain | BF60: DetailsOfSharesHeldByRelativesOfPromotersOtherThanPromoterGroupAxis
E61: (e) | F61: Trusts where any person belonging to 'Promoter and Promoter Group' category is 'trustee', 'beneficiary', or 'author of the trust' | L61: =+IFERROR(IF(COUNT(I61:K61),ROUND(SUM(I61:K61),0),""),"") | M61: =+IFERROR(IF(COUNT(L61),ROUND(L61/'Shareholding Pattern'!$L$78*100,2),""),"") | P61: =+IFERROR(IF(COUNT(N61:O61),ROUND(SUM(N61:O61),0),""),"") | Q61: =+IFERROR(IF(COUNT(P61),ROUND(P61/'Shareholding Pattern'!$P$79*100,2),""),"") | T61: =+IFERROR(IF(COUNT(R61:S61),ROUND(SUM(R61:S61),0),""),"") | U61: =+IFERROR(IF(COUNT(L61,T61),ROUND(SUM(L61,T61)/SUM('Shareholding Pattern'!$L$78,'Shareholding Pattern'!$T$78)*100,2),""),"") | W61: =+IFERROR(IF(COUNT(V61),ROUND(SUM(V61)/SUM(L61)*100,2),""),0) | AR61: Trusts where any person belonging to promoter and promoter group isis trustee or beneficiary or author of trust [Member] | AX61: Trusts where any person | AZ61: DetailsOfSharesHeldByTrustsWhereAnyPersonBelongingToPromoterAndPromoterGroupIsisTrusteeOrBeneficiaryOrAuthorOfTrustDomain | BF61: DetailsOfSharesHeldByTrustsWhereAnyPersonBelongingToPromoterAndPromoterGroupIsisTrusteeOrBeneficiaryOrAuthorOfTrustAxis
E62: (f) | F62: Investor Education and Protection Fund (IEPF) | L62: =+IFERROR(IF(COUNT(I62:K62),ROUND(SUM(I62:K62),0),""),"") | M62: =+IFERROR(IF(COUNT(L62),ROUND(L62/'Shareholding Pattern'!$L$78*100,2),""),"") | P62: =+IFERROR(IF(COUNT(N62:O62),ROUND(SUM(N62:O62),0),""),"") | Q62: =+IFERROR(IF(COUNT(P62),ROUND(P62/'Shareholding Pattern'!$P$79*100,2),""),"") | T62: =+IFERROR(IF(COUNT(R62:S62),ROUND(SUM(R62:S62),0),""),"") | U62: =+IFERROR(IF(COUNT(L62,T62),ROUND(SUM(L62,T62)/SUM('Shareholding Pattern'!$L$78,'Shareholding Pattern'!$T$78)*100,2),""),"") | W62: =+IFERROR(IF(COUNT(V62),ROUND(SUM(V62)/SUM(L62)*100,2),""),0) | AR62: Investor education and protection fund [Member] | AX62: Investor Education | AZ62: DetailsOfSharesHeldByInvestorEducationAndProtectionFundDomain | BF62: DetailsOfSharesHeldByInvestorEducationAndProtectionFundAxis
E63: (g) | F63: 'Indivisual(aI)'!F12 | H63: 6355 | I63: 2289365 | L63: 2289365 | M63: =+IFERROR(IF(COUNT(L63),ROUND(L63/'Shareholding Pattern'!$L$78*100,2),""),"") -> 22.89 | N63: 2289365 | P63: 2289365 | Q63: 22.89 | T63: =+IFERROR(IF(COUNT(R63:S63),ROUND(SUM(R63:S63),0),""),"") | U63: =+IFERROR(IF(COUNT(L63,T63),ROUND(SUM(L63,T63)/SUM('Shareholding Pattern'!$L$78,'Shareholding Pattern'!$T$78)*100,2),""),"") -> 22.89 | W63: =+IFERROR(IF(COUNT(V63),ROUND(SUM(V63)/SUM(L63)*100,2),""),0) | Z63: 1921458 | AA63: 0 | AB63: 0 | AC63: 0 | AR63: Resident individual shareholders holding nominal share capital up to rs two lakh [Member] | AX63: Indivisual(aI) | AZ63: DetailsOfSharesHeldByResidentIndividualShareholdersHoldingNominalShareCapitalUpToRsTwoLakhDomain | BF63: DetailsOfSharesHeldByResidentIndividualShareholdersHoldingNominalShareCapitalUpToRsTwoLakhAxis
E64: (h) | F64: 'Indivisual(aII)'!F12 | H64: 13 | I64: 2977197 | L64: 2977197 | M64: =+IFERROR(IF(COUNT(L64),ROUND(L64/'Shareholding Pattern'!$L$78*100,2),""),"") -> 29.77 | N64: 2977197 | P64: 2977197 | Q64: 29.77 | T64: =+IFERROR(IF(COUNT(R64:S64),ROUND(SUM(R64:S64),0),""),"") | U64: =+IFERROR(IF(COUNT(L64,T64),ROUND(SUM(L64,T64)/SUM('Shareholding Pattern'!$L$78,'Shareholding Pattern'!$T$78)*100,2),""),"") -> 29.77 | W64: =+IFERROR(IF(COUNT(V64),ROUND(SUM(V64)/SUM(L64)*100,2),""),0) | Z64: 2977197 | AA64: 0 | AB64: 0 | AC64: 0 | AR64: Resident individual shareholders holding nominal share capital in excess of rs two lakh [Member] | AX64: Indivisual(aII) | AZ64: DetailsOfSharesHeldByResidentIndividualShareholdersHoldingNominalShareCapitalInExcessOfRsTwoLakhDomain | BF64: DetailsOfSharesHeldByResidentIndividualShareholdersHoldingNominalShareCapitalInExcessOfRsTwoLakhAxis
E65: (i) | F65: Non Resident Indians (NRIs) | H65: 27 | I65: 11126 | L65: 11126 | M65: =+IFERROR(IF(COUNT(L65),ROUND(L65/'Shareholding Pattern'!$L$78*100,2),""),"") -> 0.11 | N65: 11126 | P65: 11126 | Q65: 0.11 | T65: =+IFERROR(IF(COUNT(R65:S65),ROUND(SUM(R65:S65),0),""),"") | U65: =+IFERROR(IF(COUNT(L65,T65),ROUND(SUM(L65,T65)/SUM('Shareholding Pattern'!$L$78,'Shareholding Pattern'!$T$78)*100,2),""),"") -> 0.11 | W65: =+IFERROR(IF(COUNT(V65),ROUND(SUM(V65)/SUM(L65)*100,2),""),0) | Z65: 7926 | AA65: 0 | AB65: 0 | AC65: 0 | AR65: Non resident indians [Member] | AX65: Non Resident Indians (NRIs) | AZ65: DetailsOfSharesHeldByNonResidentIndiansDomain | BF65: DetailsOfSharesHeldByNonResidentIndiansAxis
E66: (j) | F66: Foreign Nationals | L66: =+IFERROR(IF(COUNT(I66:K66),ROUND(SUM(I66:K66),0),""),"") | M66: =+IFERROR(IF(COUNT(L66),ROUND(L66/'Shareholding Pattern'!$L$78*100,2),""),"") | P66: =+IFERROR(IF(COUNT(N66:O66),ROUND(SUM(N66:O66),0),""),"") | Q66: =+IFERROR(IF(COUNT(P66),ROUND(P66/'Shareholding Pattern'!$P$79*100,2),""),"") | T66: =+IFERROR(IF(COUNT(R66:S66),ROUND(SUM(R66:S66),0),""),"") | U66: =+IFERROR(IF(COUNT(L66,T66),ROUND(SUM(L66,T66)/SUM('Shareholding Pattern'!$L$78,'Shareholding Pattern'!$T$78)*100,2),""),"") | W66: =+IFERROR(IF(COUNT(V66),ROUND(SUM(V66)/SUM(L66)*100,2),""),0) | AR66: Foreign nationals [Member] | AX66: Foreign Nationals | AZ66: DetailsOfSharesHeldByForeignNationalsDomain | BF66: DetailsOfSharesHeldByForeignNationalsAxis
E67: (k) | F67: Foreign Companies | L67: =+IFERROR(IF(COUNT(I67:K67),ROUND(SUM(I67:K67),0),""),"") | M67: =+IFERROR(IF(COUNT(L67),ROUND(L67/'Shareholding Pattern'!$L$78*100,2),""),"") | P67: =+IFERROR(IF(COUNT(N67:O67),ROUND(SUM(N67:O67),0),""),"") | Q67: =+IFERROR(IF(COUNT(P67),ROUND(P67/'Shareholding Pattern'!$P$79*100,2),""),"") | T67: =+IFERROR(IF(COUNT(R67:S67),ROUND(SUM(R67:S67),0),""),"") | U67: =+IFERROR(IF(COUNT(L67,T67),ROUND(SUM(L67,T67)/SUM('Shareholding Pattern'!$L$78,'Shareholding Pattern'!$T$78)*100,2),""),"") | W67: =+IFERROR(IF(COUNT(V67),ROUND(SUM(V67)/SUM(L67)*100,2),""),0) | AR67: Foreign companies [Member] | AX67: Foreign Companies | AZ67: DetailsOfSharesHeldByForeignCompaniesDomain | BF67: DetailsOfSharesHeldByForeignCompaniesAxis
E68: (l) | F68: Bodies Corporate | H68: 48 | I68: 49767 | L68: 49767 | M68: =+IFERROR(IF(COUNT(L68),ROUND(L68/'Shareholding Pattern'!$L$78*100,2),""),"") -> 0.5 | N68: 49767 | P68: 49767 | Q68: 0.5 | T68: =+IFERROR(IF(COUNT(R68:S68),ROUND(SUM(R68:S68),0),""),"") | U68: =+IFERROR(IF(COUNT(L68,T68),ROUND(SUM(L68,T68)/SUM('Shareholding Pattern'!$L$78,'Shareholding Pattern'!$T$78)*100,2),""),"") -> 0.5 | W68: =+IFERROR(IF(COUNT(V68),ROUND(SUM(V68)/SUM(L68)*100,2),""),0) | Z68: 20517 | AA68: 0 | AB68: 0 | AC68: 0 | AR68: Bodies corporate [Member] | AX68: Bodies Corporate | AZ68: DetailsOfSharesHeldByBodiesCorporateDomain | BF68: DetailsOfSharesHeldByBodiesCorporateAxis
E69: (m) | F69: Any Other (specify) | H69: 105 | I69: 277222 | L69: 277222 | M69: =+IFERROR(IF(COUNT(L69),ROUND(L69/'Shareholding Pattern'!$L$78*100,2),""),"") -> 2.77 | N69: 277222 | P69: 277222 | Q69: 2.77 | T69: =+IFERROR(IF(COUNT(R69:S69),ROUND(SUM(R69:S69),0),""),"") | U69: =+IFERROR(IF(COUNT(L69,T69),ROUND(SUM(L69,T69)/SUM('Shareholding Pattern'!$L$78,'Shareholding Pattern'!$T$78)*100,2),""),"") -> 2.77 | W69: =+IFERROR(IF(COUNT(V69),ROUND(SUM(V69)/SUM(L69)*100,2),""),0) | Z69: 277022 | AA69: 0 | AB69: 0 | AC69: 0 | AR69: Other non-institutions [Member] | AX69: Other_NonInsti | AZ69: OtherNonInstitutionsDomain | BF69: DetailsOfSharesHeldByOtherNonInstitutionsAxis
E70: Sub-Total (B)(4) | H70: =+IFERROR(IF(COUNT(H57:H69),ROUND(SUM(H57:H69),0),""),"") -> 6548 | I70: =+IFERROR(IF(COUNT(I57:I69),ROUND(SUM(I57:I69),0),""),"") -> 5604677 | J70: =+IFERROR(IF(COUNT(J57:J69),ROUND(SUM(J57:J69),0),""),"") | K70: =+IFERROR(IF(COUNT(K57:K69),ROUND(SUM(K57:K69),0),""),"") | L70: =+IFERROR(IF(COUNT(I70:K70),ROUND(SUM(I70:K70),0),""),"") -> 5604677 | M70: =+IFERROR(IF(COUNT(L70),ROUND(L70/'Shareholding Pattern'!$L$78*100,2),""),"") -> 56.05 | N70: =+IFERROR(IF(COUNT(N57:N69),ROUND(SUM(N57:N69),0),""),"") -> 5604677 | O70: =+IFERROR(IF(COUNT(O57:O69),ROUND(SUM(O57:O69),0),""),"") | P70: =+IFERROR(IF(COUNT(N70:O70),ROUND(SUM(N70:O70),0),""),"") -> 5604677 | Q70: =+IFERROR(IF(COUNT(P70),ROUND(P70/'Shareholding Pattern'!$P$79*100,2),""),"") -> 56.05 | R70: =+IFERROR(IF(COUNT(R57:R69),ROUND(SUM(R57:R69),0),""),"") | S70: =+IFERROR(IF(COUNT(S57:S69),ROUND(SUM(S57:S69),0),""),"") | T70: =+IFERROR(IF(COUNT(R70:S70),ROUND(SUM(R70:S70),0),""),"") | U70: =+IFERROR(IF(COUNT(L70,T70),ROUND(SUM(L70,T70)/SUM('Shareholding Pattern'!$L$78,'Shareholding Pattern'!$T$78)*100,2),""),"") -> 56.05 | V70: =+IFERROR(IF(COUNT(V57:V69),ROUND(SUM(V57:V69),0),""),"") | W70: =+IFERROR(IF(COUNT(V70),ROUND(SUM(V70)/SUM(L70)*100,2),""),0) | Z70: =+IFERROR(IF(COUNT(Z57:Z69),ROUND(SUM(Z57:Z69),0),""),"") -> 5204120 | AA70: =+IFERROR(IF(COUNT(AA57:AA69),ROUND(SUM(AA57:AA69),0),""),"") -> 0 | AB70: =+IFERROR(IF(COUNT(AB57:AB69),ROUND(SUM(AB57:AB69),0),""),"") -> 0 | AC70: =+IFERROR(IF(COUNT(AC57:AC69),ROUND(SUM(AC57:AC69),0),""),"") -> 0 | AR70: Non-institutions [Member]
E71: Total Public Shareholding (B)=(B)(1)+(B)(2)+(B)(3)+(B)(4) | H71: =+IFERROR(IF(COUNT(H41,H50,H55,H70),ROUND(SUM(H41,H50,H55,H70),0),""),"") -> 6549 | I71: =+IFERROR(IF(COUNT(I41,I50,I55,I70),ROUND(SUM(I41,I50,I55,I70),0),""),"") -> 5618603 | J71: =+IFERROR(IF(COUNT(J41,J50,J55,J70),ROUND(SUM(J41,J50,J55,J70),0),""),"") | K71: =+IFERROR(IF(COUNT(K41,K50,K55,K70),ROUND(SUM(K41,K50,K55,K70),0),""),"") | L71: =+IFERROR(IF(COUNT(I71:K71),ROUND(SUM(I71:K71),0),""),"") -> 5618603 | M71: =+IFERROR(IF(COUNT(L71),ROUND(L71/'Shareholding Pattern'!$L$78*100,2),""),"") -> 56.19 | N71: =+IFERROR(IF(COUNT(N41,N50,N55,N70),ROUND(SUM(N41,N50,N55,N70),0),""),"") -> 5618603 | O71: =+IFERROR(IF(COUNT(O41,O50,O55,O70),ROUND(SUM(O41,O50,O55,O70),0),""),"") | P71: =+IFERROR(IF(COUNT(P41,P50,P55,P70),ROUND(SUM(P41,P50,P55,P70),0),""),"") -> 5618603 | Q71: =+IFERROR(IF(COUNT(P71),ROUND(P71/'Shareholding Pattern'!$P$79*100,2),""),"") -> 56.19 | R71: =+IFERROR(IF(COUNT(R41,R50,R55,R70),ROUND(SUM(R41,R50,R55,R70),0),""),"") | S71: =+IFERROR(IF(COUNT(S41,S50,S55,S70),ROUND(SUM(S41,S50,S55,S70),0),""),"") | T71: =+IFERROR(IF(COUNT(R71:S71),ROUND(SUM(R71:S71),0),""),"") | U71: =+IFERROR(IF(COUNT(L71,T71),ROUND(SUM(L71,T71)/SUM('Shareholding Pattern'!$L$78,'Shareholding Pattern'!$T$78)*100,2),""),"") -> 56.19 | V71: =+IFERROR(IF(COUNT(V41,V50,V55,V70),ROUND(SUM(V41,V50,V55,V70),0),""),"") | W71: =+IFERROR(IF(COUNT(V71),ROUND(SUM(V71)/SUM(L71)*100,2),""),0) | Z71: =+IFERROR(IF(COUNT(Z41,Z50,Z55,Z70),ROUND(SUM(Z41,Z50,Z55,Z70),0),""),"") -> 5218046 | AA71: =+IFERROR(IF(COUNT(AA41,AA50,AA55,AA70),ROUND(SUM(AA41,AA50,AA55,AA70),0),""),"") -> 0 | AB71: =+IFERROR(IF(COUNT(AB41,AB50,AB55,AB70),ROUND(SUM(AB41,AB50,AB55,AB70),0),""),"") -> 0 | AC71: =+IFERROR(IF(COUNT(AC41,AC50,AC55,AC70),ROUND(SUM(AC41,AC50,AC55,AC70),0),""),"") -> 0 | AR71: Public shareholding [Member]
F72: Details of the shareholders acting as persons in Concert for Public
F73: Details of Shares which remain unclaimed for Public
E74: C | F74: Table IV - Statement showing shareholding pattern of the Non Promoter- Non Public shareholder
E75: ( 1 ) | F75: Custodian/DR Holder - Name of DR Holders (If Available) | L75: =+IFERROR(IF(COUNT(I75:K75),ROUND(SUM(I75:K75),2),""),"") | P75: =+IFERROR(IF(COUNT(N75:O75),ROUND(SUM(N75:O75),2),""),"") | Q75: =+IFERROR(IF(COUNT(P75),ROUND(P75/'Shareholding Pattern'!$P$79*100,2),""),"") | T75: =+IFERROR(IF(COUNT(R75:S75),ROUND(SUM(R75:S75),2),""),"") | W75: =+IFERROR(IF(COUNT(V75),ROUND(SUM(V75)/SUM(L75)*100,2),""),0) | AR75: Custodian or DR holder [Member] | AX75: DRHolder | AZ75: CustodianOrDRHolderDomain | BF75: DetailsOfSharesHeldByCustodianOrDRHolderAxis
E76: ( 2 ) | F76: Employee Benefit Trust / Employee Welfare Trust under SEBI (Share Based Employee Benefits and Sweat Equity) Regulations, 2021 | L76: =+IFERROR(IF(COUNT(I76:K76),ROUND(SUM(I76:K76),2),""),"") | M76: =+IFERROR(IF(COUNT(L76),ROUND(L76/'Shareholding Pattern'!$L$78*100,2),""),"") | P76: =+IFERROR(IF(COUNT(N76:O76),ROUND(SUM(N76:O76),2),""),"") | Q76: =+IFERROR(IF(COUNT(P76),ROUND(P76/'Shareholding Pattern'!$P$79*100,2),""),"") | T76: =+IFERROR(IF(COUNT(R76:S76),ROUND(SUM(R76:S76),2),""),"") | U76: =+IFERROR(IF(COUNT(L76,T76),ROUND(SUM(L76,T76)/SUM('Shareholding Pattern'!$L$78,'Shareholding Pattern'!$T$78)*100,2),""),"") | W76: =+IFERROR(IF(COUNT(V76),ROUND(SUM(V76)/SUM(L76)*100,2),""),0) | AR76: Employee benefits trusts [Member] | AX76: EBT | AZ76: EmployeeBenefitsTrustsDomain | BF76: DetailsOfSharesHeldByEmployeeBenefitsTrustsAxis
E77: Total NonPromoter- Non Public Shareholding (C)= (C)(1)+(C)(2) | H77: =IFERROR(IF(COUNT(H75:H76),ROUND(SUM(H75:H76),0),""),"") | I77: =IFERROR(IF(COUNT(I75:I76),ROUND(SUM(I75:I76),0),""),"") | J77: =IFERROR(IF(COUNT(J75:J76),ROUND(SUM(J75:J76),0),""),"") | K77: =IFERROR(IF(COUNT(K75:K76),ROUND(SUM(K75:K76),0),""),"") | L77: =IFERROR(IF(COUNT(L75:L76),ROUND(SUM(L75:L76),0),""),"") | N77: =IFERROR(IF(COUNT(N75:N76),ROUND(SUM(N75:N76),0),""),"") | O77: =IFERROR(IF(COUNT(O75:O76),ROUND(SUM(O75:O76),0),""),"") | P77: =IFERROR(IF(COUNT(P75:P76),ROUND(SUM(P75:P76),0),""),"") | Q77: =+IFERROR(IF(COUNT(P77),ROUND(P77/'Shareholding Pattern'!$P$79*100,2),""),"") | R77: =IFERROR(IF(COUNT(R75:R76),ROUND(SUM(R75:R76),0),""),"") | S77: =IFERROR(IF(COUNT(S75:S76),ROUND(SUM(S75:S76),0),""),"") | T77: =IFERROR(IF(COUNT(T75:T76),ROUND(SUM(T75:T76),0),""),"") | V77: =IFERROR(IF(COUNT(V75:V76),ROUND(SUM(V75:V76),0),""),"") | W77: =+IFERROR(IF(COUNT(V77),ROUND(SUM(V77)/SUM(L77)*100,2),""),0) | Z77: =IFERROR(IF(COUNT(Z75:Z76),ROUND(SUM(Z75:Z76),0),""),"") | AR77: Shares held by non-promoter non-public shareholders [Member]
E78: Total ( A+B+C2 ) | H78: =+IFERROR(IF(COUNT(H26,H71,H76),ROUND(SUM(H26,H71,H76),0),""),"") -> 6552 | I78: =+IFERROR(IF(COUNT(I26,I71,I76),ROUND(SUM(I26,I71,I76),0),""),"") -> 10000000 | J78: =+IFERROR(IF(COUNT(J26,J71,J76),ROUND(SUM(J26,J71,J76),0),""),"") | K78: =+IFERROR(IF(COUNT(K26,K71,K76),ROUND(SUM(K26,K71,K76),0),""),"") | L78: =+IFERROR(IF(COUNT(L26,L71,L76),ROUND(SUM(L26,L71,L76),0),""),"") -> 10000000 | M78: =+IFERROR(IF(COUNT(L78),ROUND(L78/'Shareholding Pattern'!$L$78*100,2),""),0) -> 100 | N78: =+IFERROR(IF(COUNT(N26,N71,N76),ROUND(SUM(N26,N71,N76),0),""),"") -> 10000000 | O78: =+IFERROR(IF(COUNT(O26,O71,O76),ROUND(SUM(O26,O71,O76),0),""),"") | P78: =+IFERROR(IF(COUNT(P26,P71,P76),ROUND(SUM(P26,P71,P76),0),""),"") -> 10000000 | Q78: =+IFERROR(IF(COUNT(P78),ROUND(P78/'Shareholding Pattern'!$P$79*100,2),""),0) -> 100 | R78: =+IFERROR(IF(COUNT(R26,R71,R76),ROUND(SUM(R26,R71,R76),0),""),"") | S78: =+IFERROR(IF(COUNT(S26,S71,S76),ROUND(SUM(S26,S71,S76),0),""),"") | T78: =+IFERROR(IF(COUNT(T26,T71,T76),ROUND(SUM(T26,T71,T76),0),""),"") | U78: =+IFERROR(IF(COUNT(L78,T78),ROUND(SUM(L78,T78)/SUM('Shareholding Pattern'!$L$78,'Shareholding Pattern'!$T$78)*100,2),""),0) -> 100 | V78: =+IFERROR(IF(COUNT(V26,V71,V76),ROUND(SUM(V26,V71,V76),0),""),"") | W78: =+IFERROR(IF(COUNT(V78),ROUND(SUM(V78)/SUM(L78)*100,2),""),0) | Z78: =+IFERROR(IF(COUNT(Z26,Z71,Z76),ROUND(SUM(Z26,Z71,Z76),0),""),"") -> 9599443 | AA78: =+IFERROR(IF(COUNT(AA26,AA71,AA76),ROUND(SUM(AA26,AA71,AA76),0),""),"") -> 0 | AB78: =+IFERROR(IF(COUNT(AB26,AB71,AB76),ROUND(SUM(AB26,AB71,AB76),0),""),"") -> 0 | AC78: =+IFERROR(IF(COUNT(AC26,AC71,AC76),ROUND(SUM(AC26,AC71,AC76),0),""),"") -> 0
E79: Total (A+B+C ) | H79: =+IFERROR(IF(COUNT(H26,H71,H77),ROUND(SUM(H26,H71,H77),0),""),"") -> 6552 | I79: =+IFERROR(IF(COUNT(I26,I71,I77),ROUND(SUM(I26,I71,I77),0),""),"") -> 10000000 | J79: =+IFERROR(IF(COUNT(J26,J71,J77),ROUND(SUM(J26,J71,J77),0),""),"") | K79: =+IFERROR(IF(COUNT(K26,K71,K77),ROUND(SUM(K26,K71,K77),0),""),"") | L79: =+IFERROR(IF(COUNT(L26,L71,L77),ROUND(SUM(L26,L71,L77),0),""),"") -> 10000000 | M79: =+IFERROR(IF(COUNT(L78),ROUND(L78/'Shareholding Pattern'!$L$78*100,2),""),"") -> 100 | N79: =+IFERROR(IF(COUNT(N26,N71,N77),ROUND(SUM(N26,N71,N77),0),""),"") -> 10000000 | O79: =+IFERROR(IF(COUNT(O26,O71,O77),ROUND(SUM(O26,O71,O77),0),""),"") | P79: =+IFERROR(IF(COUNT(P26,P71,P77),ROUND(SUM(P26,P71,P77),0),""),"") -> 10000000 | Q79: =+IFERROR(IF(COUNT(P79),ROUND(P79/'Shareholding Pattern'!$P$79*100,2),""),"") -> 100 | R79: =+IFERROR(IF(COUNT(R26,R71,R77),ROUND(SUM(R26,R71,R77),0),""),"") | S79: =+IFERROR(IF(COUNT(S26,S71,S77),ROUND(SUM(S26,S71,S77),0),""),"") | T79: =+IFERROR(IF(COUNT(T26,T71,T77),ROUND(SUM(T26,T71,T77),0),""),"") | U79: =+IFERROR(IF(COUNT(U26,U71,U77),ROUND(SUM(U26,U71,U77),0),""),"") -> 100 | V79: =+IFERROR(IF(COUNT(V26,V71,V77),ROUND(SUM(V26,V71,V77),0),""),"") | W79: =+IFERROR(IF(COUNT(V79),ROUND(SUM(V79)/SUM(L79)*100,2),""),0) | X79: =+IFERROR(IF(COUNT(X26,X71,X77),ROUND(SUM(X26,X71,X77),0),""),"") | Y79: =+IFERROR(IF(COUNT(X79),ROUND(SUM(X79)/SUM(L79)*100,2),""),0) | Z79: =+IFERROR(IF(COUNT(Z26,Z71,Z77),ROUND(SUM(Z26,Z71,Z77),0),""),"") -> 9599443 | AA79: =+IFERROR(IF(COUNT(AA26,AA71,AA77),ROUND(SUM(AA26,AA71,AA77),0),""),"") -> 0 | AB79: =+IFERROR(IF(COUNT(AB26,AB71,AB77),ROUND(SUM(AB26,AB71,AB77),0),""),"") -> 0 | AC79: =+IFERROR(IF(COUNT(AC26,AC71,AC77),ROUND(SUM(AC26,AC71,AC77),0),""),"") -> 0 | AR79: Shareholding pattern [Member]
E80: Disclosure of notes on shareholding pattern
E81: Disclosure of notes in case of promoter holiding in dematerialsed form is less than 100 percentage
E82: Disclosure of notes in case of public share holding is less than 25 percentage
E83: Disclosure of notes on shareholding pattern for company remarks explanatory

Sheet IndHUF
I1: 1
F2: Name of shareholder | G2: Permanent account number of shareholder | H2: Number of fully paid up equity shares | I2: Number of partly paid-up equity shares | J2: Number of shares underlying outstanding depository receipts | K2: Total number of shares | L2: Shareholding as a percentage of total number of shares held by promoters and public shareholders and custodians or DR holders | M2: Number of voting rights held by same class of securities | N2: Number of voting rights held by differential voting rights | O2: Total Number of voting rights | P2: Percentage of total number of voting rights | Q2: Number of shares underlying outstanding convertible securities | R2: Number of warrant | S2: Number of warrant and convertible securities | T2: Total shareholding as a percentage assuming full conversion of convertible securities | U2: Number of the locked-in-shares | V2: Locked-in-shares as a percentage of total number of shares | W2: Pledged or encumbered - number of shares | X2: Pledged or encumbered shares held as percentage of total number of shares | Y2: Number of equity shares held in dematerialized form | Z2: Reason for not providing PAN | AA2: Shareholder type | AR2: Promoter | AS2: Promoter Group
E9: Searial No. | F9: Name of the Shareholders (I) | G9: PAN (II) | H9: No. of fully paid up equity shares held (IV) | I9: No. Of Partly paid-up equity shares held (V) | J9: No. Of shares underlying Depository Receipts (VI) | K9: Total nos. shares held (VII) = (IV)+(V)+ (VI) | L9: Shareholding as a % of total no. of shares (calculated as per SCRR, 1957) (VIII) As a % of (A+B+C2) | M9: Number of Voting Rights held in each class of securities (IX) | Q9: No. Of Shares Underlying Outstanding convertible securities (X) | R9: No. of Shares Underlying Outstanding Warrants (Xi) | S9: No. Of Shares Underlying Outstanding convertible securities and No. Of Warrants (Xi) (a) | T9: Shareholding , as a % assuming full conversion of convertible securities (as a percentage of diluted share capital) (XI)= (VII)+(Xi)(a) As a % of (A+B+C2) | U9: Number of Locked in shares (XII) | W9: Number of Shares pledged or otherwise encumbered (XIII) | Y9: Number of equity shares held in dematerialized form (XIV) | Z9: Reason for not providing PAN | AA9: Shareholder type
M10: No of Voting (XIV) Rights | P10: Total as a % of Total Voting rights
M11: Class eg:X | N11: Class eg:y | O11: Total | U11: No. (a) | V11: As a % of total Shares held (b) | W11: No. (a) | X11: As a % of total Shares held (b)
E12: A1(a) | F12: Individuals/Hindu undivided Family
K13: =+IFERROR(IF(COUNT(H13:J13),ROUND(SUM(H13:J13),0),""),"") | L13: =+IFERROR(IF(COUNT(K13),ROUND(K13/'Shareholding Pattern'!$L$78*100,2),""),0) | M13: =IF(H13="","",H13) | O13: =+IFERROR(IF(COUNT(M13:N13),ROUND(SUM(M13,N13),2),""),"") | P13: =+IFERROR(IF(COUNT(O13),ROUND(O13/('Shareholding Pattern'!$P$79)*100,2),""),0) | S13: =+IFERROR(IF(COUNT(Q13:R13),ROUND(SUM(Q13:R13),0),""),"") | T13: =+IFERROR(IF(COUNT(K13,S13),ROUND(SUM(S13,K13)/SUM('Shareholding Pattern'!$L$78,'Shareholding Pattern'!$T$78)*100,2),""),0) | V13: =+IFERROR(IF(COUNT(U13),ROUND(SUM(U13)/SUM(K13)*100,2),""),0) | X13: =+IFERROR(IF(COUNT(W13),ROUND(SUM(W13)/SUM(K13)*100,2),""),0) | AC13: =IF(SUM(H13:Y13)>0,1,0) -> 0 | AD13: =IF(COUNT(H16:$Y$15001)=0,"",SUM(AC1:AC65533)) -> 1
E15: 1 | F15: NITA DHIREN KOTHARY | G15: AGBPK6907B | H15: 30953 | K15: =+IFERROR(IF(COUNT(H15:J15),ROUND(SUM(H15:J15),0),""),"") -> 30953 | L15: =+IFERROR(IF(COUNT(K15),ROUND(K15/'Shareholding Pattern'!$L$78*100,2),""),0) -> 0.31 | M15: 30953 | O15: =+IFERROR(IF(COUNT(M15:N15),ROUND(SUM(M15,N15),2),""),"") -> 30953 | P15: =+IFERROR(IF(COUNT(O15),ROUND(O15/('Shareholding Pattern'!$P$79)*100,2),""),0) -> 0.31 | S15: =+IFERROR(IF(COUNT(Q15:R15),ROUND(SUM(Q15:R15),0),""),"") | T15: =+IFERROR(IF(COUNT(K15,S15),ROUND(SUM(S15,K15)/SUM('Shareholding Pattern'!$L$78,'Shareholding Pattern'!$T$78)*100,2),""),0) -> 0.31 | V15: =+IFERROR(IF(COUNT(U15),ROUND(SUM(U15)/SUM(K15)*100,2),""),0) | X15: =+IFERROR(IF(COUNT(W15),ROUND(SUM(W15)/SUM(K15)*100,2),""),0) | Y15: 30953 | AA15: Promoter | AC15: =IF(SUM(H15:Y15)>0,1,0) -> 1
F17: Total | G17: Total | H17: =+IFERROR(IF(COUNT(H14:H16),ROUND(SUM(H14:H16),0),""),"") -> 30953 | I17: =+IFERROR(IF(COUNT(I14:I16),ROUND(SUM(I14:I16),0),""),"") | J17: =+IFERROR(IF(COUNT(J14:J16),ROUND(SUM(J14:J16),0),""),"") | K17: =+IFERROR(IF(COUNT(K14:K16),ROUND(SUM(K14:K16),0),""),"") -> 30953 | L17: =+IFERROR(IF(COUNT(K17),ROUND(K17/'Shareholding Pattern'!$L$78*100,2),""),0) -> 0.31 | M17: =+IFERROR(IF(COUNT(M14:M16),ROUND(SUM(M14:M16),0),""),"") -> 30953 | N17: =+IFERROR(IF(COUNT(N14:N16),ROUND(SUM(N14:N16),0),""),"") | O17: =+IFERROR(IF(COUNT(O14:O16),ROUND(SUM(O14:O16),0),""),"") -> 30953 | P17: =+IFERROR(IF(COUNT(O17),ROUND(O17/('Shareholding Pattern'!$P$79)*100,2),""),0) -> 0.31 | Q17: =+IFERROR(IF(COUNT(Q14:Q16),ROUND(SUM(Q14:Q16),0),""),"") | R17: =+IFERROR(IF(COUNT(R14:R16),ROUND(SUM(R14:R16),0),""),"") | S17: =+IFERROR(IF(COUNT(S14:S16),ROUND(SUM(S14:S16),0),""),"") | T17: =+IFERROR(IF(COUNT(K17,S17),ROUND(SUM(S17,K17)/SUM('Shareholding Pattern'!$L$78,'Shareholding Pattern'!$T$78)*100,2),""),0) -> 0.31 | U17: =+IFERROR(IF(COUNT(U14:U16),ROUND(SUM(U14:U16),0),""),"") | V17: =+IFERROR(IF(COUNT(U17),ROUND(SUM(U17)/SUM(K17)*100,2),""),0) | W17: =+IFERROR(IF(COUNT(W14:W16),ROUND(SUM(W14:W16),0),""),"") | X17: =+IFERROR(IF(COUNT(W17),ROUND(SUM(W17)/SUM(K17)*100,2),""),0) | Y17: =+IFERROR(IF(COUNT(Y14:Y16),ROUND(SUM(Y14:Y16),0),""),"") -> 30953

Sheet SBO
I1: 1 | L1: Yes | M1: No | N1: NA
F2: Name of SBO | G2: PAN of SBO | H2: Passport No. in case of a foreign national of SBO | J2: Nationality of SBO | K2: Nationality (Applicable in case of Any other is selected) of SBO | L2: Name of RegisteredOwner | M2: PAN of RegisteredOwner | N2: Passport No. in case of a foreign national of RegisteredOwner | O2: Nationality of RegisteredOwner | P2: Nationality (Applicable in case of Any other is selected) of RegisteredOwner | Q2: Shares | R2: Voting rights SBO | S2: Rights on distributable dividend or any other distribution | T2: Exercise of control | U2: Exercise of significant influence | V2: Date of creation / acquisition of significant beneficial interest
AA3: India
AA4: United Kingdom
AA5: Hong Kong
AA6: China
AA7: Mauritius
AA8: Singapore
E9: Sr. No. | F9: Details of the SBO | L9: Details of the registered owner | Q9: Details of holding/ exercise of right of the SBO in the reporting company, whether direct or indirect*: | V9: Date of creation / acquisition of significant beneficial interest | AA9: Japan
F10: Name | G10: PAN | H10: Passport No. in case of a foreign national | J10: Nationality | K10: Nationality (Applicable in case of Any other is selected) | L10: Name | M10: PAN | N10: Passport No. in case of a foreign national | O10: Nationality | P10: Nationality (Applicable in case of Any other is selected) | Q10: Whether by virtue of: | AA10: United States of America
Q11: Shares | R11: Voting rights | S11: Rights on distributable dividend or any other distribution | T11: Exercise of control | U11: Exercise of significant influence | AA11: Any other
F12: significant beneficial owners
E15: 1 | F15: Nita Dhiren Kothary | G15: AGBPK6907B | J15: India | L15: Quest Fin- Cap Private Limited | M15: AAACQ0724C | O15: India | Q15: 60.77 | R15: 60.77 | T15: No | U15: No | V15: 21-02-2022

Sheet CGAndSG
I1: 0 | AD1: =SUM(AC1:AC65531) -> 0
F2: Name of shareholder | G2: Permanent account number of shareholder | H2: Number of fully paid up equity shares | I2: Number of partly paid-up equity shares | J2: Number of shares underlying outstanding depository receipts | K2: Total number of shares | L2: Shareholding as a percentage of total number of shares held by promoters and public shareholders and custodians or DR holders | M2: Number of voting rights held by same class of securities | N2: Number of voting rights held by differential voting rights | O2: Total Number of voting rights | P2: Percentage of total number of voting rights | Q2: Number of shares underlying outstanding convertible securities | R2: Number of warrant | S2: Number of warrant and convertible securities | T2: Total shareholding as a percentage assuming full conversion of convertible securities | U2: Number of the locked-in-shares | V2: Locked-in-shares as a percentage of total number of shares | W2: Pledged or encumbered - number of shares | X2: Pledged or encumbered shares held as percentage of total number of shares | Y2: Number of equity shares held in dematerialized form | Z2: Reason for not providing PAN | AA2: Shareholder type | AR2: Promoter | AS2: Promoter Group
E9: Searial No. | F9: Name of the Shareholders (I) | G9: PAN (II) | H9: No. of fully paid up equity shares held (IV) | I9: No. Of Partly paid-up equity shares held (V) | J9: No. Of shares underlying Depository Receipts (VI) | K9: Total nos. shares held (VII) = (IV)+(V)+ (VI) | L9: Shareholding as a % of total no. of shares (calculated as per SCRR, 1957) (VIII) As a % of (A+B+C2) | M9: Number of Voting Rights held in each class of securities (IX) | Q9: No. Of Shares Underlying Outstanding convertible securities (X) | R9: No. of Shares Underlying Outstanding Warrants (Xi) | S9: No. Of Shares Underlying Outstanding convertible securities and warrants (X) | T9: Shareholding , as a % assuming full conversion of convertible securities (as a percentage of diluted share capital) (XI)= (VII)+(X) As a % of (A+B+C2) | U9: Number of Locked in shares (XII) | W9: Number of Shares pledged or otherwise encumbered (XIII) | Y9: Number of equity shares held in dematerialized form (XIV) | Z9: Reason for not providing PAN | AA9: Shareholder type
M10: No of Voting (XIV) Rights | P10: Total as a % of Total Voting rights
M11: Class eg: X | N11: Class eg:y | O11: Total | U11: No. (a) | V11: As a % of total Shares held (b) | W11: No. (a) | X11: As a % of total Shares held (b)
E12: A1(b) | F12: Central Government/ State Government(s)
K13: =+IFERROR(IF(COUNT(H13:J13),ROUND(SUM(H13:J13),0),""),"") | L13: =+IFERROR(IF(COUNT(K13),ROUND(K13/'Shareholding Pattern'!$L$78*100,2),""),0) | M13: =IF(H13="","",H13) | O13: =+IFERROR(IF(COUNT(M13:N13),ROUND(SUM(M13,N13),2),""),"") | P13: =+IFERROR(IF(COUNT(O13),ROUND(O13/('Shareholding Pattern'!$P$79)*100,2),""),0) | S13: =+IFERROR(IF(COUNT(Q13:R13),ROUND(SUM(Q13:R13),0),""),"") | T13: =+IFERROR(IF(COUNT(K13,S13),ROUND(SUM(S13,K13)/SUM('Shareholding Pattern'!$L$78,'Shareholding Pattern'!$T$78)*100,2),""),0) | V13: =+IFERROR(IF(COUNT(U13),ROUND(SUM(U13)/SUM(K13)*100,2),""),0) | X13: =+IFERROR(IF(COUNT(W13),ROUND(SUM(W13)/SUM(K13)*100,2),""),0) | AC13: =IF(SUM(H13:Y13)>0,1,0) -> 0 | AD13: =IF(COUNT(H15:$Y$14995)=0,"",SUM(AC1:AC65533))
F16: Total | G16: Total | H16: =+IFERROR(IF(COUNT(H14:H15),ROUND(SUM(H14:H15),0),""),"") | I16: =+IFERROR(IF(COUNT(I14:I15),ROUND(SUM(I14:I15),0),""),"") | J16: =+IFERROR(IF(COUNT(J14:J15),ROUND(SUM(J14:J15),0),""),"") | K16: =+IFERROR(IF(COUNT(H16:J16),ROUND(SUM(H16:J16),0),""),"") | L16: =+IFERROR(IF(COUNT(K16),ROUND(K16/'Shareholding Pattern'!$L$78*100,2),""),0) | M16: =+IFERROR(IF(COUNT(M14:M15),ROUND(SUM(M14:M15),0),""),"") | N16: =+IFERROR(IF(COUNT(N14:N15),ROUND(SUM(N14:N15),0),""),"") | O16: =+IFERROR(IF(COUNT(M16:N16),ROUND(SUM(M16,N16),2),""),"") | P16: =+IFERROR(IF(COUNT(O16),ROUND(O16/('Shareholding Pattern'!$P$79)*100,2),""),0) | Q16: =+IFERROR(IF(COUNT(Q14:Q15),ROUND(SUM(Q14:Q15),0),""),"") | R16: =+IFERROR(IF(COUNT(R14:R15),ROUND(SUM(R14:R15),0),""),"") | S16: =+IFERROR(IF(COUNT(Q16:R16),ROUND(SUM(Q16:R16),0),""),"") | T16: =+IFERROR(IF(COUNT(K16,S16),ROUND(SUM(S16,K16)/SUM('Shareholding Pattern'!$L$78,'Shareholding Pattern'!$T$78)*100,2),""),0) | U16: =+IFERROR(IF(COUNT(U14:U15),ROUND(SUM(U14:U15),0),""),"") | V16: =+IFERROR(IF(COUNT(U16),ROUND(SUM(U16)/SUM(K16)*100,2),""),0) | W16: =+IFERROR(IF(COUNT(W14:W15),ROUND(SUM(W14:W15),0),""),"") | X16: =+IFERROR(IF(COUNT(W16),ROUND(SUM(W16)/SUM(K16)*100,2),""),0) | Y16: =+IFERROR(IF(COUNT(Y14:Y15),ROUND(SUM(Y14:Y15),0),""),"")

Sheet Banks
I1: 0
F2: Name of shareholder | G2: Permanent account number of shareholder | H2: Number of fully paid up equity shares | I2: Number of partly paid-up equity shares | J2: Number of shares underlying outstanding depository receipts | K2: Total number of shares | L2: Shareholding as a percentage of total number of shares held by promoters and public shareholders and custodians or DR holders | M2: Number of voting rights held by same class of securities | N2: Number of voting rights held by differential voting rights | O2: Total Number of voting rights | P2: Percentage of total number of voting rights | Q2: Number of shares underlying outstanding convertible securities | R2: Number of warrant | S2: Number of warrant and convertible securities | T2: Total shareholding as a percentage assuming full conversion of convertible securities | U2: Number of the locked-in-shares | V2: Locked-in-shares as a percentage of total number of shares | W2: Pledged or encumbered - number of shares | X2: Pledged or encumbered shares held as percentage of total number of shares | Y2: Number of equity shares held in dematerialized form | Z2: Reason for not providing PAN | AA2: Shareholder type | AR2: Promoter | AS2: Promoter Group
AR7: Trusts
AR8: HUF
E9: Searial No. | F9: Name of the Shareholders (I) | G9: PAN (II) | H9: No. of fully paid up equity shares held (IV) | I9: No. Of Partly paid-up equity shares held (V) | J9: No. Of shares underlying Depository Receipts (VI) | K9: Total nos. shares held (VII) = (IV)+(V)+ (VI) | L9: Shareholding as a % of total no. of shares (calculated as per SCRR, 1957) (VIII) As a % of (A+B+C2) | M9: Number of Voting Rights held in each class of securities (IX) | Q9: No. Of Shares Underlying Outstanding convertible securities (X) | R9: No. of Shares Underlying Outstanding Warrants (Xi) | S9: No. Of Shares Underlying Outstanding convertible securities and No. Of Warrants (Xi) (a) | T9: Shareholding , as a % assuming full conversion of convertible securities (as a percentage of diluted share capital) (XI)= (VII)+(X) As a % of (A+B+C2) | U9: Number of Locked in shares (XII) | W9: Number of Shares pledged or otherwise encumbered (XIII) | Y9: Number of equity shares held in dematerialized form (XIV) | Z9: Reason for not providing PAN | AA9: Shareholder type | AR9: Societies
M10: No of Voting (XIV) Rights | P10: Total as a % of Total Voting rights | AR10: ESOP or ESOS or ESPS
M11: Class eg: X | N11: Class eg:y | O11: Total | U11: No. (a) | V11: As a % of total Shares held (b) | W11: No. (a) | X11: As a % of total Shares held (b) | AR11: Employee welfare fund
E12: A1(c) | F12: Financial Institutions/ Banks | AR12: Venture capital funds
K13: =+IFERROR(IF(COUNT(H13:J13),ROUND(SUM(H13:J13),0),""),"") | L13: =+IFERROR(IF(COUNT(K13),ROUND(K13/'Shareholding Pattern'!$L$78*100,2),""),0) | M13: =IF(H13="","",H13) | O13: =+IFERROR(IF(COUNT(M13:N13),ROUND(SUM(M13,N13),2),""),"") | P13: =+IFERROR(IF(COUNT(O13),ROUND(O13/('Shareholding Pattern'!$P$79)*100,2),""),0) | S13: =+IFERROR(IF(COUNT(Q13:R13),ROUND(SUM(Q13:R13),0),""),"") | T13: =+IFERROR(IF(COUNT(K13,S13),ROUND(SUM(S13,K13)/SUM('Shareholding Pattern'!$L$78,'Shareholding Pattern'!$T$78)*100,2),""),0) | V13: =+IFERROR(IF(COUNT(U13),ROUND(SUM(U13)/SUM(K13)*100,2),""),0) | X13: =+IFERROR(IF(COUNT(W13),ROUND(SUM(W13)/SUM(K13)*100,2),""),0) | AC13: =IF(SUM(H13:Y13)>0,1,0) -> 0 | AD13: =IF(COUNT(H15:$Y$14999)=0,"",SUM(AC1:AC65533)) | AR13: Angel Investors
AR14: Private Equity Fund
F16: Total | G16: Total | H16: =+IFERROR(IF(COUNT(H14:H15),ROUND(SUM(H14:H15),0),""),"") | I16: =+IFERROR(IF(COUNT(I14:I15),ROUND(SUM(I14:I15),0),""),"") | J16: =+IFERROR(IF(COUNT(J14:J15),ROUND(SUM(J14:J15),0),""),"") | K16: =+IFERROR(IF(COUNT(K14:K15),ROUND(SUM(K14:K15),0),""),"") | L16: =+IFERROR(IF(COUNT(K16),ROUND(K16/'Shareholding Pattern'!$L$78*100,2),""),0) | M16: =+IFERROR(IF(COUNT(M14:M15),ROUND(SUM(M14:M15),0),""),"") | N16: =+IFERROR(IF(COUNT(N14:N15),ROUND(SUM(N14:N15),0),""),"") | O16: =+IFERROR(IF(COUNT(O14:O15),ROUND(SUM(O14:O15),0),""),"") | P16: =+IFERROR(IF(COUNT(O16),ROUND(O16/('Shareholding Pattern'!$P$79)*100,2),""),0) | Q16: =+IFERROR(IF(COUNT(Q14:Q15),ROUND(SUM(Q14:Q15),0),""),"") | R16: =+IFERROR(IF(COUNT(R14:R15),ROUND(SUM(R14:R15),0),""),"") | S16: =+IFERROR(IF(COUNT(S14:S15),ROUND(SUM(S14:S15),0),""),"") | T16: =+IFERROR(IF(COUNT(K16,S16),ROUND(SUM(S16,K16)/SUM('Shareholding Pattern'!$L$78,'Shareholding Pattern'!$T$78)*100,2),""),0) | U16: =+IFERROR(IF(COUNT(U14:U15),ROUND(SUM(U14:U15),0),""),"") | V16: =+IFERROR(IF(COUNT(U16),ROUND(SUM(U16)/SUM(K16)*100,2),""),0) | W16: =+IFERROR(IF(COUNT(W14:W15),ROUND(SUM(W14:W15),0),""),"") | X16: =+IFERROR(IF(COUNT(W16),ROUND(SUM(W16)/SUM(K16)*100,2),""),0) | Y16: =+IFERROR(IF(COUNT(Y14:Y15),ROUND(SUM(Y14:Y15),0),""),"")

Sheet OtherIND
I1: 2 | AR1: Director or Director's Relatives
E2: Category of other indian shareholders | F2: Category or more than one percentage | G2: Name of shareholder | H2: Permanent account number of shareholder | I2: Number of shareholders | J2: Number of fully paid up equity shares | K2: Number of partly paid-up equity shares | L2: Number of shares underlying outstanding depository receipts | M2: Total number of shares | N2: Shareholding as a percentage of total number of shares held by promoters and public shareholders and custodians or DR holders | O2: Number of voting rights held by same class of securities | P2: Number of voting rights held by differential voting rights | Q2: Total Number of voting rights | R2: Percentage of total number of voting rights | S2: Number of shares underlying outstanding convertible securities | T2: Number of warrant | U2: Number of warrant and convertible securities | V2: Total shareholding as a percentage assuming full conversion of convertible securities | W2: Number of the locked-in-shares | X2: Locked-in-shares as a percentage of total number of shares | Y2: Pledged or encumbered - number of shares | Z2: Pledged or encumbered shares held as percentage of total number of shares | AA2: Number of equity shares held in dematerialized form | AB2: Reason for not providing PAN | AC2: Shareholder type | AR2: Bodies Corporate | AZ2: Promoter | BA2: Promoter Group
AR3: Partnership Firms
AR4: Trusts
AR5: Person Acting in Concert
AR6: Other
D9: Searial No. | E9: Category | G9: Name of the Shareholders (I) | H9: PAN (II) | I9: No. of the Shareholders (I) | J9: No. of fully paid up equity shares held (IV) | K9: No. Of Partly paid-up equity shares held (V) | L9: No. Of shares underlying Depository Receipts (VI) | M9: Total nos. shares held (VII) = (IV)+(V)+ (VI) | N9: Shareholding as a % of total no. of shares (calculated as per SCRR, 1957) (VIII) As a % of (A+B+C2) | O9: Number of Voting Rights held in each class of securities (IX) | S9: No. Of Shares Underlying Outstanding convertible securities (X) | T9: No. of Shares Underlying Outstanding Warrants (Xi) | U9: No. Of Shares Underlying Outstanding convertible securities and No. Of Warrants (Xi) (a) | V9: Shareholding , as a % assuming full conversion of convertible securities (as a percentage of diluted share capital) (XI)= (VII)+(X) As a % of (A+B+C2) | W9: Number of Locked in shares (XII) | Y9: Number of Shares pledged or otherwise encumbered (XIII) | AA9: Number of equity shares held in dematerialized form (XIV) | AB9: Reason for not providing PAN | AC9: Shareholder type | AV9: Category
O10: No of Voting (XIV) Rights | R10: Total as a % of Total Voting rights | AV10: More than 1 percentage of shareholding
O11: Class eg: X | P11: Class eg:y | Q11: Total | W11: No. (a) | X11: As a % of total Shares held (b) | Y11: No. (a) | Z11: As a % of total Shares held (b)
D12: A1(d) | E12: Any Other (specify)
M13: =+IFERROR(IF(COUNT(J13:L13),ROUND(SUM(J13:L13),0),""),"") | N13: =+IFERROR(IF(COUNT(M13),ROUND(M13/'Shareholding Pattern'!$L$78*100,2),""),0) | O13: =IF(J13="","",J13) | Q13: =+IFERROR(IF(COUNT(O13:P13),ROUND(SUM(O13,P13),2),""),"") | R13: =+IFERROR(IF(COUNT(Q13),ROUND(Q13/('Shareholding Pattern'!$P$79)*100,2),""),0) | U13: =+IFERROR(IF(COUNT(S13:T13),ROUND(SUM(S13:T13),0),""),"") | V13: =+IFERROR(IF(COUNT(M13,U13),ROUND(SUM(U13,M13)/SUM('Shareholding Pattern'!$L$78,'Shareholding Pattern'!$T$78)*100,2),""),0) | X13: =+IFERROR(IF(COUNT(W13),ROUND(SUM(W13)/SUM(M13)*100,2),""),0) | Z13: =+IFERROR(IF(COUNT(Y13),ROUND(SUM(Y13)/SUM(M13)*100,2),""),0) | AD13: =IF(COUNT(H17:$AA$15001)=0,"",SUM(AC1:AC65535)) -> 0 | AF13: =IF(SUM(I13:AA13)>0,1,0) -> 0 | AG13: =IF(COUNT(H17:$AA$14995)=0,"",SUM(AF1:AF65529)) -> 2
D15: 1 | E15: Bodies Corporate | G15: QUEST FIN-CAP LIMITED | H15: AAACQ0724C | I15: 1 | J15: 4300000 | M15: =+IFERROR(IF(COUNT(J15:L15),ROUND(SUM(J15:L15),0),""),"") -> 4300000 | N15: =+IFERROR(IF(COUNT(M15),ROUND(M15/'Shareholding Pattern'!$L$78*100,2),""),0) -> 43 | O15: 4300000 | Q15: =+IFERROR(IF(COUNT(O15:P15),ROUND(SUM(O15,P15),2),""),"") -> 4300000 | R15: =+IFERROR(IF(COUNT(Q15),ROUND(Q15/('Shareholding Pattern'!$P$79)*100,2),""),0) -> 43 | U15: =+IFERROR(IF(COUNT(S15:T15),ROUND(SUM(S15:T15),0),""),"") | V15: =+IFERROR(IF(COUNT(M15,U15),ROUND(SUM(U15,M15)/SUM('Shareholding Pattern'!$L$78,'Shareholding Pattern'!$T$78)*100,2),""),0) -> 43 | X15: =+IFERROR(IF(COUNT(W15),ROUND(SUM(W15)/SUM(M15)*100,2),""),0) | Z15: =+IFERROR(IF(COUNT(Y15),ROUND(SUM(Y15)/SUM(M15)*100,2),""),0) | AA15: 4300000 | AC15: Promoter Group | AD15: =IF(COUNT(H19:$AA$15001)=0,"",SUM(AC3:AC65537)) | AF15: =IF(SUM(I15:AA15)>0,1,0) -> 1
D16: 2 | E16: Director or Director's Relatives | G16: DHIREN BHOGILAL KOTHARY | H16: AAHPK0621J | I16: 1 | J16: 50444 | M16: =+IFERROR(IF(COUNT(J16:L16),ROUND(SUM(J16:L16),0),""),"") -> 50444 | N16: =+IFERROR(IF(COUNT(M16),ROUND(M16/'Shareholding Pattern'!$L$78*100,2),""),0) -> 0.5 | O16: 50444 | Q16: =+IFERROR(IF(COUNT(O16:P16),ROUND(SUM(O16,P16),2),""),"") -> 50444 | R16: =+IFERROR(IF(COUNT(Q16),ROUND(Q16/('Shareholding Pattern'!$P$79)*100,2),""),0) -> 0.5 | U16: =+IFERROR(IF(COUNT(S16:T16),ROUND(SUM(S16:T16),0),""),"") | V16: =+IFERROR(IF(COUNT(M16,U16),ROUND(SUM(U16,M16)/SUM('Shareholding Pattern'!$L$78,'Shareholding Pattern'!$T$78)*100,2),""),0) -> 0.5 | X16: =+IFERROR(IF(COUNT(W16),ROUND(SUM(W16)/SUM(M16)*100,2),""),0) | Z16: =+IFERROR(IF(COUNT(Y16),ROUND(SUM(Y16)/SUM(M16)*100,2),""),0) | AA16: 50444 | AC16: Promoter Group | AD16: =IF(COUNT(H20:$AA$15001)=0,"",SUM(AC4:AC65538)) | AF16: =IF(SUM(I16:AA16)>0,1,0) -> 1
E18: Total | H18: Total | I18: =+IFERROR(IF(COUNT(I14:I17),ROUND(SUM(I14:I17),0),""),"") -> 2 | J18: =+IFERROR(IF(COUNT(J14:J17),ROUND(SUM(J14:J17),0),""),"") -> 4350444 | K18: =+IFERROR(IF(COUNT(K14:K17),ROUND(SUM(K14:K17),0),""),"") | L18: =+IFERROR(IF(COUNT(L14:L17),ROUND(SUM(L14:L17),0),""),"") | M18: =+IFERROR(IF(COUNT(M14:M17),ROUND(SUM(M14:M17),0),""),"") -> 4350444 | N18: =+IFERROR(IF(COUNT(M18),ROUND(M18/'Shareholding Pattern'!$L$78*100,2),""),0) -> 43.5 | O18: =+IFERROR(IF(COUNT(O14:O17),ROUND(SUM(O14:O17),0),""),"") -> 4350444 | P18: =+IFERROR(IF(COUNT(P14:P17),ROUND(SUM(P14:P17),0),""),"") | Q18: =+IFERROR(IF(COUNT(Q14:Q17),ROUND(SUM(Q14:Q17),0),""),"") -> 4350444 | R18: =+IFERROR(IF(COUNT(Q18),ROUND(Q18/('Shareholding Pattern'!$P$79)*100,2),""),0) -> 43.5 | S18: =+IFERROR(IF(COUNT(S14:S17),ROUND(SUM(S14:S17),0),""),"") | T18: =+IFERROR(IF(COUNT(T14:T17),ROUND(SUM(T14:T17),0),""),"") | U18: =+IFERROR(IF(COUNT(U14:U17),ROUND(SUM(U14:U17),0),""),"") | V18: =+IFERROR(IF(COUNT(M18,U18),ROUND(SUM(U18,M18)/SUM('Shareholding Pattern'!$L$78,'Shareholding Pattern'!$T$78)*100,2),""),0) -> 43.5 | W18: =+IFERROR(IF(COUNT(W14:W17),ROUND(SUM(W14:W17),0),""),"") | X18: =+IFERROR(IF(COUNT(W18),ROUND(SUM(W18)/SUM(M18)*100,2),""),0) | Y18: =+IFERROR(IF(COUNT(Y14:Y17),ROUND(SUM(Y14:Y17),0),""),"") | Z18: =+IFERROR(IF(COUNT(Y18),ROUND(SUM(Y18)/SUM(M18)*100,2),""),0) | AA18: =+IFERROR(IF(COUNT(AA14:AA17),ROUND(SUM(AA14:AA17),0),""),"") -> 4350444

Sheet Individuals
B1: 060068073086032105100061084069088084066076079067075032099111110116101110116069100105116097098108101061116114117101032115116121108101061034072069073071072084058032049048048037059032087073068084072058032049048048037034062013010060068073086062116114101115100102098106100104098060047068073086062060047068073086062 | E1: 1 | I1: 0
F2: Name of shareholder | G2: Permanent account number of shareholder | H2: Number of fully paid up equity shares | I2: Number of partly paid-up equity shares | J2: Number of shares underlying outstanding depository receipts | K2: Total number of shares | L2: Shareholding as a percentage of total number of shares held by promoters and public shareholders and custodians or DR holders | M2: Number of voting rights held by same class of securities | N2: Number of voting rights held by differential voting rights | O2: Total Number of voting rights | P2: Percentage of total number of voting rights | Q2: Number of shares underlying outstanding convertible securities | R2: Number of warrant | S2: Number of warrant and convertible securities | T2: Total shareholding as a percentage assuming full conversion of convertible securities | U2: Number of the locked-in-shares | V2: Locked-in-shares as a percentage of total number of shares | W2: Pledged or encumbered - number of shares | X2: Pledged or encumbered shares held as percentage of total number of shares | Y2: Number of equity shares held in dematerialized form | Z2: Reason for not providing PAN | AA2: Shareholder type | AR2: Promoter | AS2: Promoter Group
E9: Searial No. | F9: Name of the Shareholders (I) | G9: PAN (II) | H9: No. of fully paid up equity shares held (IV) | I9: No. Of Partly paid-up equity shares held (V) | J9: No. Of shares underlying Depository Receipts (VI) | K9: Total nos. shares held (VII) = (IV)+(V)+ (VI) | L9: Shareholding as a % of total no. of shares (calculated as per SCRR, 1957) (VIII) As a % of (A+B+C2) | M9: Number of Voting Rights held in each class of securities (IX) | Q9: No. Of Shares Underlying Outstanding convertible securities (X) | R9: No. of Shares Underlying Outstanding Warrants (Xi) | S9: No. Of Shares Underlying Outstanding convertible securities and No. Of Warrants (Xi) (a) | T9: Shareholding , as a % assuming full conversion of convertible securities (as a percentage of diluted share capital) (XI)= (VII)+(X) As a % of (A+B+C2) | U9: Number of Locked in shares (XII) | W9: Number of Shares pledged or otherwise encumbered (XIII) | Y9: Number of equity shares held in dematerialized form (XIV) | Z9: Reason for not providing PAN | AA9: Shareholder type
M10: No of Voting (XIV) Rights | P10: Total as a % of Total Voting rights
M11: Class eg: X | N11: Class eg:y | O11: Total | U11: No. (a) | V11: As a % of total Shares held (b) | W11: No. (a) | X11: As a % of total Shares held (b)
E12: A2(a) | F12: Individuals (NonResident Individuals/ Foreign Individuals)
K13: =+IFERROR(IF(COUNT(H13:J13),ROUND(SUM(H13:J13),0),""),"") | L13: =+IFERROR(IF(COUNT(K13),ROUND(K13/'Shareholding Pattern'!$L$78*100,2),""),0) | M13: =IF(H13="","",H13) | O13: =+IFERROR(IF(COUNT(M13:N13),ROUND(SUM(M13,N13),2),""),"") | P13: =+IFERROR(IF(COUNT(O13),ROUND(O13/('Shareholding Pattern'!$P$79)*100,2),""),0) | S13: =+IFERROR(IF(COUNT(Q13:R13),ROUND(SUM(Q13:R13),0),""),"") | T13: =+IFERROR(IF(COUNT(K13,S13),ROUND(SUM(S13,K13)/SUM('Shareholding Pattern'!$L$78,'Shareholding Pattern'!$T$78)*100,2),""),0) | V13: =+IFERROR(IF(COUNT(U13),ROUND(SUM(U13)/SUM(K13)*100,2),""),0) | X13: =+IFERROR(IF(COUNT(W13),ROUND(SUM(W13)/SUM(K13)*100,2),""),0) | AC13: =IF(SUM(H13:Y13)>0,1,0) -> 0 | AD13: =IF(COUNT(H15:$Y$15000)=0,"",SUM(AC1:AC65533))
F16: Total | G16: Total | H16: =+IFERROR(IF(COUNT(H14:H15),ROUND(SUM(H14:H15),0),""),"") | I16: =+IFERROR(IF(COUNT(I14:I15),ROUND(SUM(I14:I15),0),""),"") | J16: =+IFERROR(IF(COUNT(J14:J15),ROUND(SUM(J14:J15),0),""),"") | K16: =+IFERROR(IF(COUNT(K14:K15),ROUND(SUM(K14:K15),0),""),"") | L16: =+IFERROR(IF(COUNT(K16),ROUND(K16/'Shareholding Pattern'!$L$78*100,2),""),0) | M16: =+IFERROR(IF(COUNT(M14:M15),ROUND(SUM(M14:M15),0),""),"") | N16: =+IFERROR(IF(COUNT(N14:N15),ROUND(SUM(N14:N15),0),""),"") | O16: =+IFERROR(IF(COUNT(O14:O15),ROUND(SUM(O14:O15),0),""),"") | P16: =+IFERROR(IF(COUNT(O16),ROUND(O16/('Shareholding Pattern'!$P$79)*100,2),""),0) | Q16: =+IFERROR(IF(COUNT(Q14:Q15),ROUND(SUM(Q14:Q15),0),""),"") | R16: =+IFERROR(IF(COUNT(R14:R15),ROUND(SUM(R14:R15),0),""),"") | S16: =+IFERROR(IF(COUNT(S14:S15),ROUND(SUM(S14:S15),0),""),"") | T16: =+IFERROR(IF(COUNT(K16,S16),ROUND(SUM(S16,K16)/SUM('Shareholding Pattern'!$L$78,'Shareholding Pattern'!$T$78)*100,2),""),0) | U16: =+IFERROR(IF(COUNT(U14:U15),ROUND(SUM(U14:U15),0),""),"") | V16: =+IFERROR(IF(COUNT(U16),ROUND(SUM(U16)/SUM(K16)*100,2),""),0) | W16: =+IFERROR(IF(COUNT(W14:W15),ROUND(SUM(W14:W15),0),""),"") | X16: =+IFERROR(IF(COUNT(W16),ROUND(SUM(W16)/SUM(K16)*100,2),""),0) | Y16: =+IFERROR(IF(COUNT(Y14:Y15),ROUND(SUM(Y14:Y15),0),""),"")

Sheet Government
I1: 0
F2: Name of shareholder | G2: Permanent account number of shareholder | H2: Number of fully paid up equity shares | I2: Number of partly paid-up equity shares | J2: Number of shares underlying outstanding depository receipts | K2: Total number of shares | L2: Shareholding as a percentage of total number of shares held by promoters and public shareholders and custodians or DR holders | M2: Number of voting rights held by same class of securities | N2: Number of voting rights held by differential voting rights | O2: Total Number of voting rights | P2: Percentage of total number of voting rights | Q2: Number of shares underlying outstanding convertible securities | R2: Number of warrant | S2: Number of warrant and convertible securities | T2: Total shareholding as a percentage assuming full conversion of convertible securities | U2: Number of the locked-in-shares | V2: Locked-in-shares as a percentage of total number of shares | W2: Pledged or encumbered - number of shares | X2: Pledged or encumbered shares held as percentage of total number of shares | Y2: Number of equity shares held in dematerialized form | Z2: Reason for not providing PAN | AA2: Shareholder type | AR2: Promoter | AS2: Promoter Group
E9: Searial No. | F9: Name of the Shareholders (I) | G9: PAN (II) | H9: No. of fully paid up equity shares held (IV) | I9: No. Of Partly paid-up equity shares held (V) | J9: No. Of shares underlying Depository Receipts (VI) | K9: Total nos. shares held (VII) = (IV)+(V)+ (VI) | L9: Shareholding as a % of total no. of shares (calculated as per SCRR, 1957) (VIII) As a % of (A+B+C2) | M9: Number of Voting Rights held in each class of securities (IX) | Q9: No. Of Shares Underlying Outstanding convertible securities (X) | R9: No. of Shares Underlying Outstanding Warrants (Xi) | S9: No. Of Shares Underlying Outstanding convertible securities and No. Of Warrants (Xi) (a) | T9: Shareholding , as a % assuming full conversion of convertible securities (as a percentage of diluted share capital) (XI)= (VII)+(X) As a % of (A+B+C2) | U9: Number of Locked in shares (XII) | W9: Number of Shares pledged or otherwise encumbered (XIII) | Y9: Number of equity shares held in dematerialized form (XIV) | Z9: Reason for not providing PAN | AA9: Shareholder type
M10: No of Voting (XIV) Rights | P10: Total as a % of Total Voting rights
M11: Class eg: X | N11: Class eg:y | O11: Total | U11: No. (a) | V11: As a % of total Shares held (b) | W11: No. (a) | X11: As a % of total Shares held (b)
E12: A2(a) | F12: Government
K13: =+IFERROR(IF(COUNT(H13:J13),ROUND(SUM(H13:J13),0),""),"") | L13: =+IFERROR(IF(COUNT(K13),ROUND(K13/'Shareholding Pattern'!$L$78*100,2),""),0) | M13: =IF(H13="","",H13) | O13: =+IFERROR(IF(COUNT(M13:N13),ROUND(SUM(M13,N13),2),""),"") | P13: =+IFERROR(IF(COUNT(O13),ROUND(O13/('Shareholding Pattern'!$P$79)*100,2),""),0) | S13: =+IFERROR(IF(COUNT(Q13:R13),ROUND(SUM(Q13:R13),0),""),"") | T13: =+IFERROR(IF(COUNT(K13,S13),ROUND(SUM(S13,K13)/SUM('Shareholding Pattern'!$L$78,'Shareholding Pattern'!$T$78)*100,2),""),0) | V13: =+IFERROR(IF(COUNT(U13),ROUND(SUM(U13)/SUM(K13)*100,2),""),0) | X13: =+IFERROR(IF(COUNT(W13),ROUND(SUM(W13)/SUM(K13)*100,2),""),0) | AC13: =IF(SUM(H13:I13)>0,1,0) -> 0 | AD13: =IF(COUNT(H15:$Y$15000)=0,"",SUM(AC1:AC65533))
F16: Total | G16: Total | H16: =+IFERROR(IF(COUNT(H14:H15),ROUND(SUM(H14:H15),0),""),"") | I16: =+IFERROR(IF(COUNT(I14:I15),ROUND(SUM(I14:I15),0),""),"") | J16: =+IFERROR(IF(COUNT(J14:J15),ROUND(SUM(J14:J15),0),""),"") | K16: =+IFERROR(IF(COUNT(K14:K15),ROUND(SUM(K14:K15),0),""),"") | L16: =+IFERROR(IF(COUNT(K16),ROUND(K16/'Shareholding Pattern'!$L$78*100,2),""),0) | M16: =+IFERROR(IF(COUNT(M14:M15),ROUND(SUM(M14:M15),0),""),"") | N16: =+IFERROR(IF(COUNT(N14:N15),ROUND(SUM(N14:N15),0),""),"") | O16: =+IFERROR(IF(COUNT(O14:O15),ROUND(SUM(O14:O15),0),""),"") | P16: =+IFERROR(IF(COUNT(O16),ROUND(O16/('Shareholding Pattern'!$P$79)*100,2),""),0) | Q16: =+IFERROR(IF(COUNT(Q14:Q15),ROUND(SUM(Q14:Q15),0),""),"") | R16: =+IFERROR(IF(COUNT(R14:R15),ROUND(SUM(R14:R15),0),""),"") | S16: =+IFERROR(IF(COUNT(S14:S15),ROUND(SUM(S14:S15),0),""),"") | T16: =+IFERROR(IF(COUNT(K16,S16),ROUND(SUM(S16,K16)/SUM('Shareholding Pattern'!$L$78,'Shareholding Pattern'!$T$78)*100,2),""),0) | U16: =+IFERROR(IF(COUNT(U14:U15),ROUND(SUM(U14:U15),0),""),"") | V16: =+IFERROR(IF(COUNT(U16),ROUND(SUM(U16)/SUM(K16)*100,2),""),0) | W16: =+IFERROR(IF(COUNT(W14:W15),ROUND(SUM(W14:W15),0),""),"") | X16: =+IFERROR(IF(COUNT(W16),ROUND(SUM(W16)/SUM(K16)*100,2),""),0) | Y16: =+IFERROR(IF(COUNT(Y14:Y15),ROUND(SUM(Y14:Y15),0),""),"")

Sheet Institutions
I1: 0
F2: Name of shareholder | G2: Permanent account number of shareholder | H2: Number of fully paid up equity shares | I2: Number of partly paid-up equity shares | J2: Number of shares underlying outstanding depository receipts | K2: Total number of shares | L2: Shareholding as a percentage of total number of shares held by promoters and public shareholders and custodians or DR holders | M2: Number of voting rights held by same class of securities | N2: Number of voting rights held by differential voting rights | O2: Total Number of voting rights | P2: Percentage of total number of voting rights | Q2: Number of shares underlying outstanding convertible securities | R2: Number of warrant | S2: Number of warrant and convertible securities | T2: Total shareholding as a percentage assuming full conversion of convertible securities | U2: Number of the locked-in-shares | V2: Locked-in-shares as a percentage of total number of shares | W2: Pledged or encumbered - number of shares | X2: Pledged or encumbered shares held as percentage of total number of shares | Y2: Number of equity shares held in dematerialized form | Z2: Reason for not providing PAN | AA2: Shareholder type | AR2: Promoter | AS2: Promoter Group
AR7: Trusts
AR8: Societies
E9: Searial No. | F9: Name of the Shareholders (I) | G9: PAN (II) | H9: No. of fully paid up equity shares held (IV) | I9: No. Of Partly paid-up equity shares held (V) | J9: No. Of shares underlying Depository Receipts (VI) | K9: Total nos. shares held (VII) = (IV)+(V)+ (VI) | L9: Shareholding as a % of total no. of shares (calculated as per SCRR, 1957) (VIII) As a % of (A+B+C2) | M9: Number of Voting Rights held in each class of securities (IX) | Q9: No. Of Shares Underlying Outstanding convertible securities (X) | R9: No. of Shares Underlying Outstanding Warrants (Xi) | S9: No. Of Shares Underlying Outstanding convertible securities and No. Of Warrants (Xi) (a) | T9: Shareholding , as a % assuming full conversion of convertible securities (as a percentage of diluted share capital) (XI)= (VII)+(X) As a % of (A+B+C2) | U9: Number of Locked in shares (XII) | W9: Number of Shares pledged or otherwise encumbered (XIII) | Y9: Number of equity shares held in dematerialized form (XIV) | Z9: Reason for not providing PAN | AA9: Shareholder type | AR9: ESOP or ESOS or ESPS
M10: No of Voting (XIV) Rights | P10: Total as a % of Total Voting rights | AR10: Employee welfare fund
M11: Class eg: X | N11: Class eg:y | O11: Total | U11: No. (a) | V11: As a % of total Shares held (b) | W11: No. (a) | X11: As a % of total Shares held (b) | AR11: Overseas corporate bodies
E12: A2(c) | F12: Institutions | AR12: Venture capital funds
K13: =+IFERROR(IF(COUNT(H13:J13),ROUND(SUM(H13:J13),0),""),"") | L13: =+IFERROR(IF(COUNT(K13),ROUND(K13/'Shareholding Pattern'!$L$78*100,2),""),0) | M13: =IF(H13="","",H13) | O13: =+IFERROR(IF(COUNT(M13:N13),ROUND(SUM(M13,N13),2),""),"") | P13: =+IFERROR(IF(COUNT(O13),ROUND(O13/('Shareholding Pattern'!$P$79)*100,2),""),0) | S13: =+IFERROR(IF(COUNT(Q13:R13),ROUND(SUM(Q13:R13),0),""),"") | T13: =+IFERROR(IF(COUNT(K13,S13),ROUND(SUM(S13,K13)/SUM('Shareholding Pattern'!$L$78,'Shareholding Pattern'!$T$78)*100,2),""),0) | V13: =+IFERROR(IF(COUNT(U13),ROUND(SUM(U13)/SUM(K13)*100,2),""),0) | X13: =+IFERROR(IF(COUNT(W13),ROUND(SUM(W13)/SUM(K13)*100,2),""),0) | AC13: =IF(SUM(H13:Y13)>0,1,0) -> 0 | AD13: =IF(COUNT(H15:$Y$15000)=0,"",SUM(AC1:AC65533)) | AR13: Angel Investors
AR14: Private Equity Fund
F16: Total | G16: Total | H16: =+IFERROR(IF(COUNT(H14:H15),ROUND(SUM(H14:H15),0),""),"") | I16: =+IFERROR(IF(COUNT(I14:I15),ROUND(SUM(I14:I15),0),""),"") | J16: =+IFERROR(IF(COUNT(J14:J15),ROUND(SUM(J14:J15),0),""),"") | K16: =+IFERROR(IF(COUNT(K14:K15),ROUND(SUM(K14:K15),0),""),"") | L16: =+IFERROR(IF(COUNT(K16),ROUND(K16/'Shareholding Pattern'!$L$78*100,2),""),0) | M16: =+IFERROR(IF(COUNT(M14:M15),ROUND(SUM(M14:M15),0),""),"") | N16: =+IFERROR(IF(COUNT(N14:N15),ROUND(SUM(N14:N15),0),""),"") | O16: =+IFERROR(IF(COUNT(O14:O15),ROUND(SUM(O14:O15),0),""),"") | P16: =+IFERROR(IF(COUNT(O16),ROUND(O16/('Shareholding Pattern'!$P$79)*100,2),""),0) | Q16: =+IFERROR(IF(COUNT(Q14:Q15),ROUND(SUM(Q14:Q15),0),""),"") | R16: =+IFERROR(IF(COUNT(R14:R15),ROUND(SUM(R14:R15),0),""),"") | S16: =+IFERROR(IF(COUNT(S14:S15),ROUND(SUM(S14:S15),0),""),"") | T16: =+IFERROR(IF(COUNT(K16,S16),ROUND(SUM(S16,K16)/SUM('Shareholding Pattern'!$L$78,'Shareholding Pattern'!$T$78)*100,2),""),0) | U16: =+IFERROR(IF(COUNT(U14:U15),ROUND(SUM(U14:U15),0),""),"") | V16: =+IFERROR(IF(COUNT(U16),ROUND(SUM(U16)/SUM(K16)*100,2),""),0) | W16: =+IFERROR(IF(COUNT(W14:W15),ROUND(SUM(W14:W15),0),""),"") | X16: =+IFERROR(IF(COUNT(W16),ROUND(SUM(W16)/SUM(K16)*100,2),""),0) | Y16: =+IFERROR(IF(COUNT(Y14:Y15),ROUND(SUM(Y14:Y15),0),""),"")

Sheet FPIPromoter
I1: 0
F2: Name of shareholder | G2: Permanent account number of shareholder | H2: Number of fully paid up equity shares | I2: Number of partly paid-up equity shares | J2: Number of shares underlying outstanding depository receipts | K2: Total number of shares | L2: Shareholding as a percentage of total number of shares held by promoters and public shareholders and custodians or DR holders | M2: Number of voting rights held by same class of securities | N2: Number of voting rights held by differential voting rights | O2: Total Number of voting rights | P2: Percentage of total number of voting rights | Q2: Number of shares underlying outstanding convertible securities | R2: Number of warrant | S2: Number of warrant and convertible securities | T2: Total shareholding as a percentage assuming full conversion of convertible securities | U2: Number of the locked-in-shares | V2: Locked-in-shares as a percentage of total number of shares | W2: Pledged or encumbered - number of shares | X2: Pledged or encumbered shares held as percentage of total number of shares | Y2: Number of equity shares held in dematerialized form | Z2: Reason for not providing PAN | AA2: Shareholder type | AR2: Promoter | AS2: Promoter Group
AR7: Trusts
AR8: Societies
E9: Searial No. | F9: Name of the Shareholders (I) | G9: PAN (II) | H9: No. of fully paid up equity shares held (IV) | I9: No. Of Partly paid-up equity shares held (V) | J9: No. Of shares underlying Depository Receipts (VI) | K9: Total nos. shares held (VII) = (IV)+(V)+ (VI) | L9: Shareholding as a % of total no. of shares (calculated as per SCRR, 1957) (VIII) As a % of (A+B+C2) | M9: Number of Voting Rights held in each class of securities (IX) | Q9: No. Of Shares Underlying Outstanding convertible securities (X) | R9: No. of Shares Underlying Outstanding Warrants (Xi) | S9: No. Of Shares Underlying Outstanding convertible securities and No. Of Warrants (Xi) (a) | T9: Shareholding , as a % assuming full conversion of convertible securities (as a percentage of diluted share capital) (XI)= (VII)+(X) As a % of (A+B+C2) | U9: Number of Locked in shares (XII) | W9: Number of Shares pledged or otherwise encumbered (XIII) | Y9: Number of equity shares held in dematerialized form (XIV) | Z9: Reason for not providing PAN | AA9: Shareholder type | AR9: ESOP or ESOS or ESPS
M10: No of Voting (XIV) Rights | P10: Total as a % of Total Voting rights | AR10: Employee welfare fund
M11: Class eg: X | N11: Class eg:y | O11: Total | U11: No. (a) | V11: As a % of total Shares held (b) | W11: No. (a) | X11: As a % of total Shares held (b) | AR11: Overseas corporate bodies
E12: A2(d) | F12: Foreign Portfolio Investor | AR12: Venture capital funds
K13: =+IFERROR(IF(COUNT(H13:J13),ROUND(SUM(H13:J13),0),""),"") | L13: =+IFERROR(IF(COUNT(K13),ROUND(K13/'Shareholding Pattern'!$L$78*100,2),""),0) | M13: =IF(H13="","",H13) | O13: =+IFERROR(IF(COUNT(M13:N13),ROUND(SUM(M13,N13),2),""),"") | P13: =+IFERROR(IF(COUNT(O13),ROUND(O13/('Shareholding Pattern'!$P$79)*100,2),""),0) | S13: =+IFERROR(IF(COUNT(Q13:R13),ROUND(SUM(Q13:R13),0),""),"") | T13: =+IFERROR(IF(COUNT(K13,S13),ROUND(SUM(S13,K13)/SUM('Shareholding Pattern'!$L$78,'Shareholding Pattern'!$T$78)*100,2),""),0) | V13: =+IFERROR(IF(COUNT(U13),ROUND(SUM(U13)/SUM(K13)*100,2),""),0) | X13: =+IFERROR(IF(COUNT(W13),ROUND(SUM(W13)/SUM(K13)*100,2),""),0) | AC13: =IF(SUM(H13:Y13)>0,1,0) -> 0 | AD13: =IF(COUNT(H15:$Y$15000)=0,"",SUM(AC1:AC65533)) | AR13: Angel Investors
AR14: Private Equity Fund
F16: Total | G16: Total | H16: =+IFERROR(IF(COUNT(H14:H15),ROUND(SUM(H14:H15),0),""),"") | I16: =+IFERROR(IF(COUNT(I14:I15),ROUND(SUM(I14:I15),0),""),"") | J16: =+IFERROR(IF(COUNT(J14:J15),ROUND(SUM(J14:J15),0),""),"") | K16: =+IFERROR(IF(COUNT(K14:K15),ROUND(SUM(K14:K15),0),""),"") | L16: =+IFERROR(IF(COUNT(K16),ROUND(K16/'Shareholding Pattern'!$L$78*100,2),""),0) | M16: =+IFERROR(IF(COUNT(M14:M15),ROUND(SUM(M14:M15),0),""),"") | N16: =+IFERROR(IF(COUNT(N14:N15),ROUND(SUM(N14:N15),0),""),"") | O16: =+IFERROR(IF(COUNT(O14:O15),ROUND(SUM(O14:O15),0),""),"") | P16: =+IFERROR(IF(COUNT(O16),ROUND(O16/('Shareholding Pattern'!$P$79)*100,2),""),0) | Q16: =+IFERROR(IF(COUNT(Q14:Q15),ROUND(SUM(Q14:Q15),0),""),"") | R16: =+IFERROR(IF(COUNT(R14:R15),ROUND(SUM(R14:R15),0),""),"") | S16: =+IFERROR(IF(COUNT(S14:S15),ROUND(SUM(S14:S15),0),""),"") | T16: =+IFERROR(IF(COUNT(K16,S16),ROUND(SUM(S16,K16)/SUM('Shareholding Pattern'!$L$78,'Shareholding Pattern'!$T$78)*100,2),""),0) | U16: =+IFERROR(IF(COUNT(U14:U15),ROUND(SUM(U14:U15),0),""),"") | V16: =+IFERROR(IF(COUNT(U16),ROUND(SUM(U16)/SUM(K16)*100,2),""),0) | W16: =+IFERROR(IF(COUNT(W14:W15),ROUND(SUM(W14:W15),0),""),"") | X16: =+IFERROR(IF(COUNT(W16),ROUND(SUM(W16)/SUM(K16)*100,2),""),0) | Y16: =+IFERROR(IF(COUNT(Y14:Y15),ROUND(SUM(Y14:Y15),0),""),"")

Sheet OtherForeign
I1: 0
E2: Category of other foreign shareholders | F2: Category or more than one percentage | G2: Name of shareholder | H2: Permanent account number of shareholder | I2: Number of shareholders | J2: Number of fully paid up equity shares | K2: Number of partly paid-up equity shares | L2: Number of shares underlying outstanding depository receipts | M2: Total number of shares | N2: Shareholding as a percentage of total number of shares held by promoters and public shareholders and custodians or DR holders | O2: Number of voting rights held by same class of securities | P2: Number of voting rights held by differential voting rights | Q2: Total Number of voting rights | R2: Percentage of total number of voting rights | S2: Number of shares underlying outstanding convertible securities | T2: Number of warrant | U2: Number of warrant and convertible securities | V2: Total shareholding as a percentage assuming full conversion of convertible securities | W2: Number of the locked-in-shares | X2: Locked-in-shares as a percentage of total number of shares | Y2: Pledged or encumbered - number of shares | Z2: Pledged or encumbered shares held as percentage of total number of shares | AA2: Number of equity shares held in dematerialized form | AB2: Reason for not providing PAN | AC2: Shareholder type | AR2: Promoter | AS2: Promoter Group
AR3: Bodies Corporate | AS3: Clearing Member | AT3: Employee Welfare Fund | AU3: Firms | AV3: Other | AW3: Overseas Corporate Bodies | AX3: Private Equity Fund | AY3: Societies | AZ3: Trust | BA3: Venture Capital Fund
D9: Searial No. | E9: Category | G9: Name of the Shareholders (I) | H9: PAN (II) | I9: No. of the Shareholders (I) | J9: No. of fully paid up equity shares held (IV) | K9: No. Of Partly paid-up equity shares held (V) | L9: No. Of shares underlying Depository Receipts (VI) | M9: Total nos. shares held (VII) = (IV)+(V)+ (VI) | N9: Shareholding as a % of total no. of shares (calculated as per SCRR, 1957) (VIII) As a % of (A+B+C2) | O9: Number of Voting Rights held in each class of securities (IX) | S9: No. Of Shares Underlying Outstanding convertible securities (X) | T9: No. of Shares Underlying Outstanding Warrants (Xi) | U9: No. Of Shares Underlying Outstanding convertible securities and No. Of Warrants (Xi) (a) | V9: Shareholding , as a % assuming full conversion of convertible securities (as a percentage of diluted share capital) (XI)= (VII)+(X) As a % of (A+B+C2) | W9: Number of Locked in shares (XII) | Y9: Number of Shares pledged or otherwise encumbered (XIII) | AA9: Number of equity shares held in dematerialized form (XIV) | AB9: Reason for not providing PAN | AC9: Shareholder type | AV9: Category
O10: No of Voting (XIV) Rights | R10: Total as a % of Total Voting rights | AV10: More than 1 percentage of shareholding
O11: Class eg: X | P11: Class eg:y | Q11: Total | W11: No. (a) | X11: As a % of total Shares held (b) | Y11: No. (a) | Z11: As a % of total Shares held (b)
D12: A2(d) | E12: Any Other (specify)
M13: =+IFERROR(IF(COUNT(J13:L13),ROUND(SUM(J13:L13),0),""),"") | N13: =+IFERROR(IF(COUNT(M13),ROUND(M13/'Shareholding Pattern'!$L$78*100,2),""),0) | O13: =IF(J13="","",J13) | Q13: =+IFERROR(IF(COUNT(O13:P13),ROUND(SUM(O13,P13),0),""),"") | R13: =+IFERROR(IF(COUNT(Q13),ROUND(Q13/('Shareholding Pattern'!$P$79)*100,2),""),0) | U13: =+IFERROR(IF(COUNT(S13:T13),ROUND(SUM(S13:T13),0),""),"") | V13: =+IFERROR(IF(COUNT(M13,U13),ROUND(SUM(U13,M13)/SUM('Shareholding Pattern'!$L$78,'Shareholding Pattern'!$T$78)*100,2),""),0) | X13: =+IFERROR(IF(W13="","",(IF(COUNT(W13,M13),ROUND(SUM(W13)/SUM(M13)*100,2),""))),0) | Z13: =+IFERROR(IF(Y13="","",(IF(COUNT(Y13,M13),ROUND(SUM(Y13)/SUM(M13)*100,2),""))),0) | AF13: =IF(SUM(I13:AA13),1,0) -> 0 | AG13: =IF(COUNT(H15:$Y$14998)=0,"",SUM(AF1:AF65531))
G16: Total | H16: Total | I16: =+IFERROR(IF(COUNT(I14:I15),ROUND(SUM(I14:I15),0),""),"") | J16: =+IFERROR(IF(COUNT(J14:J15),ROUND(SUM(J14:J15),0),""),"") | K16: =+IFERROR(IF(COUNT(K14:K15),ROUND(SUM(K14:K15),0),""),"") | L16: =+IFERROR(IF(COUNT(L14:L15),ROUND(SUM(L14:L15),0),""),"") | M16: =+IFERROR(IF(COUNT(M14:M15),ROUND(SUM(M14:M15),0),""),"") | N16: =+IFERROR(IF(COUNT(M16),ROUND(M16/'Shareholding Pattern'!$L$78*100,2),""),0) | O16: =+IFERROR(IF(COUNT(O14:O15),ROUND(SUM(O14:O15),0),""),"") | P16: =+IFERROR(IF(COUNT(P14:P15),ROUND(SUM(P14:P15),0),""),"") | Q16: =+IFERROR(IF(COUNT(Q14:Q15),ROUND(SUM(Q14:Q15),0),""),"") | R16: =+IFERROR(IF(COUNT(Q16),ROUND(Q16/('Shareholding Pattern'!$P$79)*100,2),""),0) | S16: =+IFERROR(IF(COUNT(S14:S15),ROUND(SUM(S14:S15),0),""),"") | T16: =+IFERROR(IF(COUNT(T14:T15),ROUND(SUM(T14:T15),0),""),"") | U16: =+IFERROR(IF(COUNT(U14:U15),ROUND(SUM(U14:U15),0),""),"") | V16: =+IFERROR(IF(COUNT(M16,U16),ROUND(SUM(U16,M16)/SUM('Shareholding Pattern'!$L$78,'Shareholding Pattern'!$T$78)*100,2),""),0) | W16: =+IFERROR(IF(COUNT(W14:W15),ROUND(SUM(W14:W15),0),""),"") | X16: =+IFERROR(IF(COUNT(W16,J16),ROUND(SUM(W16)/SUM(M16)*100,2),""),0) | Y16: =+IFERROR(IF(COUNT(Y14:Y15),ROUND(SUM(Y14:Y15),0),""),"") | Z16: =+IFERROR(IF(COUNT(Y16,J16),ROUND(SUM(Y16)/SUM(M16)*100,2),""),0) | AA16: =+IFERROR(IF(COUNT(AA14:AA15),ROUND(SUM(AA14:AA15),0),""),"")

Sheet MutuaFund
I1: 0
F2: Name of shareholder | G2: Permanent account number of shareholder | H2: Number of fully paid up equity shares | I2: Number of partly paid-up equity shares | J2: Number of shares underlying outstanding depository receipts | K2: Total number of shares | L2: Shareholding as a percentage of total number of shares held by promoters and public shareholders and custodians or DR holders | M2: Number of voting rights held by same class of securities | N2: Number of voting rights held by differential voting rights | O2: Total Number of voting rights | P2: Percentage of total number of voting rights | Q2: Number of shares underlying outstanding convertible securities | R2: Number of warrant | S2: Number of warrant and convertible securities | T2: Total shareholding as a percentage assuming full conversion of convertible securities | U2: Number of the locked-in-shares | V2: Locked-in-shares as a percentage of total number of shares | W2: Number of equity shares held in dematerialized form | X2: Reason for not providing PAN | Y2: Number of share under sub category one | Z2: Number of share under sub category two | AA2: Number of share under sub category three
AR7: NRI
AR8: Trusts
E9: Searial No. | F9: Name of the Shareholders (I) | G9: PAN (II) | H9: No. of fully paid up equity shares held (IV) | I9: No. Of Partly paid-up equity shares held (V) | J9: No. Of shares underlying Depository Receipts (VI) | K9: Total nos. shares held (VII) = (IV)+(V)+ (VI) | L9: Shareholding as a % of total no. of shares (calculated as per SCRR, 1957) (VIII) As a % of (A+B+C2) | M9: Number of Voting Rights held in each class of securities (IX) | Q9: No. Of Shares Underlying Outstanding convertible securities (X) | R9: No. of Shares Underlying Outstanding Warrants (Xi) | S9: No. Of Shares Underlying Outstanding convertible securities and No. Of Warrants (Xi) (a) | T9: Shareholding , as a % assuming full conversion of convertible securities (as a percentage of diluted share capital) (XI)= (VII)+(X) As a % of (A+B+C2) | U9: Number of Locked in shares (XII) | W9: Number of equity shares held in dematerialized form (XIV) | X9: Reason for not providing PAN | Y9: Sub-categorization of shares | AR9: Market Maker
M10: No of Voting (XIV) Rights | P10: Total as a % of Total Voting rights | Y10: Shareholding (No. of shares) under | AR10: HUF
M11: Class eg: X | N11: Class eg:y | O11: Total | U11: No. (a) | V11: As a % of total Shares held (b) | Y11: Sub-category (i) | Z11: Sub-category (ii) | AA11: Sub-category (iii) | AR11: Clearing Members
E12: B1(a) | F12: Mutual Funds | AR12: NSDL or CDSL transit
K13: =+IFERROR(IF(COUNT(H13:J13),ROUND(SUM(H13:J13),0),""),"") | L13: =+IFERROR(IF(COUNT(K13),ROUND(K13/'Shareholding Pattern'!$L$78*100,2),""),"") | M13: =IF(H13="","",H13) | O13: =+IFERROR(IF(COUNT(M13:N13),ROUND(SUM(M13,N13),2),""),"") | P13: =+IFERROR(IF(COUNT(O13),ROUND(O13/('Shareholding Pattern'!$P$79)*100,2),""),"") | S13: =+IFERROR(IF(COUNT(Q13:R13),ROUND(SUM(Q13:R13),0),""),"") | T13: =+IFERROR(IF(COUNT(K13,S13),ROUND(SUM(S13,K13)/SUM('Shareholding Pattern'!$L$78,'Shareholding Pattern'!$T$78)*100,2),""),"") | V13: =+IFERROR(IF(COUNT(U13),ROUND(SUM(U13)/SUM(K13)*100,2),""),0) | AC13: =IF(SUM(H13:W13)>0,1,0) -> 0 | AD13: =SUM(AC15:AC65535) -> 0 | AR13: Employee welfare fund
G14: Disclosure of shareholder holding more than 1% of total number of shares | AR14: Overseas corporate bodies
F16: Total | G16: Total | H16: =+IFERROR(IF(COUNT(H14:H15),ROUND(SUM(H14:H15),0),""),"") | I16: =+IFERROR(IF(COUNT(I14:I15),ROUND(SUM(I14:I15),0),""),"") | J16: =+IFERROR(IF(COUNT(J14:J15),ROUND(SUM(J14:J15),0),""),"") | K16: =+IFERROR(IF(COUNT(K14:K15),ROUND(SUM(K14:K15),0),""),"") | L16: =+IFERROR(IF(COUNT(K16),ROUND(K16/'Shareholding Pattern'!$L$78*100,2),""),"") | M16: =+IFERROR(IF(COUNT(M14:M15),ROUND(SUM(M14:M15),0),""),"") | N16: =+IFERROR(IF(COUNT(N14:N15),ROUND(SUM(N14:N15),0),""),"") | O16: =+IFERROR(IF(COUNT(O14:O15),ROUND(SUM(O14:O15),0),""),"") | P16: =+IFERROR(IF(COUNT(O16),ROUND(O16/('Shareholding Pattern'!$P$79)*100,2),""),"") | Q16: =+IFERROR(IF(COUNT(Q14:Q15),ROUND(SUM(Q14:Q15),0),""),"") | R16: =+IFERROR(IF(COUNT(R14:R15),ROUND(SUM(R14:R15),0),""),"") | S16: =+IFERROR(IF(COUNT(S14:S15),ROUND(SUM(S14:S15),0),""),"") | T16: =+IFERROR(IF(COUNT(K16,S16),ROUND(SUM(S16,K16)/SUM('Shareholding Pattern'!$L$78,'Shareholding Pattern'!$T$78)*100,2),""),"") | U16: =+IFERROR(IF(COUNT(U14:U15),ROUND(SUM(U14:U15),0),""),"") | V16: =+IFERROR(IF(COUNT(U16),ROUND(SUM(U16)/SUM(K16)*100,2),""),0) | W16: =+IFERROR(IF(COUNT(W14:W15),ROUND(SUM(W14:W15),0),""),"") | Y16: =+IFERROR(IF(COUNT(Y14:Y15),ROUND(SUM(Y14:Y15),0),""),"") | Z16: =+IFERROR(IF(COUNT(Z14:Z15),ROUND(SUM(Z14:Z15),0),""),"") | AA16: =+IFERROR(IF(COUNT(AA14:AA15),ROUND(SUM(AA14:AA15),0),""),"")

Sheet VentureCap
I1: 0
F2: Name of shareholder | G2: Permanent account number of shareholder | H2: Number of fully paid up equity shares | I2: Number of partly paid-up equity shares | J2: Number of shares underlying outstanding depository receipts | K2: Total number of shares | L2: Shareholding as a percentage of total number of shares held by promoters and public shareholders and custodians or DR holders | M2: Number of voting rights held by same class of securities | N2: Number of voting rights held by differential voting rights | O2: Total Number of voting rights | P2: Percentage of total number of voting rights | Q2: Number of shares underlying outstanding convertible securities | R2: Number of warrant | S2: Number of warrant and convertible securities | T2: Total shareholding as a percentage assuming full conversion of convertible securities | U2: Number of the locked-in-shares | V2: Locked-in-shares as a percentage of total number of shares | W2: Number of equity shares held in dematerialized form | X2: Reason for not providing PAN | Y2: Number of share under sub category one | Z2: Number of share under sub category two | AA2: Number of share under sub category three
AR7: NRI
AR8: Trusts
E9: Searial No. | F9: Name of the Shareholders (I) | G9: PAN (II) | H9: No. of fully paid up equity shares held (IV) | I9: No. Of Partly paid-up equity shares held (V) | J9: No. Of shares underlying Depository Receipts (VI) | K9: Total nos. shares held (VII) = (IV)+(V)+ (VI) | L9: Shareholding as a % of total no. of shares (calculated as per SCRR, 1957) (VIII) As a % of (A+B+C2) | M9: Number of Voting Rights held in each class of securities (IX) | Q9: No. Of Shares Underlying Outstanding convertible securities (X) | R9: No. of Shares Underlying Outstanding Warrants (Xi) | S9: No. Of Shares Underlying Outstanding convertible securities and No. Of Warrants (Xi) (a) | T9: Shareholding , as a % assuming full conversion of convertible securities (as a percentage of diluted share capital) (XI)= (VII)+(X) As a % of (A+B+C2) | U9: Number of Locked in shares (XII) | W9: Number of equity shares held in dematerialized form (XIV) | X9: Reason for not providing PAN | Y9: Sub-categorization of shares | AR9: Market Maker
M10: No of Voting (XIV) Rights | P10: Total as a % of Total Voting rights | Y10: Shareholding (No. of shares) under | AR10: HUF
M11: Class eg: X | N11: Class eg:y | O11: Total | U11: No. (a) | V11: As a % of total Shares held (b) | Y11: Sub-category (i) | Z11: Sub-category (ii) | AA11: Sub-category (iii) | AR11: Clearing Members
E12: B1(b) | F12: Venture Capital Funds | AR12: NSDL or CDSL transit
K13: =+IFERROR(IF(COUNT(H13:J13),ROUND(SUM(H13:J13),0),""),"") | L13: =+IFERROR(IF(COUNT(K13),ROUND(K13/'Shareholding Pattern'!$L$78*100,2),""),"") | M13: =IF(H13="","",H13) | O13: =+IFERROR(IF(COUNT(M13:N13),ROUND(SUM(M13,N13),2),""),"") | P13: =+IFERROR(IF(COUNT(O13),ROUND(O13/('Shareholding Pattern'!$P$79)*100,2),""),"") | S13: =+IFERROR(IF(COUNT(Q13:R13),ROUND(SUM(Q13:R13),0),""),"") | T13: =+IFERROR(IF(COUNT(K13,S13),ROUND(SUM(S13,K13)/SUM('Shareholding Pattern'!$L$78,'Shareholding Pattern'!$T$78)*100,2),""),"") | V13: =+IFERROR(IF(COUNT(U13),ROUND(SUM(U13)/SUM(K13)*100,2),""),0) | AC13: =IF(SUM(H13:W13)>0,1,0) -> 0 | AD13: =SUM(AC15:AC65535) -> 0 | AR13: Employee welfare fund
G14: Disclosure of shareholder holding more than 1% of total number of shares | AR14: Overseas corporate bodies
AR15: Private equity fund
F16: Total | G16: Total | H16: =+IFERROR(IF(COUNT(H14:H15),ROUND(SUM(H14:H15),0),""),"") | I16: =+IFERROR(IF(COUNT(I14:I15),ROUND(SUM(I14:I15),0),""),"") | J16: =+IFERROR(IF(COUNT(J14:J15),ROUND(SUM(J14:J15),0),""),"") | K16: =+IFERROR(IF(COUNT(K14:K15),ROUND(SUM(K14:K15),0),""),"") | L16: =+IFERROR(IF(COUNT(K16),ROUND(K16/'Shareholding Pattern'!$L$78*100,2),""),"") | M16: =+IFERROR(IF(COUNT(M14:M15),ROUND(SUM(M14:M15),0),""),"") | N16: =+IFERROR(IF(COUNT(N14:N15),ROUND(SUM(N14:N15),0),""),"") | O16: =+IFERROR(IF(COUNT(O14:O15),ROUND(SUM(O14:O15),0),""),"") | P16: =+IFERROR(IF(COUNT(O16),ROUND(O16/('Shareholding Pattern'!$P$79)*100,2),""),"") | Q16: =+IFERROR(IF(COUNT(Q14:Q15),ROUND(SUM(Q14:Q15),0),""),"") | R16: =+IFERROR(IF(COUNT(R14:R15),ROUND(SUM(R14:R15),0),""),"") | S16: =+IFERROR(IF(COUNT(S14:S15),ROUND(SUM(S14:S15),0),""),"") | T16: =+IFERROR(IF(COUNT(K16,S16),ROUND(SUM(S16,K16)/SUM('Shareholding Pattern'!$L$78,'Shareholding Pattern'!$T$78)*100,2),""),"") | U16: =+IFERROR(IF(COUNT(U14:U15),ROUND(SUM(U14:U15),0),""),"") | V16: =+IFERROR(IF(COUNT(U16),ROUND(SUM(U16)/SUM(K16)*100,2),""),0) | W16: =+IFERROR(IF(COUNT(W14:W15),ROUND(SUM(W14:W15),0),""),"") | Y16: =+IFERROR(IF(COUNT(Y14:Y15),ROUND(SUM(Y14:Y15),0),""),"") | Z16: =+IFERROR(IF(COUNT(Z14:Z15),ROUND(SUM(Z14:Z15),0),""),"") | AA16: =+IFERROR(IF(COUNT(AA14:AA15),ROUND(SUM(AA14:AA15),0),""),"") | AR16: Other

Sheet AIF
I1: 0
F2: Name of shareholder | G2: Permanent account number of shareholder | H2: Number of fully paid up equity shares | I2: Number of partly paid-up equity shares | J2: Number of shares underlying outstanding depository receipts | K2: Total number of shares | L2: Shareholding as a percentage of total number of shares held by promoters and public shareholders and custodians or DR holders | M2: Number of voting rights held by same class of securities | N2: Number of voting rights held by differential voting rights | O2: Total Number of voting rights | P2: Percentage of total number of voting rights | Q2: Number of shares underlying outstanding convertible securities | R2: Number of warrant | S2: Number of warrant and convertible securities | T2: Total shareholding as a percentage assuming full conversion of convertible securities | U2: Number of the locked-in-shares | V2: Locked-in-shares as a percentage of total number of shares | W2: Number of equity shares held in dematerialized form | X2: Reason for not providing PAN | Y2: Number of share under sub category one | Z2: Number of share under sub category two | AA2: Number of share under sub category three
AR7: NRI
AR8: Trusts
E9: Searial No. | F9: Name of the Shareholders (I) | G9: PAN (II) | H9: No. of fully paid up equity shares held (IV) | I9: No. Of Partly paid-up equity shares held (V) | J9: No. Of shares underlying Depository Receipts (VI) | K9: Total nos. shares held (VII) = (IV)+(V)+ (VI) | L9: Shareholding as a % of total no. of shares (calculated as per SCRR, 1957) (VIII) As a % of (A+B+C2) | M9: Number of Voting Rights held in each class of securities (IX) | Q9: No. Of Shares Underlying Outstanding convertible securities (X) | R9: No. of Shares Underlying Outstanding Warrants (Xi) | S9: No. Of Shares Underlying Outstanding convertible securities and No. Of Warrants (Xi) (a) | T9: Shareholding , as a % assuming full conversion of convertible securities (as a percentage of diluted share capital) (XI)= (VII)+(X) As a % of (A+B+C2) | U9: Number of Locked in shares (XII) | W9: Number of equity shares held in dematerialized form (XIV) | X9: Reason for not providing PAN | Y9: Sub-categorization of shares | AR9: Market Maker
M10: No of Voting (XIV) Rights | P10: Total as a % of Total Voting rights | Y10: Shareholding (No. of shares) under | AR10: HUF
M11: Class eg: X | N11: Class eg:y | O11: Total | U11: No. (a) | V11: As a % of total Shares held (b) | Y11: Sub-category (i) | Z11: Sub-category (ii) | AA11: Sub-category (iii) | AR11: Clearing Members
E12: B1(c) | F12: Alternate Investment Funds | AR12: NSDL or CDSL transit
K13: =+IFERROR(IF(COUNT(H13:J13),ROUND(SUM(H13:J13),0),""),"") | L13: =+IFERROR(IF(COUNT(K13),ROUND(K13/'Shareholding Pattern'!$L$78*100,2),""),"") | M13: =IF(H13="","",H13) | O13: =+IFERROR(IF(COUNT(M13:N13),ROUND(SUM(M13,N13),2),""),"") | P13: =+IFERROR(IF(COUNT(O13),ROUND(O13/('Shareholding Pattern'!$P$79)*100,2),""),"") | S13: =+IFERROR(IF(COUNT(Q13:R13),ROUND(SUM(Q13:R13),0),""),"") | T13: =+IFERROR(IF(COUNT(K13,S13),ROUND(SUM(S13,K13)/SUM('Shareholding Pattern'!$L$78,'Shareholding Pattern'!$T$78)*100,2),""),"") | V13: =+IFERROR(IF(COUNT(U13),ROUND(SUM(U13)/SUM(K13)*100,2),""),0) | AC13: =IF(SUM(H13:W13)>0,1,0) -> 0 | AD13: =SUM(AC15:AC65535) -> 0 | AR13: Employee welfare fund
G14: Disclosure of shareholder holding more than 1% of total number of shares | AR14: Overseas corporate bodies
AR15: Private equity fund
F16: Total | G16: Total | H16: =+IFERROR(IF(COUNT(H14:H15),ROUND(SUM(H14:H15),0),""),"") | I16: =+IFERROR(IF(COUNT(I14:I15),ROUND(SUM(I14:I15),0),""),"") | J16: =+IFERROR(IF(COUNT(J14:J15),ROUND(SUM(J14:J15),0),""),"") | K16: =+IFERROR(IF(COUNT(K14:K15),ROUND(SUM(K14:K15),0),""),"") | L16: =+IFERROR(IF(COUNT(K16),ROUND(K16/'Shareholding Pattern'!$L$78*100,2),""),"") | M16: =+IFERROR(IF(COUNT(M14:M15),ROUND(SUM(M14:M15),0),""),"") | N16: =+IFERROR(IF(COUNT(N14:N15),ROUND(SUM(N14:N15),0),""),"") | O16: =+IFERROR(IF(COUNT(O14:O15),ROUND(SUM(O14:O15),0),""),"") | P16: =+IFERROR(IF(COUNT(O16),ROUND(O16/('Shareholding Pattern'!$P$79)*100,2),""),"") | Q16: =+IFERROR(IF(COUNT(Q14:Q15),ROUND(SUM(Q14:Q15),0),""),"") | R16: =+IFERROR(IF(COUNT(R14:R15),ROUND(SUM(R14:R15),0),""),"") | S16: =+IFERROR(IF(COUNT(S14:S15),ROUND(SUM(S14:S15),0),""),"") | T16: =+IFERROR(IF(COUNT(K16,S16),ROUND(SUM(S16,K16)/SUM('Shareholding Pattern'!$L$78,'Shareholding Pattern'!$T$78)*100,2),""),"") | U16: =+IFERROR(IF(COUNT(U14:U15),ROUND(SUM(U14:U15),0),""),"") | V16: =+IFERROR(IF(COUNT(U16),ROUND(SUM(U16)/SUM(K16)*100,2),""),0) | W16: =+IFERROR(IF(COUNT(W14:W15),ROUND(SUM(W14:W15),0),""),"") | Y16: =+IFERROR(IF(COUNT(Y14:Y15),ROUND(SUM(Y14:Y15),0),""),"") | Z16: =+IFERROR(IF(COUNT(Z14:Z15),ROUND(SUM(Z14:Z15),0),""),"") | AA16: =+IFERROR(IF(COUNT(AA14:AA15),ROUND(SUM(AA14:AA15),0),""),"") | AR16: Other

Sheet FVC
I1: 0
F2: Name of shareholder | G2: Permanent account number of shareholder | H2: Number of fully paid up equity shares | I2: Number of partly paid-up equity shares | J2: Number of shares underlying outstanding depository receipts | K2: Total number of shares | L2: Shareholding as a percentage of total number of shares held by promoters and public shareholders and custodians or DR holders | M2: Number of voting rights held by same class of securities | N2: Number of voting rights held by differential voting rights | O2: Total Number of voting rights | P2: Percentage of total number of voting rights | Q2: Number of shares underlying outstanding convertible securities | R2: Number of warrant | S2: Number of warrant and convertible securities | T2: Total shareholding as a percentage assuming full conversion of convertible securities | U2: Number of the locked-in-shares | V2: Locked-in-shares as a percentage of total number of shares | W2: Number of equity shares held in dematerialized form | X2: Reason for not providing PAN | Y2: Number of share under sub category one | Z2: Number of share under sub category two | AA2: Number of share under sub category three
AQ7: NRI
AQ8: Trusts
E9: Searial No. | F9: Name of the Shareholders (I) | G9: PAN (II) | H9: No. of fully paid up equity shares held (IV) | I9: No. Of Partly paid-up equity shares held (V) | J9: No. Of shares underlying Depository Receipts (VI) | K9: Total nos. shares held (VII) = (IV)+(V)+ (VI) | L9: Shareholding as a % of total no. of shares (calculated as per SCRR, 1957) (VIII) As a % of (A+B+C2) | M9: Number of Voting Rights held in each class of securities (IX) | Q9: No. Of Shares Underlying Outstanding convertible securities (X) | R9: No. of Shares Underlying Outstanding Warrants (Xi) | S9: No. Of Shares Underlying Outstanding convertible securities and No. Of Warrants (Xi) (a) | T9: Shareholding , as a % assuming full conversion of convertible securities (as a percentage of diluted share capital) (XI)= (VII)+(X) As a % of (A+B+C2) | U9: Number of Locked in shares (XII) | W9: Number of equity shares held in dematerialized form (XIV) | X9: Reason for not providing PAN | Y9: Sub-categorization of shares | AQ9: Market Maker
M10: No of Voting (XIV) Rights | P10: Total as a % of Total Voting rights | Y10: Shareholding (No. of shares) under | AQ10: HUF
M11: Class eg: X | N11: Class eg:y | O11: Total | U11: No. (a) | V11: As a % of total Shares held (b) | Y11: Sub-category (i) | Z11: Sub-category (ii) | AA11: Sub-category (iii) | AQ11: Clearing Members
E12: B2(b) | F12: Foreign Venture Capital Investors | AQ12: NSDL or CDSL transit
K13: =+IFERROR(IF(COUNT(H13:J13),ROUND(SUM(H13:J13),0),""),"") | L13: =+IFERROR(IF(COUNT(K13),ROUND(K13/'Shareholding Pattern'!$L$78*100,2),""),"") | M13: =IF(H13="","",H13) | O13: =+IFERROR(IF(COUNT(M13:N13),ROUND(SUM(M13,N13),2),""),"") | P13: =+IFERROR(IF(COUNT(O13),ROUND(O13/('Shareholding Pattern'!$P$79)*100,2),""),"") | S13: =+IFERROR(IF(COUNT(Q13:R13),ROUND(SUM(Q13:R13),0),""),"") | T13: =+IFERROR(IF(COUNT(K13,S13),ROUND(SUM(S13,K13)/SUM('Shareholding Pattern'!$L$78,'Shareholding Pattern'!$T$78)*100,2),""),"") | V13: =+IFERROR(IF(COUNT(U13),ROUND(SUM(U13)/SUM(K13)*100,2),""),0) | AC13: =SUM(#REF!) -> #REF! | AQ13: Employee welfare fund
G14: Disclosure of shareholder holding more than 1% of total number of shares | AQ14: Overseas corporate bodies
AQ15: Private equity fund
F16: Click here to go back | G16: Total | H16: =+IFERROR(IF(COUNT(H14:H15),ROUND(SUM(H14:H15),0),""),"") | I16: =+IFERROR(IF(COUNT(I14:I15),ROUND(SUM(I14:I15),0),""),"") | J16: =+IFERROR(IF(COUNT(J14:J15),ROUND(SUM(J14:J15),0),""),"") | K16: =+IFERROR(IF(COUNT(K14:K15),ROUND(SUM(K14:K15),0),""),"") | L16: =+IFERROR(IF(COUNT(K16),ROUND(K16/'Shareholding Pattern'!$L$78*100,2),""),"") | M16: =+IFERROR(IF(COUNT(M14:M15),ROUND(SUM(M14:M15),0),""),"") | N16: =+IFERROR(IF(COUNT(N14:N15),ROUND(SUM(N14:N15),0),""),"") | O16: =+IFERROR(IF(COUNT(O14:O15),ROUND(SUM(O14:O15),0),""),"") | P16: =+IFERROR(IF(COUNT(O16),ROUND(O16/('Shareholding Pattern'!$P$79)*100,2),""),"") | Q16: =+IFERROR(IF(COUNT(Q14:Q15),ROUND(SUM(Q14:Q15),0),""),"") | R16: =+IFERROR(IF(COUNT(R14:R15),ROUND(SUM(R14:R15),0),""),"") | S16: =+IFERROR(IF(COUNT(S14:S15),ROUND(SUM(S14:S15),0),""),"") | T16: =+IFERROR(IF(COUNT(K16,S16),ROUND(SUM(S16,K16)/SUM('Shareholding Pattern'!$L$78,'Shareholding Pattern'!$T$78)*100,2),""),"") | U16: =+IFERROR(IF(COUNT(U14:U15),ROUND(SUM(U14:U15),0),""),"") | V16: =+IFERROR(IF(COUNT(U16),ROUND(SUM(U16)/SUM(K16)*100,2),""),0) | W16: =+IFERROR(IF(COUNT(W14:W15),ROUND(SUM(W14:W15),0),""),"") | Y16: =+IFERROR(IF(COUNT(Y14:Y15),ROUND(SUM(Y14:Y15),0),""),"") | Z16: =+IFERROR(IF(COUNT(Z14:Z15),ROUND(SUM(Z14:Z15),0),""),"") | AA16: =+IFERROR(IF(COUNT(AA14:AA15),ROUND(SUM(AA14:AA15),0),""),"") | AQ16: Other

Sheet FPI_Insti
I1: 0
F2: Name of shareholder | G2: Permanent account number of shareholder | H2: Number of fully paid up equity shares | I2: Number of partly paid-up equity shares | J2: Number of shares underlying outstanding depository receipts | K2: Total number of shares | L2: Shareholding as a percentage of total number of shares held by promoters and public shareholders and custodians or DR holders | M2: Number of voting rights held by same class of securities | N2: Number of voting rights held by differential voting rights | O2: Total Number of voting rights | P2: Percentage of total number of voting rights | Q2: Number of shares underlying outstanding convertible securities | R2: Number of warrant | S2: Number of warrant and convertible securities | T2: Total shareholding as a percentage assuming full conversion of convertible securities | U2: Number of the locked-in-shares | V2: Locked-in-shares as a percentage of total number of shares | W2: Number of equity shares held in dematerialized form | X2: Reason for not providing PAN | Y2: Number of share under sub category one | Z2: Number of share under sub category two | AA2: Number of share under sub category three
AQ7: NRI
AQ8: Trusts
E9: Searial No. | F9: Name of the Shareholders (I) | G9: PAN (II) | H9: No. of fully paid up equity shares held (IV) | I9: No. Of Partly paid-up equity shares held (V) | J9: No. Of shares underlying Depository Receipts (VI) | K9: Total nos. shares held (VII) = (IV)+(V)+ (VI) | L9: Shareholding as a % of total no. of shares (calculated as per SCRR, 1957) (VIII) As a % of (A+B+C2) | M9: Number of Voting Rights held in each class of securities (IX) | Q9: No. Of Shares Underlying Outstanding convertible securities (X) | R9: No. of Shares Underlying Outstanding Warrants (Xi) | S9: No. Of Shares Underlying Outstanding convertible securities and No. Of Warrants (Xi) (a) | T9: Shareholding , as a % assuming full conversion of convertible securities (as a percentage of diluted share capital) (XI)= (VII)+(X) As a % of (A+B+C2) | U9: Number of Locked in shares (XII) | W9: Number of equity shares held in dematerialized form (XIV) | X9: Reason for not providing PAN | Y9: Sub-categorization of shares | AQ9: Market Maker
M10: No of Voting (XIV) Rights | P10: Total as a % of Total Voting rights | Y10: Shareholding (No. of shares) under | AQ10: HUF
M11: Class eg: X | N11: Class eg:y | O11: Total | U11: No. (a) | V11: As a % of total Shares held (b) | Y11: Sub-category (i) | Z11: Sub-category (ii) | AA11: Sub-category (iii) | AQ11: Clearing Members
E12: B2(d) | F12: Foreign Portfolio Investors Category I | AQ12: NSDL or CDSL transit
K13: =+IFERROR(IF(COUNT(H13:J13),ROUND(SUM(H13:J13),0),""),"") | L13: =+IFERROR(IF(COUNT(K13),ROUND(K13/'Shareholding Pattern'!$L$78*100,2),""),"") | M13: =IF(H13="","",H13) | O13: =+IFERROR(IF(COUNT(M13:N13),ROUND(SUM(M13,N13),2),""),"") | P13: =+IFERROR(IF(COUNT(O13),ROUND(O13/('Shareholding Pattern'!$P$79)*100,2),""),"") | S13: =+IFERROR(IF(COUNT(Q13:R13),ROUND(SUM(Q13:R13),0),""),"") | T13: =+IFERROR(IF(COUNT(K13,S13),ROUND(SUM(S13,K13)/SUM('Shareholding Pattern'!$L$78,'Shareholding Pattern'!$T$78)*100,2),""),"") | V13: =+IFERROR(IF(COUNT(U13),ROUND(SUM(U13)/SUM(K13)*100,2),""),0) | AC13: =SUM(#REF!) -> #REF! | AQ13: Employee welfare fund
G14: Disclosure of shareholder holding more than 1% of total number of shares | AQ14: Overseas corporate bodies
AQ15: Private equity fund
F16: Click here to go back | G16: Total | H16: =+IFERROR(IF(COUNT(H14:H15),ROUND(SUM(H14:H15),0),""),"") | I16: =+IFERROR(IF(COUNT(I14:I15),ROUND(SUM(I14:I15),0),""),"") | J16: =+IFERROR(IF(COUNT(J14:J15),ROUND(SUM(J14:J15),0),""),"") | K16: =+IFERROR(IF(COUNT(K14:K15),ROUND(SUM(K14:K15),0),""),"") | L16: =+IFERROR(IF(COUNT(K16),ROUND(K16/'Shareholding Pattern'!$L$78*100,2),""),"") | M16: =+IFERROR(IF(COUNT(M14:M15),ROUND(SUM(M14:M15),0),""),"") | N16: =+IFERROR(IF(COUNT(N14:N15),ROUND(SUM(N14:N15),0),""),"") | O16: =+IFERROR(IF(COUNT(O14:O15),ROUND(SUM(O14:O15),0),""),"") | P16: =+IFERROR(IF(COUNT(O16),ROUND(O16/('Shareholding Pattern'!$P$79)*100,2),""),"") | Q16: =+IFERROR(IF(COUNT(Q14:Q15),ROUND(SUM(Q14:Q15),0),""),"") | R16: =+IFERROR(IF(COUNT(R14:R15),ROUND(SUM(R14:R15),0),""),"") | S16: =+IFERROR(IF(COUNT(S14:S15),ROUND(SUM(S14:S15),0),""),"") | T16: =+IFERROR(IF(COUNT(K16,S16),ROUND(SUM(S16,K16)/SUM('Shareholding Pattern'!$L$78,'Shareholding Pattern'!$T$78)*100,2),""),"") | U16: =+IFERROR(IF(COUNT(U14:U15),ROUND(SUM(U14:U15),0),""),"") | V16: =+IFERROR(IF(COUNT(U16),ROUND(SUM(U16)/SUM(K16)*100,2),""),0) | W16: =+IFERROR(IF(COUNT(W14:W15),ROUND(SUM(W14:W15),0),""),"") | Y16: =+IFERROR(IF(COUNT(Y14:Y15),ROUND(SUM(Y14:Y15),0),""),"") | Z16: =+IFERROR(IF(COUNT(Z14:Z15),ROUND(SUM(Z14:Z15),0),""),"") | AA16: =+IFERROR(IF(COUNT(AA14:AA15),ROUND(SUM(AA14:AA15),0),""),"") | AQ16: Other

Sheet Bank_Insti
I1: 0
F2: Name of shareholder | G2: Permanent account number of shareholder | H2: Number of fully paid up equity shares | I2: Number of partly paid-up equity shares | J2: Number of shares underlying outstanding depository receipts | K2: Total number of shares | L2: Shareholding as a percentage of total number of shares held by promoters and public shareholders and custodians or DR holders | M2: Number of voting rights held by same class of securities | N2: Number of voting rights held by differential voting rights | O2: Total Number of voting rights | P2: Percentage of total number of voting rights | Q2: Number of shares underlying outstanding convertible securities | R2: Number of warrant | S2: Number of warrant and convertible securities | T2: Total shareholding as a percentage assuming full conversion of convertible securities | U2: Number of the locked-in-shares | V2: Locked-in-shares as a percentage of total number of shares | W2: Number of equity shares held in dematerialized form | X2: Reason for not providing PAN | Y2: Number of share under sub category one | Z2: Number of share under sub category two | AA2: Number of share under sub category three
AR7: NRI
AR8: Trusts
E9: Searial No. | F9: Name of the Shareholders (I) | G9: PAN (II) | H9: No. of fully paid up equity shares held (IV) | I9: No. Of Partly paid-up equity shares held (V) | J9: No. Of shares underlying Depository Receipts (VI) | K9: Total nos. shares held (VII) = (IV)+(V)+ (VI) | L9: Shareholding as a % of total no. of shares (calculated as per SCRR, 1957) (VIII) As a % of (A+B+C2) | M9: Number of Voting Rights held in each class of securities (IX) | Q9: No. Of Shares Underlying Outstanding convertible securities (X) | R9: No. of Shares Underlying Outstanding Warrants (Xi) | S9: No. Of Shares Underlying Outstanding convertible securities and No. Of Warrants (Xi) (a) | T9: Shareholding , as a % assuming full conversion of convertible securities (as a percentage of diluted share capital) (XI)= (VII)+(X) As a % of (A+B+C2) | U9: Number of Locked in shares (XII) | W9: Number of equity shares held in dematerialized form (XIV) | X9: Reason for not providing PAN | Y9: Sub-categorization of shares | AR9: Market Maker
M10: No of Voting (XIV) Rights | P10: Total as a % of Total Voting rights | Y10: Shareholding (No. of shares) under | AR10: HUF
M11: Class eg: X | N11: Class eg:y | O11: Total | U11: No. (a) | V11: As a % of total Shares held (b) | Y11: Sub-category (i) | Z11: Sub-category (ii) | AA11: Sub-category (iii) | AR11: Clearing Members
E12: B1(d) | F12: Banks | AR12: NSDL or CDSL transit
K13: =+IFERROR(IF(COUNT(H13:J13),ROUND(SUM(H13:J13),0),""),"") | L13: =+IFERROR(IF(COUNT(K13),ROUND(K13/'Shareholding Pattern'!$L$78*100,2),""),"") | M13: =IF(H13="","",H13) | O13: =+IFERROR(IF(COUNT(M13:N13),ROUND(SUM(M13,N13),2),""),"") | P13: =+IFERROR(IF(COUNT(O13),ROUND(O13/('Shareholding Pattern'!$P$79)*100,2),""),"") | S13: =+IFERROR(IF(COUNT(Q13:R13),ROUND(SUM(Q13:R13),0),""),"") | T13: =+IFERROR(IF(COUNT(K13,S13),ROUND(SUM(S13,K13)/SUM('Shareholding Pattern'!$L$78,'Shareholding Pattern'!$T$78)*100,2),""),"") | V13: =+IFERROR(IF(COUNT(U13),ROUND(SUM(U13)/SUM(K13)*100,2),""),0) | AC13: =IF(SUM(H13:W13)>0,1,0) -> 0 | AD13: =SUM(AC15:AC65535) -> 0 | AR13: Employee welfare fund
G14: Disclosure of shareholder holding more than 1% of total number of shares | AR14: Overseas corporate bodies
AR15: Private equity fund
F16: Click here to go back | G16: Total | H16: =+IFERROR(IF(COUNT(H14:H15),ROUND(SUM(H14:H15),0),""),"") | I16: =+IFERROR(IF(COUNT(I14:I15),ROUND(SUM(I14:I15),0),""),"") | J16: =+IFERROR(IF(COUNT(J14:J15),ROUND(SUM(J14:J15),0),""),"") | K16: =+IFERROR(IF(COUNT(K14:K15),ROUND(SUM(K14:K15),0),""),"") | L16: =+IFERROR(IF(COUNT(K16),ROUND(K16/'Shareholding Pattern'!$L$78*100,2),""),"") | M16: =+IFERROR(IF(COUNT(M14:M15),ROUND(SUM(M14:M15),0),""),"") | N16: =+IFERROR(IF(COUNT(N14:N15),ROUND(SUM(N14:N15),0),""),"") | O16: =+IFERROR(IF(COUNT(O14:O15),ROUND(SUM(O14:O15),0),""),"") | P16: =+IFERROR(IF(COUNT(O16),ROUND(O16/('Shareholding Pattern'!$P$79)*100,2),""),"") | Q16: =+IFERROR(IF(COUNT(Q14:Q15),ROUND(SUM(Q14:Q15),0),""),"") | R16: =+IFERROR(IF(COUNT(R14:R15),ROUND(SUM(R14:R15),0),""),"") | S16: =+IFERROR(IF(COUNT(S14:S15),ROUND(SUM(S14:S15),0),""),"") | T16: =+IFERROR(IF(COUNT(K16,S16),ROUND(SUM(S16,K16)/SUM('Shareholding Pattern'!$L$78,'Shareholding Pattern'!$T$78)*100,2),""),"") | U16: =+IFERROR(IF(COUNT(U14:U15),ROUND(SUM(U14:U15),0),""),"") | V16: =+IFERROR(IF(COUNT(U16),ROUND(SUM(U16)/SUM(K16)*100,2),""),0) | W16: =+IFERROR(IF(COUNT(W14:W15),ROUND(SUM(W14:W15),0),""),"") | Y16: =+IFERROR(IF(COUNT(Y14:Y15),ROUND(SUM(Y14:Y15),0),""),"") | Z16: =+IFERROR(IF(COUNT(Z14:Z15),ROUND(SUM(Z14:Z15),0),""),"") | AA16: =+IFERROR(IF(COUNT(AA14:AA15),ROUND(SUM(AA14:AA15),0),""),"") | AR16: Other

Sheet Insurance
I1: 0
F2: Name of shareholder | G2: Permanent account number of shareholder | H2: Number of fully paid up equity shares | I2: Number of partly paid-up equity shares | J2: Number of shares underlying outstanding depository receipts | K2: Total number of shares | L2: Shareholding as a percentage of total number of shares held by promoters and public shareholders and custodians or DR holders | M2: Number of voting rights held by same class of securities | N2: Number of voting rights held by differential voting rights | O2: Total Number of voting rights | P2: Percentage of total number of voting rights | Q2: Number of shares underlying outstanding convertible securities | R2: Number of warrant | S2: Number of warrant and convertible securities | T2: Total shareholding as a percentage assuming full conversion of convertible securities | U2: Number of the locked-in-shares | V2: Locked-in-shares as a percentage of total number of shares | W2: Number of equity shares held in dematerialized form | X2: Reason for not providing PAN | Y2: Number of share under sub category one | Z2: Number of share under sub category two | AA2: Number of share under sub category three
AR7: NRI
AR8: Trusts
E9: Searial No. | F9: Name of the Shareholders (I) | G9: PAN (II) | H9: No. of fully paid up equity shares held (IV) | I9: No. Of Partly paid-up equity shares held (V) | J9: No. Of shares underlying Depository Receipts (VI) | K9: Total nos. shares held (VII) = (IV)+(V)+ (VI) | L9: Shareholding as a % of total no. of shares (calculated as per SCRR, 1957) (VIII) As a % of (A+B+C2) | M9: Number of Voting Rights held in each class of securities (IX) | Q9: No. Of Shares Underlying Outstanding convertible securities (X) | R9: No. of Shares Underlying Outstanding Warrants (Xi) | S9: No. Of Shares Underlying Outstanding convertible securities and No. Of Warrants (Xi) (a) | T9: Shareholding , as a % assuming full conversion of convertible securities (as a percentage of diluted share capital) (XI)= (VII)+(X) As a % of (A+B+C2) | U9: Number of Locked in shares (XII) | W9: Number of equity shares held in dematerialized form (XIV) | X9: Reason for not providing PAN | Y9: Sub-categorization of shares | AR9: Market Maker
M10: No of Voting (XIV) Rights | P10: Total as a % of Total Voting rights | Y10: Shareholding (No. of shares) under | AR10: HUF
M11: Class eg: X | N11: Class eg:y | O11: Total | U11: No. (a) | V11: As a % of total Shares held (b) | Y11: Sub-category (i) | Z11: Sub-category (ii) | AA11: Sub-category (iii) | AR11: Clearing Members
E12: B1(e) | F12: Insurance Companies | AR12: NSDL or CDSL transit
K13: =+IFERROR(IF(COUNT(H13:J13),ROUND(SUM(H13:J13),0),""),"") | L13: =+IFERROR(IF(COUNT(K13),ROUND(K13/'Shareholding Pattern'!$L$78*100,2),""),"") | M13: =IF(H13="","",H13) | O13: =+IFERROR(IF(COUNT(M13:N13),ROUND(SUM(M13,N13),2),""),"") | P13: =+IFERROR(IF(COUNT(O13),ROUND(O13/('Shareholding Pattern'!$P$79)*100,2),""),"") | S13: =+IFERROR(IF(COUNT(Q13:R13),ROUND(SUM(Q13:R13),0),""),"") | T13: =+IFERROR(IF(COUNT(K13,S13),ROUND(SUM(S13,K13)/SUM('Shareholding Pattern'!$L$78,'Shareholding Pattern'!$T$78)*100,2),""),"") | V13: =+IFERROR(IF(COUNT(U13),ROUND(SUM(U13)/SUM(K13)*100,2),""),0) | AC13: =IF(SUM(H13:W13)>0,1,0) -> 0 | AD13: =SUM(AC15:AC65535) -> 0 | AR13: Employee welfare fund
G14: Disclosure of shareholder holding more than 1% of total number of shares | AR14: Overseas corporate bodies
AR15: Private equity fund
F16: Click here to go back | G16: Total | H16: =+IFERROR(IF(COUNT(H14:H15),ROUND(SUM(H14:H15),0),""),"") | I16: =+IFERROR(IF(COUNT(I14:I15),ROUND(SUM(I14:I15),0),""),"") | J16: =+IFERROR(IF(COUNT(J14:J15),ROUND(SUM(J14:J15),0),""),"") | K16: =+IFERROR(IF(COUNT(K14:K15),ROUND(SUM(K14:K15),0),""),"") | L16: =+IFERROR(IF(COUNT(K16),ROUND(K16/'Shareholding Pattern'!$L$78*100,2),""),"") | M16: =+IFERROR(IF(COUNT(M14:M15),ROUND(SUM(M14:M15),0),""),"") | N16: =+IFERROR(IF(COUNT(N14:N15),ROUND(SUM(N14:N15),0),""),"") | O16: =+IFERROR(IF(COUNT(O14:O15),ROUND(SUM(O14:O15),0),""),"") | P16: =+IFERROR(IF(COUNT(O16),ROUND(O16/('Shareholding Pattern'!$P$79)*100,2),""),"") | Q16: =+IFERROR(IF(COUNT(Q14:Q15),ROUND(SUM(Q14:Q15),0),""),"") | R16: =+IFERROR(IF(COUNT(R14:R15),ROUND(SUM(R14:R15),0),""),"") | S16: =+IFERROR(IF(COUNT(S14:S15),ROUND(SUM(S14:S15),0),""),"") | T16: =+IFERROR(IF(COUNT(K16,S16),ROUND(SUM(S16,K16)/SUM('Shareholding Pattern'!$L$78,'Shareholding Pattern'!$T$78)*100,2),""),"") | U16: =+IFERROR(IF(COUNT(U14:U15),ROUND(SUM(U14:U15),0),""),"") | V16: =+IFERROR(IF(COUNT(U16),ROUND(SUM(U16)/SUM(K16)*100,2),""),0) | W16: =+IFERROR(IF(COUNT(W14:W15),ROUND(SUM(W14:W15),0),""),"") | Y16: =+IFERROR(IF(COUNT(Y14:Y15),ROUND(SUM(Y14:Y15),0),""),"") | Z16: =+IFERROR(IF(COUNT(Z14:Z15),ROUND(SUM(Z14:Z15),0),""),"") | AA16: =+IFERROR(IF(COUNT(AA14:AA15),ROUND(SUM(AA14:AA15),0),""),"") | AR16: Other

Sheet Bodies Corporate
I1: 0
F2: Name of shareholder | G2: Permanent account number of shareholder | H2: Number of fully paid up equity shares | I2: Number of partly paid-up equity shares | J2: Number of shares underlying outstanding depository receipts | K2: Total number of shares | L2: Shareholding as a percentage of total number of shares held by promoters and public shareholders and custodians or DR holders | M2: Number of voting rights held by same class of securities | N2: Number of voting rights held by differential voting rights | O2: Total Number of voting rights | P2: Percentage of total number of voting rights | Q2: Number of shares underlying outstanding convertible securities | R2: Number of warrant | S2: Number of warrant and convertible securities | T2: Total shareholding as a percentage assuming full conversion of convertible securities | U2: Number of the locked-in-shares | V2: Locked-in-shares as a percentage of total number of shares | W2: Number of equity shares held in dematerialized form | X2: Reason for not providing PAN | Y2: Number of share under sub category one | Z2: Number of share under sub category two | AA2: Number of share under sub category three
E9: Searial No. | F9: Name of the Shareholders (I) | G9: PAN (II) | H9: No. of fully paid up equity shares held (IV) | I9: No. Of Partly paid-up equity shares held (V) | J9: No. Of shares underlying Depository Receipts (VI) | K9: Total nos. shares held (VII) = (IV)+(V)+ (VI) | L9: Shareholding as a % of total no. of shares (calculated as per SCRR, 1957) (VIII) As a % of (A+B+C2) | M9: Number of Voting Rights held in each class of securities (IX) | Q9: No. Of Shares Underlying Outstanding convertible securities (X) | R9: No. of Shares Underlying Outstanding Warrants (Xi) | S9: No. Of Shares Underlying Outstanding convertible securities and No. Of Warrants (Xi) (a) | T9: Shareholding , as a % assuming full conversion of convertible securities (as a percentage of diluted share capital) (XI)= (VII)+(X) As a % of (A+B+C2) | U9: Number of Locked in shares (XII) | W9: Number of equity shares held in dematerialized form (XIV) | X9: Reason for not providing PAN | Y9: Sub-categorization of shares
M10: No of Voting (XIV) Rights | P10: Total as a % of Total Voting rights | Y10: Shareholding (No. of shares) under
M11: Class eg: X | N11: Class eg:y | O11: Total | U11: No. (a) | V11: As a % of total Shares held (b) | Y11: Sub-category (i) | Z11: Sub-category (ii) | AA11: Sub-category (iii)
E12: B4(l) | F12: Bodies Corporate
K13: =+IFERROR(IF(COUNT(H13:J13),ROUND(SUM(H13:J13),0),""),"") | L13: =+IFERROR(IF(COUNT(K13),ROUND(K13/'Shareholding Pattern'!$L$78*100,2),""),"") | M13: =IF(H13="","",H13) | O13: =+IFERROR(IF(COUNT(M13:N13),ROUND(SUM(M13,N13),2),""),"") | P13: =+IFERROR(IF(COUNT(O13),ROUND(O13/('Shareholding Pattern'!$P$79)*100,2),""),"") | S13: =+IFERROR(IF(COUNT(Q13:R13),ROUND(SUM(Q13:R13),0),""),"") | T13: =+IFERROR(IF(COUNT(K13,S13),ROUND(SUM(S13,K13)/SUM('Shareholding Pattern'!$L$78,'Shareholding Pattern'!$T$78)*100,2),""),"") | V13: =+IFERROR(IF(COUNT(U13),ROUND(SUM(U13)/SUM(K13)*100,2),""),0) | AC13: =SUM(#REF!) -> #REF!
G14: Disclosure of shareholder holding more than 1% of total number of shares
F16: Click here to go back | G16: Total | H16: =+IFERROR(IF(COUNT(H14:H15),ROUND(SUM(H14:H15),0),""),"") | I16: =+IFERROR(IF(COUNT(I14:I15),ROUND(SUM(I14:I15),0),""),"") | J16: =+IFERROR(IF(COUNT(J14:J15),ROUND(SUM(J14:J15),0),""),"") | K16: =+IFERROR(IF(COUNT(K14:K15),ROUND(SUM(K14:K15),0),""),"") | L16: =+IFERROR(IF(COUNT(K16),ROUND(K16/'Shareholding Pattern'!$L$78*100,2),""),"") | M16: =+IFERROR(IF(COUNT(M14:M15),ROUND(SUM(M14:M15),0),""),"") | N16: =+IFERROR(IF(COUNT(N14:N15),ROUND(SUM(N14:N15),0),""),"") | O16: =+IFERROR(IF(COUNT(O14:O15),ROUND(SUM(O14:O15),0),""),"") | P16: =+IFERROR(IF(COUNT(O16),ROUND(O16/('Shareholding Pattern'!$P$79)*100,2),""),"") | Q16: =+IFERROR(IF(COUNT(Q14:Q15),ROUND(SUM(Q14:Q15),0),""),"") | R16: =+IFERROR(IF(COUNT(R14:R15),ROUND(SUM(R14:R15),0),""),"") | S16: =+IFERROR(IF(COUNT(S14:S15),ROUND(SUM(S14:S15),0),""),"") | T16: =+IFERROR(IF(COUNT(K16,S16),ROUND(SUM(S16,K16)/SUM('Shareholding Pattern'!$L$78,'Shareholding Pattern'!$T$78)*100,2),""),"") | U16: =+IFERROR(IF(COUNT(U14:U15),ROUND(SUM(U14:U15),0),""),"") | V16: =+IFERROR(IF(COUNT(U16),ROUND(SUM(U16)/SUM(K16)*100,2),""),0) | W16: =+IFERROR(IF(COUNT(W14:W15),ROUND(SUM(W14:W15),0),""),"") | Y16: =+IFERROR(IF(COUNT(Y14:Y15),ROUND(SUM(Y14:Y15),0),""),"") | Z16: =+IFERROR(IF(COUNT(Z14:Z15),ROUND(SUM(Z14:Z15),0),""),"") | AA16: =+IFERROR(IF(COUNT(AA14:AA15),ROUND(SUM(AA14:AA15),0),""),"")

Sheet Foreign Companies
I1: 0
F2: Name of shareholder | G2: Permanent account number of shareholder | H2: Number of fully paid up equity shares | I2: Number of partly paid-up equity shares | J2: Number of shares underlying outstanding depository receipts | K2: Total number of shares | L2: Shareholding as a percentage of total number of shares held by promoters and public shareholders and custodians or DR holders | M2: Number of voting rights held by same class of securities | N2: Number of voting rights held by differential voting rights | O2: Total Number of voting rights | P2: Percentage of total number of voting rights | Q2: Number of shares underlying outstanding convertible securities | R2: Number of warrant | S2: Number of warrant and convertible securities | T2: Total shareholding as a percentage assuming full conversion of convertible securities | U2: Number of the locked-in-shares | V2: Locked-in-shares as a percentage of total number of shares | W2: Number of equity shares held in dematerialized form | X2: Reason for not providing PAN | Y2: Number of share under sub category one | Z2: Number of share under sub category two | AA2: Number of share under sub category three
E9: Searial No. | F9: Name of the Shareholders (I) | G9: PAN (II) | H9: No. of fully paid up equity shares held (IV) | I9: No. Of Partly paid-up equity shares held (V) | J9: No. Of shares underlying Depository Receipts (VI) | K9: Total nos. shares held (VII) = (IV)+(V)+ (VI) | L9: Shareholding as a % of total no. of shares (calculated as per SCRR, 1957) (VIII) As a % of (A+B+C2) | M9: Number of Voting Rights held in each class of securities (IX) | Q9: No. Of Shares Underlying Outstanding convertible securities (X) | R9: No. of Shares Underlying Outstanding Warrants (Xi) | S9: No. Of Shares Underlying Outstanding convertible securities and No. Of Warrants (Xi) (a) | T9: Shareholding , as a % assuming full conversion of convertible securities (as a percentage of diluted share capital) (XI)= (VII)+(X) As a % of (A+B+C2) | U9: Number of Locked in shares (XII) | W9: Number of equity shares held in dematerialized form (XIV) | X9: Reason for not providing PAN | Y9: Sub-categorization of shares
M10: No of Voting (XIV) Rights | P10: Total as a % of Total Voting rights | Y10: Shareholding (No. of shares) under
M11: Class eg: X | N11: Class eg:y | O11: Total | U11: No. (a) | V11: As a % of total Shares held (b) | Y11: Sub-category (i) | Z11: Sub-category (ii) | AA11: Sub-category (iii)
E12: B4(k) | F12: Foreign Companies
K13: =+IFERROR(IF(COUNT(H13:J13),ROUND(SUM(H13:J13),0),""),"") | L13: =+IFERROR(IF(COUNT(K13),ROUND(K13/'Shareholding Pattern'!$L$78*100,2),""),"") | M13: =IF(H13="","",H13) | O13: =+IFERROR(IF(COUNT(M13:N13),ROUND(SUM(M13,N13),2),""),"") | P13: =+IFERROR(IF(COUNT(O13),ROUND(O13/('Shareholding Pattern'!$P$79)*100,2),""),"") | S13: =+IFERROR(IF(COUNT(Q13:R13),ROUND(SUM(Q13:R13),0),""),"") | T13: =+IFERROR(IF(COUNT(K13,S13),ROUND(SUM(S13,K13)/SUM('Shareholding Pattern'!$L$78,'Shareholding Pattern'!$T$78)*100,2),""),"") | V13: =+IFERROR(IF(COUNT(U13),ROUND(SUM(U13)/SUM(K13)*100,2),""),0) | AC13: =SUM(#REF!) -> #REF!
G14: Disclosure of shareholder holding more than 1% of total number of shares
F16: Click here to go back | G16: Total | H16: =+IFERROR(IF(COUNT(H14:H15),ROUND(SUM(H14:H15),0),""),"") | I16: =+IFERROR(IF(COUNT(I14:I15),ROUND(SUM(I14:I15),0),""),"") | J16: =+IFERROR(IF(COUNT(J14:J15),ROUND(SUM(J14:J15),0),""),"") | K16: =+IFERROR(IF(COUNT(K14:K15),ROUND(SUM(K14:K15),0),""),"") | L16: =+IFERROR(IF(COUNT(K16),ROUND(K16/'Shareholding Pattern'!$L$78*100,2),""),"") | M16: =+IFERROR(IF(COUNT(M14:M15),ROUND(SUM(M14:M15),0),""),"") | N16: =+IFERROR(IF(COUNT(N14:N15),ROUND(SUM(N14:N15),0),""),"") | O16: =+IFERROR(IF(COUNT(O14:O15),ROUND(SUM(O14:O15),0),""),"") | P16: =+IFERROR(IF(COUNT(O16),ROUND(O16/('Shareholding Pattern'!$P$79)*100,2),""),"") | Q16: =+IFERROR(IF(COUNT(Q14:Q15),ROUND(SUM(Q14:Q15),0),""),"") | R16: =+IFERROR(IF(COUNT(R14:R15),ROUND(SUM(R14:R15),0),""),"") | S16: =+IFERROR(IF(COUNT(S14:S15),ROUND(SUM(S14:S15),0),""),"") | T16: =+IFERROR(IF(COUNT(K16,S16),ROUND(SUM(S16,K16)/SUM('Shareholding Pattern'!$L$78,'Shareholding Pattern'!$T$78)*100,2),""),"") | U16: =+IFERROR(IF(COUNT(U14:U15),ROUND(SUM(U14:U15),0),""),"") | V16: =+IFERROR(IF(COUNT(U16),ROUND(SUM(U16)/SUM(K16)*100,2),""),0) | W16: =+IFERROR(IF(COUNT(W14:W15),ROUND(SUM(W14:W15),0),""),"") | Y16: =+IFERROR(IF(COUNT(Y14:Y15),ROUND(SUM(Y14:Y15),0),""),"") | Z16: =+IFERROR(IF(COUNT(Z14:Z15),ROUND(SUM(Z14:Z15),0),""),"") | AA16: =+IFERROR(IF(COUNT(AA14:AA15),ROUND(SUM(AA14:AA15),0),""),"")

Sheet Foreign Nationals
I1: 0
F2: Name of shareholder | G2: Permanent account number of shareholder | H2: Number of fully paid up equity shares | I2: Number of partly paid-up equity shares | J2: Number of shares underlying outstanding depository receipts | K2: Total number of shares | L2: Shareholding as a percentage of total number of shares held by promoters and public shareholders and custodians or DR holders | M2: Number of voting rights held by same class of securities | N2: Number of voting rights held by differential voting rights | O2: Total Number of voting rights | P2: Percentage of total number of voting rights | Q2: Number of shares underlying outstanding convertible securities | R2: Number of warrant | S2: Number of warrant and convertible securities | T2: Total shareholding as a percentage assuming full conversion of convertible securities | U2: Number of the locked-in-shares | V2: Locked-in-shares as a percentage of total number of shares | W2: Number of equity shares held in dematerialized form | X2: Reason for not providing PAN | Y2: Number of share under sub category one | Z2: Number of share under sub category two | AA2: Number of share under sub category three
E9: Searial No. | F9: Name of the Shareholders (I) | G9: PAN (II) | H9: No. of fully paid up equity shares held (IV) | I9: No. Of Partly paid-up equity shares held (V) | J9: No. Of shares underlying Depository Receipts (VI) | K9: Total nos. shares held (VII) = (IV)+(V)+ (VI) | L9: Shareholding as a % of total no. of shares (calculated as per SCRR, 1957) (VIII) As a % of (A+B+C2) | M9: Number of Voting Rights held in each class of securities (IX) | Q9: No. Of Shares Underlying Outstanding convertible securities (X) | R9: No. of Shares Underlying Outstanding Warrants (Xi) | S9: No. Of Shares Underlying Outstanding convertible securities and No. Of Warrants (Xi) (a) | T9: Shareholding , as a % assuming full conversion of convertible securities (as a percentage of diluted share capital) (XI)= (VII)+(X) As a % of (A+B+C2) | U9: Number of Locked in shares (XII) | W9: Number of equity shares held in dematerialized form (XIV) | X9: Reason for not providing PAN | Y9: Sub-categorization of shares
M10: No of Voting (XIV) Rights | P10: Total as a % of Total Voting rights | Y10: Shareholding (No. of shares) under
M11: Class eg: X | N11: Class eg:y | O11: Total | U11: No. (a) | V11: As a % of total Shares held (b) | Y11: Sub-category (i) | Z11: Sub-category (ii) | AA11: Sub-category (iii)
E12: B4(j) | F12: Foreign Nationals
K13: =+IFERROR(IF(COUNT(H13:J13),ROUND(SUM(H13:J13),0),""),"") | L13: =+IFERROR(IF(COUNT(K13),ROUND(K13/'Shareholding Pattern'!$L$78*100,2),""),"") | M13: =IF(H13="","",H13) | O13: =+IFERROR(IF(COUNT(M13:N13),ROUND(SUM(M13,N13),2),""),"") | P13: =+IFERROR(IF(COUNT(O13),ROUND(O13/('Shareholding Pattern'!$P$79)*100,2),""),"") | S13: =+IFERROR(IF(COUNT(Q13:R13),ROUND(SUM(Q13:R13),0),""),"") | T13: =+IFERROR(IF(COUNT(K13,S13),ROUND(SUM(S13,K13)/SUM('Shareholding Pattern'!$L$78,'Shareholding Pattern'!$T$78)*100,2),""),"") | V13: =+IFERROR(IF(COUNT(U13),ROUND(SUM(U13)/SUM(K13)*100,2),""),0) | AC13: =IF(SUM(H13:W13)>0,1,0) -> 0 | AD13: =SUM(AC15:AC65535) -> 0
G14: Disclosure of shareholder holding more than 1% of total number of shares
F16: Click here to go back | G16: Total | H16: =+IFERROR(IF(COUNT(H14:H15),ROUND(SUM(H14:H15),0),""),"") | I16: =+IFERROR(IF(COUNT(I14:I15),ROUND(SUM(I14:I15),0),""),"") | J16: =+IFERROR(IF(COUNT(J14:J15),ROUND(SUM(J14:J15),0),""),"") | K16: =+IFERROR(IF(COUNT(K14:K15),ROUND(SUM(K14:K15),0),""),"") | L16: =+IFERROR(IF(COUNT(K16),ROUND(K16/'Shareholding Pattern'!$L$78*100,2),""),"") | M16: =+IFERROR(IF(COUNT(M14:M15),ROUND(SUM(M14:M15),0),""),"") | N16: =+IFERROR(IF(COUNT(N14:N15),ROUND(SUM(N14:N15),0),""),"") | O16: =+IFERROR(IF(COUNT(O14:O15),ROUND(SUM(O14:O15),0),""),"") | P16: =+IFERROR(IF(COUNT(O16),ROUND(O16/('Shareholding Pattern'!$P$79)*100,2),""),"") | Q16: =+IFERROR(IF(COUNT(Q14:Q15),ROUND(SUM(Q14:Q15),0),""),"") | R16: =+IFERROR(IF(COUNT(R14:R15),ROUND(SUM(R14:R15),0),""),"") | S16: =+IFERROR(IF(COUNT(S14:S15),ROUND(SUM(S14:S15),0),""),"") | T16: =+IFERROR(IF(COUNT(K16,S16),ROUND(SUM(S16,K16)/SUM('Shareholding Pattern'!$L$78,'Shareholding Pattern'!$T$78)*100,2),""),"") | U16: =+IFERROR(IF(COUNT(U14:U15),ROUND(SUM(U14:U15),0),""),"") | V16: =+IFERROR(IF(COUNT(U16),ROUND(SUM(U16)/SUM(K16)*100,2),""),0) | W16: =+IFERROR(IF(COUNT(W14:W15),ROUND(SUM(W14:W15),0),""),"") | Y16: =+IFERROR(IF(COUNT(Y14:Y15),ROUND(SUM(Y14:Y15),0),""),"") | Z16: =+IFERROR(IF(COUNT(Z14:Z15),ROUND(SUM(Z14:Z15),0),""),"") | AA16: =+IFERROR(IF(COUNT(AA14:AA15),ROUND(SUM(AA14:AA15),0),""),"")

Sheet Non Resident Indians (NRIs)
I1: 0
F2: Name of shareholder | G2: Permanent account number of shareholder | H2: Number of fully paid up equity shares | I2: Number of partly paid-up equity shares | J2: Number of shares underlying outstanding depository receipts | K2: Total number of shares | L2: Shareholding as a percentage of total number of shares held by promoters and public shareholders and custodians or DR holders | M2: Number of voting rights held by same class of securities | N2: Number of voting rights held by differential voting rights | O2: Total Number of voting rights | P2: Percentage of total number of voting rights | Q2: Number of shares underlying outstanding convertible securities | R2: Number of warrant | S2: Number of warrant and convertible securities | T2: Total shareholding as a percentage assuming full conversion of convertible securities | U2: Number of the locked-in-shares | V2: Locked-in-shares as a percentage of total number of shares | W2: Number of equity shares held in dematerialized form | X2: Reason for not providing PAN | Y2: Number of share under sub category one | Z2: Number of share under sub category two | AA2: Number of share under sub category three
E9: Searial No. | F9: Name of the Shareholders (I) | G9: PAN (II) | H9: No. of fully paid up equity shares held (IV) | I9: No. Of Partly paid-up equity shares held (V) | J9: No. Of shares underlying Depository Receipts (VI) | K9: Total nos. shares held (VII) = (IV)+(V)+ (VI) | L9: Shareholding as a % of total no. of shares (calculated as per SCRR, 1957) (VIII) As a % of (A+B+C2) | M9: Number of Voting Rights held in each class of securities (IX) | Q9: No. Of Shares Underlying Outstanding convertible securities (X) | R9: No. of Shares Underlying Outstanding Warrants (Xi) | S9: No. Of Shares Underlying Outstanding convertible securities and No. Of Warrants (Xi) (a) | T9: Shareholding , as a % assuming full conversion of convertible securities (as a percentage of diluted share capital) (XI)= (VII)+(X) As a % of (A+B+C2) | U9: Number of Locked in shares (XII) | W9: Number of equity shares held in dematerialized form (XIV) | X9: Reason for not providing PAN | Y9: Sub-categorization of shares
M10: No of Voting (XIV) Rights | P10: Total as a % of Total Voting rights | Y10: Shareholding (No. of shares) under
M11: Class eg: X | N11: Class eg:y | O11: Total | U11: No. (a) | V11: As a % of total Shares held (b) | Y11: Sub-category (i) | Z11: Sub-category (ii) | AA11: Sub-category (iii)
E12: B4(i) | F12: Non Resident Indians (NRIs)
K13: =+IFERROR(IF(COUNT(H13:J13),ROUND(SUM(H13:J13),0),""),"") | L13: =+IFERROR(IF(COUNT(K13),ROUND(K13/'Shareholding Pattern'!$L$78*100,2),""),"") | M13: =IF(H13="","",H13) | O13: =+IFERROR(IF(COUNT(M13:N13),ROUND(SUM(M13,N13),2),""),"") | P13: =+IFERROR(IF(COUNT(O13),ROUND(O13/('Shareholding Pattern'!$P$79)*100,2),""),"") | S13: =+IFERROR(IF(COUNT(Q13:R13),ROUND(SUM(Q13:R13),0),""),"") | T13: =+IFERROR(IF(COUNT(K13,S13),ROUND(SUM(S13,K13)/SUM('Shareholding Pattern'!$L$78,'Shareholding Pattern'!$T$78)*100,2),""),"") | V13: =+IFERROR(IF(COUNT(U13),ROUND(SUM(U13)/SUM(K13)*100,2),""),0) | AC13: =SUM(#REF!) -> #REF!
G14: Disclosure of shareholder holding more than 1% of total number of shares
F16: Click here to go back | G16: Total | H16: =+IFERROR(IF(COUNT(H14:H15),ROUND(SUM(H14:H15),0),""),"") | I16: =+IFERROR(IF(COUNT(I14:I15),ROUND(SUM(I14:I15),0),""),"") | J16: =+IFERROR(IF(COUNT(J14:J15),ROUND(SUM(J14:J15),0),""),"") | K16: =+IFERROR(IF(COUNT(K14:K15),ROUND(SUM(K14:K15),0),""),"") | L16: =+IFERROR(IF(COUNT(K16),ROUND(K16/'Shareholding Pattern'!$L$78*100,2),""),"") | M16: =+IFERROR(IF(COUNT(M14:M15),ROUND(SUM(M14:M15),0),""),"") | N16: =+IFERROR(IF(COUNT(N14:N15),ROUND(SUM(N14:N15),0),""),"") | O16: =+IFERROR(IF(COUNT(O14:O15),ROUND(SUM(O14:O15),0),""),"") | P16: =+IFERROR(IF(COUNT(O16),ROUND(O16/('Shareholding Pattern'!$P$79)*100,2),""),"") | Q16: =+IFERROR(IF(COUNT(Q14:Q15),ROUND(SUM(Q14:Q15),0),""),"") | R16: =+IFERROR(IF(COUNT(R14:R15),ROUND(SUM(R14:R15),0),""),"") | S16: =+IFERROR(IF(COUNT(S14:S15),ROUND(SUM(S14:S15),0),""),"") | T16: =+IFERROR(IF(COUNT(K16,S16),ROUND(SUM(S16,K16)/SUM('Shareholding Pattern'!$L$78,'Shareholding Pattern'!$T$78)*100,2),""),"") | U16: =+IFERROR(IF(COUNT(U14:U15),ROUND(SUM(U14:U15),0),""),"") | V16: =+IFERROR(IF(COUNT(U16),ROUND(SUM(U16)/SUM(K16)*100,2),""),0) | W16: =+IFERROR(IF(COUNT(W14:W15),ROUND(SUM(W14:W15),0),""),"") | Y16: =+IFERROR(IF(COUNT(Y14:Y15),ROUND(SUM(Y14:Y15),0),""),"") | Z16: =+IFERROR(IF(COUNT(Z14:Z15),ROUND(SUM(Z14:Z15),0),""),"") | AA16: =+IFERROR(IF(COUNT(AA14:AA15),ROUND(SUM(AA14:AA15),0),""),"")

Sheet Investor Education
I1: 0
F2: Name of shareholder | G2: Permanent account number of shareholder | H2: Number of fully paid up equity shares | I2: Number of partly paid-up equity shares | J2: Number of shares underlying outstanding depository receipts | K2: Total number of shares | L2: Shareholding as a percentage of total number of shares held by promoters and public shareholders and custodians or DR holders | M2: Number of voting rights held by same class of securities | N2: Number of voting rights held by differential voting rights | O2: Total Number of voting rights | P2: Percentage of total number of voting rights | Q2: Number of shares underlying outstanding convertible securities | R2: Number of warrant | S2: Number of warrant and convertible securities | T2: Total shareholding as a percentage assuming full conversion of convertible securities | U2: Number of the locked-in-shares | V2: Locked-in-shares as a percentage of total number of shares | W2: Number of equity shares held in dematerialized form | X2: Reason for not providing PAN | Y2: Number of share under sub category one | Z2: Number of share under sub category two | AA2: Number of share under sub category three
E9: Searial No. | F9: Name of the Shareholders (I) | G9: PAN (II) | H9: No. of fully paid up equity shares held (IV) | I9: No. Of Partly paid-up equity shares held (V) | J9: No. Of shares underlying Depository Receipts (VI) | K9: Total nos. shares held (VII) = (IV)+(V)+ (VI) | L9: Shareholding as a % of total no. of shares (calculated as per SCRR, 1957) (VIII) As a % of (A+B+C2) | M9: Number of Voting Rights held in each class of securities (IX) | Q9: No. Of Shares Underlying Outstanding convertible securities (X) | R9: No. of Shares Underlying Outstanding Warrants (Xi) | S9: No. Of Shares Underlying Outstanding convertible securities and No. Of Warrants (Xi) (a) | T9: Shareholding , as a % assuming full conversion of convertible securities (as a percentage of diluted share capital) (XI)= (VII)+(X) As a % of (A+B+C2) | U9: Number of Locked in shares (XII) | W9: Number of equity shares held in dematerialized form (XIV) | X9: Reason for not providing PAN | Y9: Sub-categorization of shares
M10: No of Voting (XIV) Rights | P10: Total as a % of Total Voting rights | Y10: Shareholding (No. of shares) under
M11: Class eg: X | N11: Class eg:y | O11: Total | U11: No. (a) | V11: As a % of total Shares held (b) | Y11: Sub-category (i) | Z11: Sub-category (ii) | AA11: Sub-category (iii)
E12: B4(f) | F12: Investor Education and Protection Fund (IEPF)
K13: =+IFERROR(IF(COUNT(H13:J13),ROUND(SUM(H13:J13),0),""),"") | L13: =+IFERROR(IF(COUNT(K13),ROUND(K13/'Shareholding Pattern'!$L$78*100,2),""),"") | M13: =IF(H13="","",H13) | O13: =+IFERROR(IF(COUNT(M13:N13),ROUND(SUM(M13,N13),2),""),"") | P13: =+IFERROR(IF(COUNT(O13),ROUND(O13/('Shareholding Pattern'!$P$79)*100,2),""),"") | S13: =+IFERROR(IF(COUNT(Q13:R13),ROUND(SUM(Q13:R13),0),""),"") | T13: =+IFERROR(IF(COUNT(K13,S13),ROUND(SUM(S13,K13)/SUM('Shareholding Pattern'!$L$78,'Shareholding Pattern'!$T$78)*100,2),""),"") | V13: =+IFERROR(IF(COUNT(U13),ROUND(SUM(U13)/SUM(K13)*100,2),""),0) | AC13: =SUM(#REF!) -> #REF!
G14: Disclosure of shareholder holding more than 1% of total number of shares
F16: Click here to go back | G16: Total | H16: =+IFERROR(IF(COUNT(H14:H15),ROUND(SUM(H14:H15),0),""),"") | I16: =+IFERROR(IF(COUNT(I14:I15),ROUND(SUM(I14:I15),0),""),"") | J16: =+IFERROR(IF(COUNT(J14:J15),ROUND(SUM(J14:J15),0),""),"") | K16: =+IFERROR(IF(COUNT(K14:K15),ROUND(SUM(K14:K15),0),""),"") | L16: =+IFERROR(IF(COUNT(K16),ROUND(K16/'Shareholding Pattern'!$L$78*100,2),""),"") | M16: =+IFERROR(IF(COUNT(M14:M15),ROUND(SUM(M14:M15),0),""),"") | N16: =+IFERROR(IF(COUNT(N14:N15),ROUND(SUM(N14:N15),0),""),"") | O16: =+IFERROR(IF(COUNT(O14:O15),ROUND(SUM(O14:O15),0),""),"") | P16: =+IFERROR(IF(COUNT(O16),ROUND(O16/('Shareholding Pattern'!$P$79)*100,2),""),"") | Q16: =+IFERROR(IF(COUNT(Q14:Q15),ROUND(SUM(Q14:Q15),0),""),"") | R16: =+IFERROR(IF(COUNT(R14:R15),ROUND(SUM(R14:R15),0),""),"") | S16: =+IFERROR(IF(COUNT(S14:S15),ROUND(SUM(S14:S15),0),""),"") | T16: =+IFERROR(IF(COUNT(K16,S16),ROUND(SUM(S16,K16)/SUM('Shareholding Pattern'!$L$78,'Shareholding Pattern'!$T$78)*100,2),""),"") | U16: =+IFERROR(IF(COUNT(U14:U15),ROUND(SUM(U14:U15),0),""),"") | V16: =+IFERROR(IF(COUNT(U16),ROUND(SUM(U16)/SUM(K16)*100,2),""),0) | W16: =+IFERROR(IF(COUNT(W14:W15),ROUND(SUM(W14:W15),0),""),"") | Y16: =+IFERROR(IF(COUNT(Y14:Y15),ROUND(SUM(Y14:Y15),0),""),"") | Z16: =+IFERROR(IF(COUNT(Z14:Z15),ROUND(SUM(Z14:Z15),0),""),"") | AA16: =+IFERROR(IF(COUNT(AA14:AA15),ROUND(SUM(AA14:AA15),0),""),"")

Sheet Trusts where any person
I1: 0
F2: Name of shareholder | G2: Permanent account number of shareholder | H2: Number of fully paid up equity shares | I2: Number of partly paid-up equity shares | J2: Number of shares underlying outstanding depository receipts | K2: Total number of shares | L2: Shareholding as a percentage of total number of shares held by promoters and public shareholders and custodians or DR holders | M2: Number of voting rights held by same class of securities | N2: Number of voting rights held by differential voting rights | O2: Total Number of voting rights | P2: Percentage of total number of voting rights | Q2: Number of shares underlying outstanding convertible securities | R2: Number of warrant | S2: Number of warrant and convertible securities | T2: Total shareholding as a percentage assuming full conversion of convertible securities | U2: Number of the locked-in-shares | V2: Locked-in-shares as a percentage of total number of shares | W2: Number of equity shares held in dematerialized form | X2: Reason for not providing PAN | Y2: Number of share under sub category one | Z2: Number of share under sub category two | AA2: Number of share under sub category three
E9: Searial No. | F9: Name of the Shareholders (I) | G9: PAN (II) | H9: No. of fully paid up equity shares held (IV) | I9: No. Of Partly paid-up equity shares held (V) | J9: No. Of shares underlying Depository Receipts (VI) | K9: Total nos. shares held (VII) = (IV)+(V)+ (VI) | L9: Shareholding as a % of total no. of shares (calculated as per SCRR, 1957) (VIII) As a % of (A+B+C2) | M9: Number of Voting Rights held in each class of securities (IX) | Q9: No. Of Shares Underlying Outstanding convertible securities (X) | R9: No. of Shares Underlying Outstanding Warrants (Xi) | S9: No. Of Shares Underlying Outstanding convertible securities and No. Of Warrants (Xi) (a) | T9: Shareholding , as a % assuming full conversion of convertible securities (as a percentage of diluted share capital) (XI)= (VII)+(X) As a % of (A+B+C2) | U9: Number of Locked in shares (XII) | W9: Number of equity shares held in dematerialized form (XIV) | X9: Reason for not providing PAN | Y9: Sub-categorization of shares
M10: No of Voting (XIV) Rights | P10: Total as a % of Total Voting rights | Y10: Shareholding (No. of shares) under
M11: Class eg: X | N11: Class eg:y | O11: Total | U11: No. (a) | V11: As a % of total Shares held (b) | Y11: Sub-category (i) | Z11: Sub-category (ii) | AA11: Sub-category (iii)
E12: B4(e) | F12: Trusts where any person belonging to 'Promoter and Promoter Group' category is 'trustee', 'beneficiary', or 'author of the trust'
K13: =+IFERROR(IF(COUNT(H13:J13),ROUND(SUM(H13:J13),0),""),"") | L13: =+IFERROR(IF(COUNT(K13),ROUND(K13/'Shareholding Pattern'!$L$78*100,2),""),"") | M13: =IF(H13="","",H13) | O13: =+IFERROR(IF(COUNT(M13:N13),ROUND(SUM(M13,N13),2),""),"") | P13: =+IFERROR(IF(COUNT(O13),ROUND(O13/('Shareholding Pattern'!$P$79)*100,2),""),"") | S13: =+IFERROR(IF(COUNT(Q13:R13),ROUND(SUM(Q13:R13),0),""),"") | T13: =+IFERROR(IF(COUNT(K13,S13),ROUND(SUM(S13,K13)/SUM('Shareholding Pattern'!$L$78,'Shareholding Pattern'!$T$78)*100,2),""),"") | V13: =+IFERROR(IF(COUNT(U13),ROUND(SUM(U13)/SUM(K13)*100,2),""),0) | AC13: =IF(SUM(H13:W13)>0,1,0) -> 0 | AD13: =SUM(AC15:AC65535) -> 0
G14: Disclosure of shareholder holding more than 1% of total number of shares
F16: Click here to go back | G16: Total | H16: =+IFERROR(IF(COUNT(H14:H15),ROUND(SUM(H14:H15),0),""),"") | I16: =+IFERROR(IF(COUNT(I14:I15),ROUND(SUM(I14:I15),0),""),"") | J16: =+IFERROR(IF(COUNT(J14:J15),ROUND(SUM(J14:J15),0),""),"") | K16: =+IFERROR(IF(COUNT(K14:K15),ROUND(SUM(K14:K15),0),""),"") | L16: =+IFERROR(IF(COUNT(K16),ROUND(K16/'Shareholding Pattern'!$L$78*100,2),""),"") | M16: =+IFERROR(IF(COUNT(M14:M15),ROUND(SUM(M14:M15),0),""),"") | N16: =+IFERROR(IF(COUNT(N14:N15),ROUND(SUM(N14:N15),0),""),"") | O16: =+IFERROR(IF(COUNT(O14:O15),ROUND(SUM(O14:O15),0),""),"") | P16: =+IFERROR(IF(COUNT(O16),ROUND(O16/('Shareholding Pattern'!$P$79)*100,2),""),"") | Q16: =+IFERROR(IF(COUNT(Q14:Q15),ROUND(SUM(Q14:Q15),0),""),"") | R16: =+IFERROR(IF(COUNT(R14:R15),ROUND(SUM(R14:R15),0),""),"") | S16: =+IFERROR(IF(COUNT(S14:S15),ROUND(SUM(S14:S15),0),""),"") | T16: =+IFERROR(IF(COUNT(K16,S16),ROUND(SUM(S16,K16)/SUM('Shareholding Pattern'!$L$78,'Shareholding Pattern'!$T$78)*100,2),""),"") | U16: =+IFERROR(IF(COUNT(U14:U15),ROUND(SUM(U14:U15),0),""),"") | V16: =+IFERROR(IF(COUNT(U16),ROUND(SUM(U16)/SUM(K16)*100,2),""),0) | W16: =+IFERROR(IF(COUNT(W14:W15),ROUND(SUM(W14:W15),0),""),"") | Y16: =+IFERROR(IF(COUNT(Y14:Y15),ROUND(SUM(Y14:Y15),0),""),"") | Z16: =+IFERROR(IF(COUNT(Z14:Z15),ROUND(SUM(Z14:Z15),0),""),"") | AA16: =+IFERROR(IF(COUNT(AA14:AA15),ROUND(SUM(AA14:AA15),0),""),"")

Sheet Relatives of promoters
I1: 0
F2: Name of shareholder | G2: Permanent account number of shareholder | H2: Number of fully paid up equity shares | I2: Number of partly paid-up equity shares | J2: Number of shares underlying outstanding depository receipts | K2: Total number of shares | L2: Shareholding as a percentage of total number of shares held by promoters and public shareholders and custodians or DR holders | M2: Number of voting rights held by same class of securities | N2: Number of voting rights held by differential voting rights | O2: Total Number of voting rights | P2: Percentage of total number of voting rights | Q2: Number of shares underlying outstanding convertible securities | R2: Number of warrant | S2: Number of warrant and convertible securities | T2: Total shareholding as a percentage assuming full conversion of convertible securities | U2: Number of the locked-in-shares | V2: Locked-in-shares as a percentage of total number of shares | W2: Number of equity shares held in dematerialized form | X2: Reason for not providing PAN | Y2: Number of share under sub category one | Z2: Number of share under sub category two | AA2: Number of share under sub category three
E9: Searial No. | F9: Name of the Shareholders (I) | G9: PAN (II) | H9: No. of fully paid up equity shares held (IV) | I9: No. Of Partly paid-up equity shares held (V) | J9: No. Of shares underlying Depository Receipts (VI) | K9: Total nos. shares held (VII) = (IV)+(V)+ (VI) | L9: Shareholding as a % of total no. of shares (calculated as per SCRR, 1957) (VIII) As a % of (A+B+C2) | M9: Number of Voting Rights held in each class of securities (IX) | Q9: No. Of Shares Underlying Outstanding convertible securities (X) | R9: No. of Shares Underlying Outstanding Warrants (Xi) | S9: No. Of Shares Underlying Outstanding convertible securities and No. Of Warrants (Xi) (a) | T9: Shareholding , as a % assuming full conversion of convertible securities (as a percentage of diluted share capital) (XI)= (VII)+(X) As a % of (A+B+C2) | U9: Number of Locked in shares (XII) | W9: Number of equity shares held in dematerialized form (XIV) | X9: Reason for not providing PAN | Y9: Sub-categorization of shares
M10: No of Voting (XIV) Rights | P10: Total as a % of Total Voting rights | Y10: Shareholding (No. of shares) under
M11: Class eg: X | N11: Class eg:y | O11: Total | U11: No. (a) | V11: As a % of total Shares held (b) | Y11: Sub-category (i) | Z11: Sub-category (ii) | AA11: Sub-category (iii)
E12: B4(d) | F12: Relatives of promoters (other than ‘immediate relatives’ of promoters disclosed under ‘Promoter and Promoter Group’ category)
K13: =+IFERROR(IF(COUNT(H13:J13),ROUND(SUM(H13:J13),0),""),"") | L13: =+IFERROR(IF(COUNT(K13),ROUND(K13/'Shareholding Pattern'!$L$78*100,2),""),"") | M13: =IF(H13="","",H13) | O13: =+IFERROR(IF(COUNT(M13:N13),ROUND(SUM(M13,N13),2),""),"") | P13: =+IFERROR(IF(COUNT(O13),ROUND(O13/('Shareholding Pattern'!$P$79)*100,2),""),"") | S13: =+IFERROR(IF(COUNT(Q13:R13),ROUND(SUM(Q13:R13),0),""),"") | T13: =+IFERROR(IF(COUNT(K13,S13),ROUND(SUM(S13,K13)/SUM('Shareholding Pattern'!$L$78,'Shareholding Pattern'!$T$78)*100,2),""),"") | V13: =+IFERROR(IF(COUNT(U13),ROUND(SUM(U13)/SUM(K13)*100,2),""),0) | AC13: =IF(SUM(H13:W13)>0,1,0) -> 0 | AD13: =SUM(AC15:AC65535) -> 0
G14: Disclosure of shareholder holding more than 1% of total number of shares
F16: Click here to go back | G16: Total | H16: =+IFERROR(IF(COUNT(H14:H15),ROUND(SUM(H14:H15),0),""),"") | I16: =+IFERROR(IF(COUNT(I14:I15),ROUND(SUM(I14:I15),0),""),"") | J16: =+IFERROR(IF(COUNT(J14:J15),ROUND(SUM(J14:J15),0),""),"") | K16: =+IFERROR(IF(COUNT(K14:K15),ROUND(SUM(K14:K15),0),""),"") | L16: =+IFERROR(IF(COUNT(K16),ROUND(K16/'Shareholding Pattern'!$L$78*100,2),""),"") | M16: =+IFERROR(IF(COUNT(M14:M15),ROUND(SUM(M14:M15),0),""),"") | N16: =+IFERROR(IF(COUNT(N14:N15),ROUND(SUM(N14:N15),0),""),"") | O16: =+IFERROR(IF(COUNT(O14:O15),ROUND(SUM(O14:O15),0),""),"") | P16: =+IFERROR(IF(COUNT(O16),ROUND(O16/('Shareholding Pattern'!$P$79)*100,2),""),"") | Q16: =+IFERROR(IF(COUNT(Q14:Q15),ROUND(SUM(Q14:Q15),0),""),"") | R16: =+IFERROR(IF(COUNT(R14:R15),ROUND(SUM(R14:R15),0),""),"") | S16: =+IFERROR(IF(COUNT(S14:S15),ROUND(SUM(S14:S15),0),""),"") | T16: =+IFERROR(IF(COUNT(K16,S16),ROUND(SUM(S16,K16)/SUM('Shareholding Pattern'!$L$78,'Shareholding Pattern'!$T$78)*100,2),""),"") | U16: =+IFERROR(IF(COUNT(U14:U15),ROUND(SUM(U14:U15),0),""),"") | V16: =+IFERROR(IF(COUNT(U16),ROUND(SUM(U16)/SUM(K16)*100,2),""),0) | W16: =+IFERROR(IF(COUNT(W14:W15),ROUND(SUM(W14:W15),0),""),"") | Y16: =+IFERROR(IF(COUNT(Y14:Y15),ROUND(SUM(Y14:Y15),0),""),"") | Z16: =+IFERROR(IF(COUNT(Z14:Z15),ROUND(SUM(Z14:Z15),0),""),"") | AA16: =+IFERROR(IF(COUNT(AA14:AA15),ROUND(SUM(AA14:AA15),0),""),"")

Sheet Key Managerial Personnel
I1: 0
F2: Name of shareholder | G2: Permanent account number of shareholder | H2: Number of fully paid up equity shares | I2: Number of partly paid-up equity shares | J2: Number of shares underlying outstanding depository receipts | K2: Total number of shares | L2: Shareholding as a percentage of total number of shares held by promoters and public shareholders and custodians or DR holders | M2: Number of voting rights held by same class of securities | N2: Number of voting rights held by differential voting rights | O2: Total Number of voting rights | P2: Percentage of total number of voting rights | Q2: Number of shares underlying outstanding convertible securities | R2: Number of warrant | S2: Number of warrant and convertible securities | T2: Total shareholding as a percentage assuming full conversion of convertible securities | U2: Number of the locked-in-shares | V2: Locked-in-shares as a percentage of total number of shares | W2: Number of equity shares held in dematerialized form | X2: Reason for not providing PAN | Y2: Number of share under sub category one | Z2: Number of share under sub category two | AA2: Number of share under sub category three
E9: Searial No. | F9: Name of the Shareholders (I) | G9: PAN (II) | H9: No. of fully paid up equity shares held (IV) | I9: No. Of Partly paid-up equity shares held (V) | J9: No. Of shares underlying Depository Receipts (VI) | K9: Total nos. shares held (VII) = (IV)+(V)+ (VI) | L9: Shareholding as a % of total no. of shares (calculated as per SCRR, 1957) (VIII) As a % of (A+B+C2) | M9: Number of Voting Rights held in each class of securities (IX) | Q9: No. Of Shares Underlying Outstanding convertible securities (X) | R9: No. of Shares Underlying Outstanding Warrants (Xi) | S9: No. Of Shares Underlying Outstanding convertible securities and No. Of Warrants (Xi) (a) | T9: Shareholding , as a % assuming full conversion of convertible securities (as a percentage of diluted share capital) (XI)= (VII)+(X) As a % of (A+B+C2) | U9: Number of Locked in shares (XII) | W9: Number of equity shares held in dematerialized form (XIV) | X9: Reason for not providing PAN | Y9: Sub-categorization of shares
M10: No of Voting (XIV) Rights | P10: Total as a % of Total Voting rights | Y10: Shareholding (No. of shares) under
M11: Class eg: X | N11: Class eg:y | O11: Total | U11: No. (a) | V11: As a % of total Shares held (b) | Y11: Sub-category (i) | Z11: Sub-category (ii) | AA11: Sub-category (iii)
E12: B4(c) | F12: Key Managerial Personnel
K13: =+IFERROR(IF(COUNT(H13:J13),ROUND(SUM(H13:J13),0),""),"") | L13: =+IFERROR(IF(COUNT(K13),ROUND(K13/'Shareholding Pattern'!$L$78*100,2),""),"") | M13: =IF(H13="","",H13) | O13: =+IFERROR(IF(COUNT(M13:N13),ROUND(SUM(M13,N13),2),""),"") | P13: =+IFERROR(IF(COUNT(O13),ROUND(O13/('Shareholding Pattern'!$P$79)*100,2),""),"") | S13: =+IFERROR(IF(COUNT(Q13:R13),ROUND(SUM(Q13:R13),0),""),"") | T13: =+IFERROR(IF(COUNT(K13,S13),ROUND(SUM(S13,K13)/SUM('Shareholding Pattern'!$L$78,'Shareholding Pattern'!$T$78)*100,2),""),"") | V13: =+IFERROR(IF(COUNT(U13),ROUND(SUM(U13)/SUM(K13)*100,2),""),0) | AC13: =SUM(#REF!) -> #REF!
G14: Disclosure of shareholder holding more than 1% of total number of shares
F16: Click here to go back | G16: Total | H16: =+IFERROR(IF(COUNT(H14:H15),ROUND(SUM(H14:H15),0),""),"") | I16: =+IFERROR(IF(COUNT(I14:I15),ROUND(SUM(I14:I15),0),""),"") | J16: =+IFERROR(IF(COUNT(J14:J15),ROUND(SUM(J14:J15),0),""),"") | K16: =+IFERROR(IF(COUNT(K14:K15),ROUND(SUM(K14:K15),0),""),"") | L16: =+IFERROR(IF(COUNT(K16),ROUND(K16/'Shareholding Pattern'!$L$78*100,2),""),"") | M16: =+IFERROR(IF(COUNT(M14:M15),ROUND(SUM(M14:M15),0),""),"") | N16: =+IFERROR(IF(COUNT(N14:N15),ROUND(SUM(N14:N15),0),""),"") | O16: =+IFERROR(IF(COUNT(O14:O15),ROUND(SUM(O14:O15),0),""),"") | P16: =+IFERROR(IF(COUNT(O16),ROUND(O16/('Shareholding Pattern'!$P$79)*100,2),""),"") | Q16: =+IFERROR(IF(COUNT(Q14:Q15),ROUND(SUM(Q14:Q15),0),""),"") | R16: =+IFERROR(IF(COUNT(R14:R15),ROUND(SUM(R14:R15),0),""),"") | S16: =+IFERROR(IF(COUNT(S14:S15),ROUND(SUM(S14:S15),0),""),"") | T16: =+IFERROR(IF(COUNT(K16,S16),ROUND(SUM(S16,K16)/SUM('Shareholding Pattern'!$L$78,'Shareholding Pattern'!$T$78)*100,2),""),"") | U16: =+IFERROR(IF(COUNT(U14:U15),ROUND(SUM(U14:U15),0),""),"") | V16: =+IFERROR(IF(COUNT(U16),ROUND(SUM(U16)/SUM(K16)*100,2),""),0) | W16: =+IFERROR(IF(COUNT(W14:W15),ROUND(SUM(W14:W15),0),""),"") | Y16: =+IFERROR(IF(COUNT(Y14:Y15),ROUND(SUM(Y14:Y15),0),""),"") | Z16: =+IFERROR(IF(COUNT(Z14:Z15),ROUND(SUM(Z14:Z15),0),""),"") | AA16: =+IFERROR(IF(COUNT(AA14:AA15),ROUND(SUM(AA14:AA15),0),""),"")

Sheet Directors and their relatives
I1: 0
